Workbook
Name B.A_AGESUL: IF(CAPA!$C$20<>"",RIGHT(LEFT(RIGHT(CAPA!$C$20,LEN(CAPA!$C$20)-1),LEN(CAPA!$C$20)-2),4),"")
Name B.A_SICRO: IF(CAPA!$C$21<>"",RIGHT(LEFT(RIGHT(CAPA!$C$21,LEN(CAPA!$C$21)-1),LEN(CAPA!$C$21)-2),4),"")
Name B.A_SINAPI: IF(CAPA!$C$19<>"",RIGHT(LEFT(RIGHT(CAPA!$C$19,LEN(CAPA!$C$19)-1),LEN(CAPA!$C$19)-2),4),"")
Name B.AGESUL: IF(CAPA!$C$20<>"","AGESUL","")
Name B.M_AGESUL: IF(CAPA!$C$20<>"",LEFT(LEFT(RIGHT(CAPA!$C$20,LEN(CAPA!$C$20)-1),LEN(CAPA!$C$20)-2),LEN(CAPA!$C$20)-7),"")
Name B.M_SICRO: IF(CAPA!$C$21<>"",LEFT(LEFT(RIGHT(CAPA!$C$21,LEN(CAPA!$C$21)-1),LEN(CAPA!$C$21)-2),LEN(CAPA!$C$21)-7),"")
Name B.M_SINAPI: IF(CAPA!$C$19<>"",LEFT(LEFT(RIGHT(CAPA!$C$19,LEN(CAPA!$C$19)-1),LEN(CAPA!$C$19)-2),LEN(CAPA!$C$19)-7),"")
Name B.SICRO: IF(CAPA!$C$21<>"","SICRO","")
Name B.SINAPI: IF(CAPA!$C$19<>"","SINAPI","")
Name B_API: "AIzaSyC6VcyO1g3sDbbUj-Cgrp2CBaMc1_kxiq8"
Name B_LAT: ConverterParaDecimal(CAPA!$C$10)
Name B_LAT: ConverterParaDecimal(CAPA!$C$10)
Name B_LAT: ConverterParaDecimal(CAPA!$C$10)
Name B_LAT: ConverterParaDecimal(CAPA!$C$10)
Name B_LON: ConverterParaDecimal(CAPA!$C$11)
Name B_LON: ConverterParaDecimal(CAPA!$C$11)
Name B_LON: ConverterParaDecimal(CAPA!$C$11)
Name B_LON: ConverterParaDecimal(CAPA!$C$11)
Name Caminho3: #REF!
Name IMAGENS: OFFSET(DADOS!$J$2,DADOS!$A$7,0,1,1)
Name LOGO_PREFEITURA: INDEX(DADOS!$J$2:$J$26,MATCH(#REF!,DADOS!$I$2:$I$26,1))
Name N.BDIM: #REF!
Name N.BDIS: #REF!
Name N.CREA: CAPA!$C$25
Name N.DESCRICAO: CAPA!$C$15
Name N.ENCARGOS: CAPA!$C$18
Name N.Engenheiro: CAPA!$C$24
Name N.GOV: "GOVERNO DO ESTADO DE MATO GROSSO DO SUL"
Name N.LOCAL: IF(CAPA!$C$8="","",CAPA!$C$8)
Name N.MUNICIPIO: CAPA!$C$9
Name N.PREFEITURA: OFFSET(DADOS!$I$2,DADOS!$A$7,0,1,1)
Name N.SECRETARIA: IF(CAPA!$C$9="NAVIRAÍ","SECRETARIA DE PLANEJAMENTO","SECRETARIA DE OBRAS")

Sheet CAPA
B6: DADOS DA OBRA
B7: PREFEITURA:
B8: LOCAL: | C8: AVENIDA JOÃO RIGONATO
B9: MUNÍCIPIO: | C9: =RIGHT(OFFSET(DADOS!$I$2,DADOS!$A$7,0,1,1),LEN(OFFSET(DADOS!$I$2,DADOS!$A$7,0,1,1))-24) -> NAVIRAÍ
B10: LATITUDE | C10: 23° 2'28.11"S
B11: LONGITUDE | C11: 54°12'46.67"O
B12: DURAÇÃO DA OBRA | C12: 360
B14: DADOS DO EMPREENDIMENTO E OBRA
B15: DESCRIÇÃO DA OBRA: | C15: INFRAESTRUTURA URBANA – PAVIMENTAÇÃO ASFÁLTICA, DRENAGEM, E SINALIZAÇÃO VIÁRIA NO ACESSO AO CEMITERIO MUNICIPAL DE NAVIRAÍ/ MS
B16: BDI-SERVIÇO: | C16: =N.BDIS -> #REF!
B17: BDI-MATERIAL: | C17: =N.BDIM -> #REF!
B18: ENCARGOS | C18: SEM DESONERAÇÃO 106,76%(HORA) 64,39%(MÊS)
B19: SINAPI: | C19: (SETEMBRO/2025)
B20: AGESUL: | C20: (SETEMBRO/2025)
B21: SICRO | D21: {=B.A_SICRO} | E21: {=B.A_SICRO}
B23: DADOS DO ORÇAMENTISTA
B24: ENGENHEIRO CIVIL | C24: FÁBIO MARQUES RIBEIRO
B25: CREA | C25: ENGENHEIRO CIVIL - 15.276 D/MS

Sheet RELEVÂNCIA
D2: =N.GOV -> GOVERNO DO ESTADO DE MATO GROSSO DO SUL
D3: {=N.PREFEITURA} -> PREFEITURA MUNICIPAL DE NAVIRAÍ
D4: {=N.SECRETARIA} -> SECRETARIA DE PLANEJAMENTO
B5: SUGESTÃO DE ITENS DE RELEVÂNCIA
B6: Objeto: | C6: =N.DESCRICAO -> INFRAESTRUTURA URBANA – PAVIMENTAÇÃO ASFÁLTICA, DRENAGEM, E SINALIZAÇÃO VIÁRIA NO ACESSO AO CEMITERIO MUNICIPAL DE NAVIRAÍ/ MS
B7: Município: | C7: =N.MUNICIPIO -> NAVIRAÍ
B8: Local: | C8: {=N.LOCAL} -> AVENIDA JOÃO RIGONATO
B9: BDI S/DES: | C9: =N.BDIS -> #REF! | D9: MATERIAL | E9: =N.BDIM -> #REF!
B10: SIST./REF.: | C10: {=N.BASE} -> AGESUL(SETEMBRO/2025)/SINAPI(SETEMBRO/2025)
B11: ITENS DE RELEVÂNCIA (SUPERIORES A 4%)
B12: ITEM | C12: DESCRIÇÃO | I12: % | J12: UNIDADE | K12: QUANTIDADE
B13: 3.1.1 | C13: =VLOOKUP(B13,#REF!,5,0) -> #REF! | I13: =VLOOKUP(B13,#REF!,12,0) -> #REF! | J13: =VLOOKUP(B13,#REF!,7,0) -> #REF! | K13: =VLOOKUP(B13,#REF!,8,0) -> #REF!
B14: Apesar de não representarem 4% ou mais do orçamento, os itens abaixo foram incluídos como relevantes devido à sua importância técnica. Embora o valor individual não ultrapasse esse percentual, a quantidade expressiva desses itens na planilha e a complexidade de sua execução tornam fundamental a experiência prévia na realização desse volume de serviço, garantindo a qualidade e a segurança da edificação. Sendo necessário a apresentação de atestado de capacidade técnica conforme previsto na Lei 14.133/21 Artigo 6º, inciso XLIV e Artigo 67, §1º.
B15: ITENS DE RELEVÂNCIA (INFERIOR A 4%)
B16: ITEM | C16: DESCRIÇÃO | I16: % | J16: UNIDADE | K16: QUANTIDADE
B17: 6.2.1 | C17: =VLOOKUP(B17,#REF!,5,0) -> #REF! | I17: =VLOOKUP(B17,#REF!,12,0) -> #REF! | J17: =VLOOKUP(B17,#REF!,7,0) -> #REF! | K17: =VLOOKUP(B17,#REF!,8,0) -> #REF!
B18: 6.3.1 | C18: =VLOOKUP(B18,#REF!,5,0) -> #REF! | I18: =VLOOKUP(B18,#REF!,12,0) -> #REF! | J18: =VLOOKUP(B18,#REF!,7,0) -> #REF! | K18: =VLOOKUP(B18,#REF!,8,0) -> #REF!

Sheet MOBIL-DESMOB
D1: =N.GOV -> GOVERNO DO ESTADO DE MATO GROSSO DO SUL
D2: {=N.PREFEITURA} -> PREFEITURA MUNICIPAL DE NAVIRAÍ
D3: {=N.SECRETARIA} -> SECRETARIA DE PLANEJAMENTO
B4: MOBILIZAÇÃO E DESMOBILIZAÇÃO
B5: Objeto: | C5: =N.DESCRICAO -> INFRAESTRUTURA URBANA – PAVIMENTAÇÃO ASFÁLTICA, DRENAGEM, E SINALIZAÇÃO VIÁRIA NO ACESSO AO CEMITERIO MUNICIPAL DE NAVIRAÍ/ MS | O5: RESPONSÁVEL ORÇAMENTO
B6: Município: | C6: =N.MUNICIPIO -> NAVIRAÍ | O6: __________________________________________
B7: Local: | C7: {=N.LOCAL} -> AVENIDA JOÃO RIGONATO | O7: =N.Engenheiro -> FÁBIO MARQUES RIBEIRO
B8: SIST./REF.: | C8: {=N.BASE} -> AGESUL(SETEMBRO/2025)/SINAPI(SETEMBRO/2025) | O8: =N.CREA -> ENGENHEIRO CIVIL - 15.276 D/MS
B10: CPU-CAT 06 | C10: MOBILIZAÇÃO E DESMOBILIZAÇÃO | Q10: UN
B11: CÓDIGO | C11: FONTE | D11: TIPO | E11: DESCRIÇÃO | F11: TRANSP RODOV | H11: DMT | J11: VELOCIDADE PAVIMENTADA | K11: VELOCIDADE NÃO PAVIMENTADA | L11: FATOR RETORNO (K) | M11: TEMPO DE VIAGEM | N11: QUANTIDADE | O11: S/DESONERAÇÃO | W11: MODELO COMPOSIÇÃO OU CAIXA
F12: CÓD | G12: FU | H12: PAVIMENTADA | I12: NÃO PAVIMENTADA | O12: CUSTO HORÁRIO EQUIPAMENTO | P12: CUSTO HORÁRIO MOTORISTA | Q12: VALOR TOTAL | W12: COD. TRANSPORT. RODOV. | X12: SOMATORIA TOTAL | Y12: CUSTO UNITARIO | Z12: REPRESENTATIVIDADE NA SOMATORIA TOTAL
B13: 3363 | C13: SINAPI | D13: COMPOSIÇÃO AUXILIAR | E13: GUINDAUTO HIDRAULICO, CAPACIDADE MAXIMA DE CARGA 6200 KG, MOMENTO MAXIMO DE CARGA 11,7 TM, ALCANCE MAXIMO HORIZONTAL 9,70 M, PARA MONTAGEM SOBRE CHASSI DE CAMINHAO PBT MINIMO 13000 KG (INCLUI MONTAGEM, NAO INCLUI CAMINHAO) | F13: E9665 | G13: 1 | H13: =$F$39 -> 366.4 | I13: 0 | J13: 80 | K13: 30 | L13: 2 | M13: =(H13/J13+I13/K13)*L13 -> 9.16 | N13: 1 | O13: =S13 -> 397.7997 | P13: 0 | Q13: =((H13*L13*'MOBIL-DESMOB'!G13)/J13)*O13 -> 3643.8453 | S13: 397.7997 | T13: #REF! | W13: E9665 | X13: =SUMIFS($Q$13:$Q$36,$F$13:$F$36,W13) -> 61945.369 | Y13: =VLOOKUP(W13,$F$13:$T$36,15,0) -> #REF! | Z13: =X13/Y13 -> #REF!
B14: 4090 | C14: SINAPI | D14: COMPOSIÇÃO AUXILIAR | E14: MOTONIVELADORA POTENCIA BASICA LIQUIDA (PRIMEIRA MARCHA) 125 HP, PESO BRUTO 13843 KG, LARGURA DA LAMINA DE 3,7 M | F14: E9665 | G14: 1 | H14: =$F$39 -> 366.4 | I14: 0 | J14: 80 | K14: 30 | L14: 2 | M14: =(H14/J14+I14/K14)*L14 -> 9.16 | N14: 1 | O14: =S14 -> 397.7997 | P14: 0 | Q14: =((H14*L14*G14)/J14)*O14 -> 3643.8453 | S14: 397.7997 | T14: #REF! | W14: 83362 | X14: =SUMIFS($Q$13:$Q$36,$F$13:$F$36,W14) -> 2371.4324 | Y14: =VLOOKUP(W14,$F$13:$T$36,15,0) -> #REF! | Z14: =X14/Y14 -> #REF!
B15: 4262 | C15: SINAPI | D15: COMPOSIÇÃO AUXILIAR | E15: PA CARREGADEIRA SOBRE RODAS, POTENCIA LIQUIDA 128 HP, CAPACIDADE DA CACAMBA DE 1,7 A 2,8 M3, PESO OPERACIONAL MAXIMO DE 11632 KG | F15: E9665 | G15: 1 | H15: =$F$39 -> 366.4 | I15: 0 | J15: 80 | K15: 30 | L15: 2 | M15: =(H15/J15+I15/K15)*L15 -> 9.16 | N15: 1 | O15: =S15 -> 397.7997 | P15: 0 | Q15: =((H15*L15*G15)/J15)*O15 -> 3643.8453 | S15: 397.7997 | T15: #REF! | W15: E9571 | X15: =SUMIFS($Q$13:$Q$36,$F$13:$F$36,W15) -> 2937.1393 | Y15: =VLOOKUP(W15,$F$13:$T$36,15,0) -> #REF! | Z15: =X15/Y15 -> #REF!
B16: 7622 | C16: SINAPI | D16: COMPOSIÇÃO AUXILIAR | E16: TRATOR DE ESTEIRAS, POTENCIA DE 100 HP, PESO OPERACIONAL DE 9,4 T, COM LAMINA COM CAPACIDADE DE 2,19 M3 | F16: E9665 | G16: 1 | H16: =$F$39 -> 366.4 | I16: 0 | J16: 80 | K16: 30 | L16: 2 | M16: =(H16/J16+I16/K16)*L16 -> 9.16 | N16: 1 | O16: =S16 -> 397.7997 | P16: 0 | Q16: =((H16*L16*G16)/J16)*O16 -> 3643.8453 | S16: 397.7997 | T16: #REF! | W16: E9687 | X16: =SUMIFS($Q$13:$Q$36,$F$13:$F$36,W16) -> 1319.5575 | Y16: =VLOOKUP(W16,$F$13:$T$36,15,0) -> #REF! | Z16: =X16/Y16 -> #REF!
B17: 7640 | C17: SINAPI | D17: COMPOSIÇÃO AUXILIAR | E17: TRATOR DE PNEUS COM POTENCIA DE 85 CV, TRACAO 4 X 4, PESO COM LASTRO DE 4675 KG | F17: E9665 | G17: 0.5 | H17: =$F$39 -> 366.4 | I17: 0 | J17: 80 | K17: 30 | L17: 2 | M17: =(H17/J17+I17/K17)*L17 -> 9.16 | N17: 1 | O17: =S17 -> 397.7997 | P17: 0 | Q17: =((H17*L17*G17)/J17)*O17 -> 1821.9226 | S17: 397.7997 | T17: #REF! | W17: E9667 | X17: =SUMIFS($Q$13:$Q$36,$F$13:$F$36,W17) -> 2788.0585 | Y17: =VLOOKUP(W17,$F$13:$T$36,15,0) -> #REF! | Z17: =X17/Y17 -> #REF!
B18: 10535 | C18: SINAPI | D18: COMPOSIÇÃO AUXILIAR | E18: BETONEIRA CAPACIDADE NOMINAL 400 L, CAPACIDADE DE MISTURA 280 L, MOTOR ELETRICO TRIFASICO 220/380 V POTENCIA 2 CV, SEM CARREGADOR | F18: E9665 | G18: 0.5 | H18: =$F$39 -> 366.4 | I18: 0 | J18: 80 | K18: 30 | L18: 2 | M18: =(H18/J18+I18/K18)*L18 -> 9.16 | N18: 1 | O18: =S18 -> 397.7997 | P18: 0 | Q18: =((H18*L18*G18)/J18)*O18 -> 1821.9226 | S18: 397.7997 | T18: #REF!
B19: 10646 | C19: SINAPI | D19: COMPOSIÇÃO AUXILIAR | E19: ROLO COMPACTADOR VIBRATORIO DE UM CILINDRO, ACO LISO, POTENCIA 80 HP, PESO OPERACIONAL MAXIMO 8,1 T, IMPACTO DINAMICO 16,15/9,5 T, LARGURA TRABALHO 1,68 M | F19: E9665 | G19: 0.5 | H19: =$F$39 -> 366.4 | I19: 0 | J19: 80 | K19: 30 | L19: 2 | M19: =(H19/J19+I19/K19)*L19 -> 9.16 | N19: 1 | O19: =S19 -> 397.7997 | P19: 0 | Q19: =((H19*L19*G19)/J19)*O19 -> 1821.9226 | S19: 397.7997 | T19: #REF!
B20: 10685 | C20: SINAPI | D20: COMPOSIÇÃO AUXILIAR | E20: ESCAVADEIRA HIDRAULICA SOBRE ESTEIRAS, CACAMBA 0,80M3, PESO OPERACIONAL 17T, POTENCIA BRUTA 111HP | F20: E9665 | G20: 1 | H20: =$F$39 -> 366.4 | I20: 0 | J20: 80 | K20: 30 | L20: 2 | M20: =(H20/J20+I20/K20)*L20 -> 9.16 | N20: 1 | O20: =S20 -> 397.7997 | P20: 0 | Q20: =((H20*L20*G20)/J20)*O20 -> 3643.8453 | S20: 397.7997 | T20: #REF!
B21: 13458 | C21: SINAPI | D21: COMPOSIÇÃO AUXILIAR | E21: COMPACTADOR DE SOLOS DE PERCURSAO (SOQUETE) COM MOTOR A GASOLINA 4 TEMPOS DE 4 HP (4 CV) | F21: E9665 | G21: 1 | H21: =$F$39 -> 366.4 | I21: 0 | J21: 80 | K21: 30 | L21: 2 | M21: =(H21/J21+I21/K21)*L21 -> 9.16 | N21: 1 | O21: =S21 -> 397.7997 | P21: 0 | Q21: =((H21*L21*G21)/J21)*O21 -> 3643.8453 | S21: 397.7997 | T21: #REF!
B22: 13726 | C22: SINAPI | D22: COMPOSIÇÃO AUXILIAR | E22: VASSOURA MECANICA REBOCAVEL COM ESCOVA CILINDRICA LARGURA UTIL DE VARRIMENTO = 2,44M | F22: E9665 | G22: 1 | H22: =$F$39 -> 366.4 | I22: 0 | J22: 80 | K22: 30 | L22: 2 | M22: =(H22/J22+I22/K22)*L22 -> 9.16 | N22: 1 | O22: =S22 -> 397.7997 | P22: 0 | Q22: =((H22*L22*G22)/J22)*O22 -> 3643.8453 | S22: 397.7997 | T22: #REF!
B23: 13836 | C23: SINAPI | D23: COMPOSIÇÃO AUXILIAR | E23: MAQUINA EXTRUSORA DE CONCRETO PARA GUIAS E SARJETAS, COM MOTOR A DIESEL E POTENCIA DE 14 CV | F23: E9665 | G23: 1 | H23: =$F$39 -> 366.4 | I23: 0 | J23: 80 | K23: 30 | L23: 2 | M23: =(H23/J23+I23/K23)*L23 -> 9.16 | N23: 1 | O23: =S23 -> 397.7997 | P23: 0 | Q23: =((H23*L23*G23)/J23)*O23 -> 3643.8453 | S23: 397.7997 | T23: #REF!
B24: 14511 | C24: SINAPI | D24: COMPOSIÇÃO AUXILIAR | E24: ROLO COMPACTADOR DE PNEUS, ESTATICO, PRESSAO VARIAVEL, POTENCIA 110 HP, PESO SEM/COM LASTRO 10,8/27 T, LARGURA DE ROLAGEM 2,30 M | F24: E9665 | G24: 1 | H24: =$F$39 -> 366.4 | I24: 0 | J24: 80 | K24: 30 | L24: 2 | M24: =(H24/J24+I24/K24)*L24 -> 9.16 | N24: 1 | O24: =S24 -> 397.7997 | P24: 0 | Q24: =((H24*L24*G24)/J24)*O24 -> 3643.8453 | S24: 397.7997 | T24: #REF!
B25: 14525 | C25: SINAPI | D25: COMPOSIÇÃO AUXILIAR | E25: ESCAVADEIRA HIDRAULICA SOBRE ESTEIRAS COM CACAMBA DE 1,20 M3, PESO OPERACIONAL 21 T, POTENCIA BRUTA 155 HP | F25: E9665 | G25: 1 | H25: =$F$39 -> 366.4 | I25: 0 | J25: 80 | K25: 30 | L25: 2 | M25: =(H25/J25+I25/K25)*L25 -> 9.16 | N25: 1 | O25: =S25 -> 397.7997 | P25: 0 | Q25: =((H25*L25*G25)/J25)*O25 -> 3643.8453 | S25: 397.7997 | T25: #REF!
B26: 14626 | C26: SINAPI | D26: COMPOSIÇÃO AUXILIAR | E26: ROLO COMPACTADOR VIBRATORIO TANDEM, ACO LISO, POTENCIA 125 HP, PESO SEM/COM LASTRO 10,20/11,65 T, LARGURA DE TRABALHO 1,73 M | F26: E9665 | G26: 1 | H26: =$F$39 -> 366.4 | I26: 0 | J26: 80 | K26: 30 | L26: 2 | M26: =(H26/J26+I26/K26)*L26 -> 9.16 | N26: 1 | O26: =S26 -> 397.7997 | P26: 0 | Q26: =((H26*L26*G26)/J26)*O26 -> 3643.8453 | S26: 397.7997 | T26: #REF!
B27: 36531 | C27: SINAPI | D27: COMPOSIÇÃO AUXILIAR | E27: RETROESCAVADEIRA SOBRE RODAS COM CARREGADEIRA, TRACAO 4 X 4, POTENCIA LIQUIDA 88 HP, PESO OPERACIONAL MINIMO DE 6674 KG, CAPACIDADE DA CARREGADEIRA DE 1,00 M3 E DA RETROESCAVADEIRA MINIMA DE 0,26 M3, PROFUNDIDADE DE ESCAVACAO MAXIMA DE 4,37 M | F27: E9665 | G27: 1 | H27: =$F$39 -> 366.4 | I27: 0 | J27: 80 | K27: 30 | L27: 2 | M27: =(H27/J27+I27/K27)*L27 -> 9.16 | N27: 1 | O27: =S27 -> 397.7997 | P27: 0 | Q27: =((H27*L27*G27)/J27)*O27 -> 3643.8453 | S27: 397.7997 | T27: #REF!
B28: 10488 | C28: SINAPI | D28: COMPOSIÇÃO AUXILIAR | E28: VIBROACABADORA DE ASFALTO SOBRE ESTEIRAS, LARG. PAVIMENT. 1,90 A 5,3 M, POT. 78 KW/105 HP, CAP. 450 T/H | F28: E9665 | G28: 1 | H28: =$F$39 -> 366.4 | I28: 0 | J28: 80 | K28: 30 | L28: 2 | M28: =(H28/J28+I28/K28)*L28 -> 9.16 | N28: 1 | O28: =S28 -> 397.7997 | P28: 0 | Q28: =((H28*L28*G28)/J28)*O28 -> 3643.8453 | S28: 397.7997 | T28: #REF!
B29: 36484 | C29: SINAPI | D29: COMPOSIÇÃO AUXILIAR | E29: ESPARGIDOR DE ASFALTO PRESSURIZADO, TANQUE 6 M3 COM ISOLACAO TERMICA, AQUECIDO COM 2 MACARICOS, COM BARRA ESPARGIDORA 3,60 M, A SER MONTADO SOBRE CAMINHAO | F29: 83362 | G29: 1 | H29: =$F$39 -> 366.4 | I29: 0 | J29: 80 | K29: 30 | L29: 2 | M29: =(H29/J29+I29/K29)*L29 -> 9.16 | N29: 1 | O29: =S29 -> 258,89 | P29: 0 | Q29: =((H29*L29*G29)/J29)*O29 -> 2371.4324 | S29: 258,89 | T29: #REF!
B30: E9665 | C30: SINAPI | D30: COMPOSIÇÃO AUXILIAR | E30: CAVALO MECÂNICO COM SEMIRREBOQUE COM CAPACIDADE DE 22 T - 240 KW | F30: E9665 | G30: 1 | H30: =$F$39 -> 366.4 | I30: 0 | J30: 80 | K30: 30 | L30: 2 | M30: =(H30/J30+I30/K30)*L30 -> 9.16 | N30: 1 | O30: =S30 -> 397.7997 | P30: 0 | Q30: =((H30*L30*G30)/J30)*O30 -> 3643.8453 | S30: 397.7997 | T30: #REF!
B31: E9571 | C31: SINAPI | D31: COMPOSIÇÃO AUXILIAR | E31: CAMINHÃO TANQUE COM CAPACIDADE DE 10.000 L - 188 KW | F31: E9571 | G31: 1 | H31: =$F$39 -> 366.4 | I31: 0 | J31: 80 | K31: 30 | L31: 2 | M31: =(H31/J31+I31/K31)*L31 -> 9.16 | N31: 1 | O31: =S31 -> 320.6484 | P31: 0 | Q31: =((H31*L31*G31)/J31)*O31 -> 2937.1393 | S31: 320.6484 | T31: #REF!
B32: E9687 | C32: SINAPI | D32: COMPOSIÇÃO AUXILIAR | E32: CAMINHÃO CARROCERIA COM CAPACIDADE DE 5 T - 115 KW | F32: E9687 | G32: 1 | H32: =$F$39 -> 366.4 | I32: 0 | J32: 80 | K32: 30 | L32: 2 | M32: =(H32/J32+I32/K32)*L32 -> 9.16 | N32: 1 | O32: =S32 -> 144.0565 | P32: 0 | Q32: =((H32*L32*G32)/J32)*O32 -> 1319.5575 | S32: 144.0565 | T32: #REF!
B33: E9667 | C33: SINAPI | D33: COMPOSIÇÃO AUXILIAR | E33: CAMINHÃO BASCULANTE COM CAPACIDADE DE 14 M³ - 210 KW | F33: E9667 | G33: 1 | H33: =$F$39 -> 366.4 | I33: 0 | J33: 80 | K33: 30 | L33: 2 | M33: =(H33/J33+I33/K33)*L33 -> 9.16 | N33: 5 | O33: =S33 -> 304.3732 | P33: 0 | Q33: =((H33*L33*G33)/J33)*O33 -> 2788.0585 | S33: 304.3732 | T33: #REF!
B34: 10775 | C34: SINAPI | D34: COMPOSIÇÃO AUXILIAR | E34: LOCACAO DE CONTAINER 2,30 X 6,00 M, ALT. 2,50 M, COM 1 SANITARIO, PARA ESCRITORIO, COMPLETO, SEM DIVISORIAS INTERNAS (NAO INCLUI MOBILIZACAO/DESMOBILIZACAO) | F34: E9665 | G34: 0.5 | H34: =$F$39 -> 366.4 | I34: 0 | J34: 80 | K34: 30 | L34: 2 | M34: =(H34/J34+I34/K34)*L34 -> 9.16 | N34: 1 | O34: =S34 -> 397.7997 | P34: 0 | Q34: =((H34*L34*G34)/J34)*O34 -> 1821.9226 | S34: 397.7997 | T34: #REF!
B35: 10776 | C35: SINAPI | D35: COMPOSIÇÃO AUXILIAR | E35: LOCACAO DE CONTAINER 2,30 X 6,00 M, ALT. 2,50 M, PARA ESCRITORIO, SEM DIVISORIAS INTERNAS E SEM SANITARIO (NAO INCLUI MOBILIZACAO/DESMOBILIZACAO) | F35: E9665 | G35: 0.5 | H35: =$F$39 -> 366.4 | I35: 0 | J35: 80 | K35: 30 | L35: 2 | M35: =(H35/J35+I35/K35)*L35 -> 9.16 | N35: 1 | O35: =S35 -> 397.7997 | P35: 0 | Q35: =((H35*L35*G35)/J35)*O35 -> 1821.9226 | S35: 397.7997 | T35: #REF!
B36: 10779 | C36: SINAPI | D36: COMPOSIÇÃO AUXILIAR | E36: LOCACAO DE CONTAINER 2,30 X 4,30 M, ALT. 2,50 M, P/ SANITARIO, C/ 5 BACIAS, 1 LAVATORIO E 4 MICTORIOS (NAO INCLUI MOBILIZACAO/DESMOBILIZACAO) | F36: E9665 | G36: 0.5 | H36: =$F$39 -> 366.4 | I36: 0 | J36: 80 | K36: 30 | L36: 2 | M36: =(H36/J36+I36/K36)*L36 -> 9.16 | N36: 1 | O36: =S36 -> 397.7997 | P36: 0 | Q36: =((H36*L36*G36)/J36)*O36 -> 1821.9226 | S36: 397.7997 | T36: #REF!
Q37: =SUM(Q13:Q36) -> 71361.557
C38: OBS: | E38: TRECHO | F38: DMT
E39: CAMPO GRANDE - NAVIRAI | F39: 366.4 | G39: KM

Sheet COMPOSIÇÕES
D1: =N.GOV -> GOVERNO DO ESTADO DE MATO GROSSO DO SUL
D2: {=N.PREFEITURA} -> PREFEITURA MUNICIPAL DE NAVIRAÍ
D3: {=N.SECRETARIA} -> SECRETARIA DE PLANEJAMENTO
B4: COMPOSIÇÃO DE CUSTO UNITÁRIO
B5: Objeto: | C5: =N.DESCRICAO -> INFRAESTRUTURA URBANA – PAVIMENTAÇÃO ASFÁLTICA, DRENAGEM, E SINALIZAÇÃO VIÁRIA NO ACESSO AO CEMITERIO MUNICIPAL DE NAVIRAÍ/ MS | G5: RESPONSÁVEL ORÇAMENTO
B6: Município: | C6: =N.MUNICIPIO -> NAVIRAÍ | G6: __________________________________________
B7: Local: | C7: {=N.LOCAL} -> AVENIDA JOÃO RIGONATO | G7: =N.Engenheiro -> FÁBIO MARQUES RIBEIRO
B8: SIST./REF.: | C8: {=N.BASE} -> AGESUL(SETEMBRO/2025)/SINAPI(SETEMBRO/2025) | G8: =N.CREA -> ENGENHEIRO CIVIL - 15.276 D/MS
B9: CODIGO | C9: FONTE | D9: TIPO | E9: DESCRIÇÃO | F9: UNIDADE | G9: COEFICIENTE | H9: PREÇO UNITARIO | I9: PREÇO TOTAL | L9: Linha composição | M9: Filtro Geral
A10: =IF(AND(D10="",E10<>""),B10,"") -> CPU-CAT 01 | B10: CPU-CAT 01 | E10: PLACA DE OBRA EM CHAPA DE ACO GALVANIZADO (REFER. SINAPI CÓD. 74209/001) | F10: M2 | I10: =SUM(I11:I17) -> #VALUE! | K10: =IF(A10=B10,IFERROR(VLOOKUP(B10,#REF!,1,0),"-"),"-") -> - | L10: =IF(ISBLANK(B10)=FALSE,1,0) -> 1 | M10: =K10 -> -
B11: 4417 | C11: SINAPI | D11: COMPOSIÇÃO AUXILIAR | E11: {=UPPER(IF(C11="COMPOSIÇÃO",_xlfn.XLOOKUP($B11,A:A,E:E,),IF(C11="COTAÇÃO",VLOOKUP($B11,COTAÇÕES!$A$11:$E$37,2,0),IF(C11="SINAPI",BuscarCampoAccess("Descricao",B11,B.A_SINAPI,B.M_SINAPI,C11),IF(C11="AGESUL",BuscarCampoAccess("Descricao",B11,B.A_AGESUL,B.M_AGESUL,C11),IF(C11="SICRO",BuscarCampoAccess("Descricao",B11,B.A_SICRO,B.M_SICRO,C11),"NÃO ENCONTRADO"))))))} -> ERRO: CONEXÃO NÃO ESTABELECIDA. CLIQUE EM CONECTAR. | F11: {=UPPER(IF(C11="COMPOSIÇÃO",_xlfn.XLOOKUP($B11,A:A,F:F,),IF(C11="COTAÇÃO",VLOOKUP($B11,COTAÇÕES!$A$11:$E$37,3,0),IF(C11="SINAPI",BuscarCampoAccess("Unidade",B11,B.A_SINAPI,B.M_SINAPI,C11),IF(C11="AGESUL",BuscarCampoAccess("Unidade",B11,B.A_AGESUL,B.M_AGESUL,C11),IF(C11="SICRO",BuscarCampoAccess("Unidade",B11,B.A_SICRO,B.M_SICRO,C11)))))))} -> ERRO: CONEXÃO NÃO ESTABELECIDA. CLIQUE EM CONECTAR. | G11: 1 | H11: {=UPPER(IF(C11="COMPOSIÇÃO",_xlfn.XLOOKUP($B11,A:A,I:I,),IF(C11="COTAÇÃO",VLOOKUP($B11,COTAÇÕES!$A$11:$E$37,5,0),IF(C11="SINAPI",BuscarCampoAccess("Custo",B11,B.A_SINAPI,B.M_SINAPI,C11),IF(C11="AGESUL",BuscarCampoAccess("Custo",B11,B.A_AGESUL,B.M_AGESUL,C11),IF(C11="SICRO",BuscarCampoAccess("Custo",B11,B.A_SICRO,B.M_SICRO,C11)))))))} -> ERRO: CONEXÃO NÃO ESTABELECIDA. CLIQUE EM CONECTAR. | I11: =TRUNC(G11*H11,2) -> #VALUE! | K11: =IF(A11=B11,IFERROR(VLOOKUP(B11,#REF!,1,0),"-"),"-") -> - | L11: =IF(ISBLANK(B11)=FALSE,1,0) -> 1 | M11: =IF(M10=FALSE,K11,IF(L11=1,M10)) -> -
B12: 4491 | C12: SINAPI | D12: COMPOSIÇÃO AUXILIAR | E12: {=UPPER(IF(C12="COMPOSIÇÃO",_xlfn.XLOOKUP($B12,A:A,E:E,),IF(C12="COTAÇÃO",VLOOKUP($B12,COTAÇÕES!$A$11:$E$37,2,0),BuscarCampoAccess("Descricao",B12,B.A_SINAPI,B.M_SINAPI,C12))))} -> ERRO: CONEXÃO NÃO ESTABELECIDA. CLIQUE EM CONECTAR. | F12: {=UPPER(IF(C12="COMPOSIÇÃO",_xlfn.XLOOKUP($B12,A:A,F:F,),IF(C12="COTAÇÃO",VLOOKUP($B12,COTAÇÕES!$A$11:$E$37,3,0),BuscarCampoAccess("Unidade",B12,B.A_SINAPI,B.M_SINAPI,C12))))} -> ERRO: CONEXÃO NÃO ESTABELECIDA. CLIQUE EM CONECTAR. | G12: 4 | H12: {=UPPER(IF(C12="COMPOSIÇÃO",_xlfn.XLOOKUP($B12,A:A,I:I,),IF(C12="COTAÇÃO",VLOOKUP($B12,COTAÇÕES!$A$11:$E$37,5,0),BuscarCampoAccess("Custo",B12,B.A_SINAPI,B.M_SINAPI,C12))))} -> ERRO: CONEXÃO NÃO ESTABELECIDA. CLIQUE EM CONECTAR. | I12: =TRUNC(G12*H12,2) -> #VALUE! | K12: =IF(A12=B12,IFERROR(VLOOKUP(B12,#REF!,1,0),"-"),"-") -> - | L12: =IF(ISBLANK(B12)=FALSE,1,0) -> 1 | M12: =IF(M11=FALSE,K12,IF(L12=1,M11)) -> -
B13: 4813 | C13: SINAPI | D13: COMPOSIÇÃO AUXILIAR | E13: {=UPPER(IF(C13="COMPOSIÇÃO",_xlfn.XLOOKUP($B13,A:A,E:E,),IF(C13="COTAÇÃO",VLOOKUP($B13,COTAÇÕES!$A$11:$E$37,2,0),BuscarCampoAccess("Descricao",B13,B.A_SINAPI,B.M_SINAPI,C13))))} -> ERRO: CONEXÃO NÃO ESTABELECIDA. CLIQUE EM CONECTAR. | F13: {=UPPER(IF(C13="COMPOSIÇÃO",_xlfn.XLOOKUP($B13,A:A,F:F,),IF(C13="COTAÇÃO",VLOOKUP($B13,COTAÇÕES!$A$11:$E$37,3,0),BuscarCampoAccess("Unidade",B13,B.A_SINAPI,B.M_SINAPI,C13))))} -> ERRO: CONEXÃO NÃO ESTABELECIDA. CLIQUE EM CONECTAR. | G13: 1 | H13: {=UPPER(IF(C13="COMPOSIÇÃO",_xlfn.XLOOKUP($B13,A:A,I:I,),IF(C13="COTAÇÃO",VLOOKUP($B13,COTAÇÕES!$A$11:$E$37,5,0),BuscarCampoAccess("Custo",B13,B.A_SINAPI,B.M_SINAPI,C13))))} -> ERRO: CONEXÃO NÃO ESTABELECIDA. CLIQUE EM CONECTAR. | I13: =TRUNC(G13*H13,2) -> #VALUE! | K13: =IF(A13=B13,IFERROR(VLOOKUP(B13,#REF!,1,0),"-"),"-") -> - | L13: =IF(ISBLANK(B13)=FALSE,1,0) -> 1 | M13: =IF(M12=FALSE,K13,IF(L13=1,M12)) -> -
B14: 5075 | C14: SINAPI | D14: COMPOSIÇÃO AUXILIAR | E14: {=UPPER(IF(C14="COMPOSIÇÃO",_xlfn.XLOOKUP($B14,A:A,E:E,),IF(C14="COTAÇÃO",VLOOKUP($B14,COTAÇÕES!$A$11:$E$37,2,0),BuscarCampoAccess("Descricao",B14,B.A_SINAPI,B.M_SINAPI,C14))))} -> ERRO: CONEXÃO NÃO ESTABELECIDA. CLIQUE EM CONECTAR. | F14: {=UPPER(IF(C14="COMPOSIÇÃO",_xlfn.XLOOKUP($B14,A:A,F:F,),IF(C14="COTAÇÃO",VLOOKUP($B14,COTAÇÕES!$A$11:$E$37,3,0),BuscarCampoAccess("Unidade",B14,B.A_SINAPI,B.M_SINAPI,C14))))} -> ERRO: CONEXÃO NÃO ESTABELECIDA. CLIQUE EM CONECTAR. | G14: 0.11 | H14: {=UPPER(IF(C14="COMPOSIÇÃO",_xlfn.XLOOKUP($B14,A:A,I:I,),IF(C14="COTAÇÃO",VLOOKUP($B14,COTAÇÕES!$A$11:$E$37,5,0),BuscarCampoAccess("Custo",B14,B.A_SINAPI,B.M_SINAPI,C14))))} -> ERRO: CONEXÃO NÃO ESTABELECIDA. CLIQUE EM CONECTAR. | I14: =TRUNC(G14*H14,2) -> #VALUE! | K14: =IF(A14=B14,IFERROR(VLOOKUP(B14,#REF!,1,0),"-"),"-") -> - | L14: =IF(ISBLANK(B14)=FALSE,1,0) -> 1 | M14: =IF(M13=FALSE,K14,IF(L14=1,M13)) -> -
B15: 88262 | C15: SINAPI | D15: COMPOSIÇÃO AUXILIAR | E15: {=UPPER(IF(C15="COMPOSIÇÃO",_xlfn.XLOOKUP($B15,A:A,E:E,),IF(C15="COTAÇÃO",VLOOKUP($B15,COTAÇÕES!$A$11:$E$37,2,0),BuscarCampoAccess("Descricao",B15,B.A_SINAPI,B.M_SINAPI,C15))))} -> ERRO: CONEXÃO NÃO ESTABELECIDA. CLIQUE EM CONECTAR. | F15: {=UPPER(IF(C15="COMPOSIÇÃO",_xlfn.XLOOKUP($B15,A:A,F:F,),IF(C15="COTAÇÃO",VLOOKUP($B15,COTAÇÕES!$A$11:$E$37,3,0),BuscarCampoAccess("Unidade",B15,B.A_SINAPI,B.M_SINAPI,C15))))} -> ERRO: CONEXÃO NÃO ESTABELECIDA. CLIQUE EM CONECTAR. | G15: 1 | H15: {=UPPER(IF(C15="COMPOSIÇÃO",_xlfn.XLOOKUP($B15,A:A,I:I,),IF(C15="COTAÇÃO",VLOOKUP($B15,COTAÇÕES!$A$11:$E$37,5,0),BuscarCampoAccess("Custo",B15,B.A_SINAPI,B.M_SINAPI,C15))))} -> ERRO: CONEXÃO NÃO ESTABELECIDA. CLIQUE EM CONECTAR. | I15: =TRUNC(G15*H15,2) -> #VALUE! | K15: =IF(A15=B15,IFERROR(VLOOKUP(B15,#REF!,1,0),"-"),"-") -> - | L15: =IF(ISBLANK(B15)=FALSE,1,0) -> 1 | M15: =IF(M14=FALSE,K15,IF(L15=1,M14)) -> -
B16: 88316 | C16: SINAPI | D16: COMPOSIÇÃO AUXILIAR | E16: {=UPPER(IF(C16="COMPOSIÇÃO",_xlfn.XLOOKUP($B16,A:A,E:E,),IF(C16="COTAÇÃO",VLOOKUP($B16,COTAÇÕES!$A$11:$E$37,2,0),BuscarCampoAccess("Descricao",B16,B.A_SINAPI,B.M_SINAPI,C16))))} -> ERRO: CONEXÃO NÃO ESTABELECIDA. CLIQUE EM CONECTAR. | F16: {=UPPER(IF(C16="COMPOSIÇÃO",_xlfn.XLOOKUP($B16,A:A,F:F,),IF(C16="COTAÇÃO",VLOOKUP($B16,COTAÇÕES!$A$11:$E$37,3,0),BuscarCampoAccess("Unidade",B16,B.A_SINAPI,B.M_SINAPI,C16))))} -> ERRO: CONEXÃO NÃO ESTABELECIDA. CLIQUE EM CONECTAR. | G16: 2 | H16: {=UPPER(IF(C16="COMPOSIÇÃO",_xlfn.XLOOKUP($B16,A:A,I:I,),IF(C16="COTAÇÃO",VLOOKUP($B16,COTAÇÕES!$A$11:$E$37,5,0),BuscarCampoAccess("Custo",B16,B.A_SINAPI,B.M_SINAPI,C16))))} -> ERRO: CONEXÃO NÃO ESTABELECIDA. CLIQUE EM CONECTAR. | I16: =TRUNC(G16*H16,2) -> #VALUE! | K16: =IF(A16=B16,IFERROR(VLOOKUP(B16,#REF!,1,0),"-"),"-") -> - | L16: =IF(ISBLANK(B16)=FALSE,1,0) -> 1 | M16: =IF(M15=FALSE,K16,IF(L16=1,M15)) -> -
B17: 94962 | C17: SINAPI | D17: COMPOSIÇÃO AUXILIAR | E17: {=UPPER(IF(C17="COMPOSIÇÃO",_xlfn.XLOOKUP($B17,A:A,E:E,),IF(C17="COTAÇÃO",VLOOKUP($B17,COTAÇÕES!$A$11:$E$37,2,0),BuscarCampoAccess("Descricao",B17,B.A_SINAPI,B.M_SINAPI,C17))))} -> ERRO: CONEXÃO NÃO ESTABELECIDA. CLIQUE EM CONECTAR. | F17: {=UPPER(IF(C17="COMPOSIÇÃO",_xlfn.XLOOKUP($B17,A:A,F:F,),IF(C17="COTAÇÃO",VLOOKUP($B17,COTAÇÕES!$A$11:$E$37,3,0),BuscarCampoAccess("Unidade",B17,B.A_SINAPI,B.M_SINAPI,C17))))} -> ERRO: CONEXÃO NÃO ESTABELECIDA. CLIQUE EM CONECTAR. | G17: 0.01 | H17: {=UPPER(IF(C17="COMPOSIÇÃO",_xlfn.XLOOKUP($B17,A:A,I:I,),IF(C17="COTAÇÃO",VLOOKUP($B17,COTAÇÕES!$A$11:$E$37,5,0),BuscarCampoAccess("Custo",B17,B.A_SINAPI,B.M_SINAPI,C17))))} -> ERRO: CONEXÃO NÃO ESTABELECIDA. CLIQUE EM CONECTAR. | I17: =TRUNC(G17*H17,2) -> #VALUE! | K17: =IF(A17=B17,IFERROR(VLOOKUP(B17,#REF!,1,0),"-"),"-") -> - | L17: =IF(ISBLANK(B17)=FALSE,1,0) -> 1 | M17: =IF(M16=FALSE,K17,IF(L17=1,M16)) -> -
K18: =IF(A18=B18,IFERROR(VLOOKUP(B18,#REF!,1,0),"-"),"-") -> - | L18: =IF(ISBLANK(B18)=FALSE,1,0) -> 0 | M18: =IF(M17=FALSE,K18,IF(L18=1,M17)) -> FALSE
A19: =IF(AND(D19="",E19<>""),B19,"") -> CPU-CAT 02 | B19: CPU-CAT 02 | E19: SERVIÇOS TOPOGRAFICOS PARA PAVIMENTAÇÃO, INCLUSIVE NOTA DE SERVIÇOS, ACOMPANHAMENTO E GREIDE (REFER. SINAPI CÓD. 78472) | F19: M2 | I19: =SUM(I20:I25) -> #VALUE! | K19: =IF(A19=B19,IFERROR(VLOOKUP(B19,#REF!,1,0),"-"),"-") -> - | L19: =IF(ISBLANK(B19)=FALSE,1,0) -> 1 | M19: =IF(M18=FALSE,K19,IF(L19=1,M18)) -> -
B20: 4460 | C20: SINAPI | D20: COMPOSIÇÃO AUXILIAR | E20: {=UPPER(IF(C20="COMPOSIÇÃO",_xlfn.XLOOKUP($B20,A:A,E:E,),IF(C20="COTAÇÃO",VLOOKUP($B20,COTAÇÕES!$A$11:$E$37,2,0),BuscarCampoAccess("Descricao",B20,B.A_SINAPI,B.M_SINAPI,C20))))} -> ERRO: CONEXÃO NÃO ESTABELECIDA. CLIQUE EM CONECTAR. | F20: {=UPPER(IF(C20="COMPOSIÇÃO",_xlfn.XLOOKUP($B20,A:A,F:F,),IF(C20="COTAÇÃO",VLOOKUP($B20,COTAÇÕES!$A$11:$E$37,3,0),BuscarCampoAccess("Unidade",B20,B.A_SINAPI,B.M_SINAPI,C20))))} -> ERRO: CONEXÃO NÃO ESTABELECIDA. CLIQUE EM CONECTAR. | G20: 0.002886 | H20: {=UPPER(IF(C20="COMPOSIÇÃO",_xlfn.XLOOKUP($B20,A:A,I:I,),IF(C20="COTAÇÃO",VLOOKUP($B20,COTAÇÕES!$A$11:$E$37,5,0),BuscarCampoAccess("Custo",B20,B.A_SINAPI,B.M_SINAPI,C20))))} -> ERRO: CONEXÃO NÃO ESTABELECIDA. CLIQUE EM CONECTAR. | I20: =TRUNC(G20*H20,2) -> #VALUE! | K20: =IF(A20=B20,IFERROR(VLOOKUP(B20,#REF!,1,0),"-"),"-") -> - | L20: =IF(ISBLANK(B20)=FALSE,1,0) -> 1 | M20: =IF(M19=FALSE,K20,IF(L20=1,M19)) -> -
B21: 88253 | C21: SINAPI | D21: COMPOSIÇÃO AUXILIAR | E21: {=UPPER(IF(C21="COMPOSIÇÃO",_xlfn.XLOOKUP($B21,A:A,E:E,),IF(C21="COTAÇÃO",VLOOKUP($B21,COTAÇÕES!$A$11:$E$37,2,0),BuscarCampoAccess("Descricao",B21,B.A_SINAPI,B.M_SINAPI,C21))))} -> ERRO: CONEXÃO NÃO ESTABELECIDA. CLIQUE EM CONECTAR. | F21: {=UPPER(IF(C21="COMPOSIÇÃO",_xlfn.XLOOKUP($B21,A:A,F:F,),IF(C21="COTAÇÃO",VLOOKUP($B21,COTAÇÕES!$A$11:$E$37,3,0),BuscarCampoAccess("Unidade",B21,B.A_SINAPI,B.M_SINAPI,C21))))} -> ERRO: CONEXÃO NÃO ESTABELECIDA. CLIQUE EM CONECTAR. | G21: 0.0025 | H21: {=UPPER(IF(C21="COMPOSIÇÃO",_xlfn.XLOOKUP($B21,A:A,I:I,),IF(C21="COTAÇÃO",VLOOKUP($B21,COTAÇÕES!$A$11:$E$37,5,0),BuscarCampoAccess("Custo",B21,B.A_SINAPI,B.M_SINAPI,C21))))} -> ERRO: CONEXÃO NÃO ESTABELECIDA. CLIQUE EM CONECTAR. | I21: =TRUNC(G21*H21,2) -> #VALUE! | K21: =IF(A21=B21,IFERROR(VLOOKUP(B21,#REF!,1,0),"-"),"-") -> - | L21: =IF(ISBLANK(B21)=FALSE,1,0) -> 1 | M21: =IF(M20=FALSE,K21,IF(L21=1,M20)) -> -
B22: 88288 | C22: SINAPI | D22: COMPOSIÇÃO AUXILIAR | E22: {=UPPER(IF(C22="COMPOSIÇÃO",_xlfn.XLOOKUP($B22,A:A,E:E,),IF(C22="COTAÇÃO",VLOOKUP($B22,COTAÇÕES!$A$11:$E$37,2,0),BuscarCampoAccess("Descricao",B22,B.A_SINAPI,B.M_SINAPI,C22))))} -> ERRO: CONEXÃO NÃO ESTABELECIDA. CLIQUE EM CONECTAR. | F22: {=UPPER(IF(C22="COMPOSIÇÃO",_xlfn.XLOOKUP($B22,A:A,F:F,),IF(C22="COTAÇÃO",VLOOKUP($B22,COTAÇÕES!$A$11:$E$37,3,0),BuscarCampoAccess("Unidade",B22,B.A_SINAPI,B.M_SINAPI,C22))))} -> ERRO: CONEXÃO NÃO ESTABELECIDA. CLIQUE EM CONECTAR. | G22: 0.0025 | H22: {=UPPER(IF(C22="COMPOSIÇÃO",_xlfn.XLOOKUP($B22,A:A,I:I,),IF(C22="COTAÇÃO",VLOOKUP($B22,COTAÇÕES!$A$11:$E$37,5,0),BuscarCampoAccess("Custo",B22,B.A_SINAPI,B.M_SINAPI,C22))))} -> ERRO: CONEXÃO NÃO ESTABELECIDA. CLIQUE EM CONECTAR. | I22: =TRUNC(G22*H22,2) -> #VALUE! | K22: =IF(A22=B22,IFERROR(VLOOKUP(B22,#REF!,1,0),"-"),"-") -> - | L22: =IF(ISBLANK(B22)=FALSE,1,0) -> 1 | M22: =IF(M21=FALSE,K22,IF(L22=1,M21)) -> -
B23: 88316 | C23: SINAPI | D23: COMPOSIÇÃO AUXILIAR | E23: {=UPPER(IF(C23="COMPOSIÇÃO",_xlfn.XLOOKUP($B23,A:A,E:E,),IF(C23="COTAÇÃO",VLOOKUP($B23,COTAÇÕES!$A$11:$E$37,2,0),BuscarCampoAccess("Descricao",B23,B.A_SINAPI,B.M_SINAPI,C23))))} -> ERRO: CONEXÃO NÃO ESTABELECIDA. CLIQUE EM CONECTAR. | F23: {=UPPER(IF(C23="COMPOSIÇÃO",_xlfn.XLOOKUP($B23,A:A,F:F,),IF(C23="COTAÇÃO",VLOOKUP($B23,COTAÇÕES!$A$11:$E$37,3,0),BuscarCampoAccess("Unidade",B23,B.A_SINAPI,B.M_SINAPI,C23))))} -> ERRO: CONEXÃO NÃO ESTABELECIDA. CLIQUE EM CONECTAR. | G23: 0.0075 | H23: {=UPPER(IF(C23="COMPOSIÇÃO",_xlfn.XLOOKUP($B23,A:A,I:I,),IF(C23="COTAÇÃO",VLOOKUP($B23,COTAÇÕES!$A$11:$E$37,5,0),BuscarCampoAccess("Custo",B23,B.A_SINAPI,B.M_SINAPI,C23))))} -> ERRO: CONEXÃO NÃO ESTABELECIDA. CLIQUE EM CONECTAR. | I23: =TRUNC(G23*H23,2) -> #VALUE! | K23: =IF(A23=B23,IFERROR(VLOOKUP(B23,#REF!,1,0),"-"),"-") -> - | L23: =IF(ISBLANK(B23)=FALSE,1,0) -> 1 | M23: =IF(M22=FALSE,K23,IF(L23=1,M22)) -> -
B24: 90775 | C24: SINAPI | D24: COMPOSIÇÃO AUXILIAR | E24: {=UPPER(IF(C24="COMPOSIÇÃO",_xlfn.XLOOKUP($B24,A:A,E:E,),IF(C24="COTAÇÃO",VLOOKUP($B24,COTAÇÕES!$A$11:$E$37,2,0),BuscarCampoAccess("Descricao",B24,B.A_SINAPI,B.M_SINAPI,C24))))} -> ERRO: CONEXÃO NÃO ESTABELECIDA. CLIQUE EM CONECTAR. | F24: {=UPPER(IF(C24="COMPOSIÇÃO",_xlfn.XLOOKUP($B24,A:A,F:F,),IF(C24="COTAÇÃO",VLOOKUP($B24,COTAÇÕES!$A$11:$E$37,3,0),BuscarCampoAccess("Unidade",B24,B.A_SINAPI,B.M_SINAPI,C24))))} -> ERRO: CONEXÃO NÃO ESTABELECIDA. CLIQUE EM CONECTAR. | G24: 0.002 | H24: {=UPPER(IF(C24="COMPOSIÇÃO",_xlfn.XLOOKUP($B24,A:A,I:I,),IF(C24="COTAÇÃO",VLOOKUP($B24,COTAÇÕES!$A$11:$E$37,5,0),BuscarCampoAccess("Custo",B24,B.A_SINAPI,B.M_SINAPI,C24))))} -> ERRO: CONEXÃO NÃO ESTABELECIDA. CLIQUE EM CONECTAR. | I24: =TRUNC(G24*H24,2) -> #VALUE! | K24: =IF(A24=B24,IFERROR(VLOOKUP(B24,#REF!,1,0),"-"),"-") -> - | L24: =IF(ISBLANK(B24)=FALSE,1,0) -> 1 | M24: =IF(M23=FALSE,K24,IF(L24=1,M23)) -> -
B25: 92145 | C25: SINAPI | D25: COMPOSIÇÃO AUXILIAR | E25: {=UPPER(IF(C25="COMPOSIÇÃO",_xlfn.XLOOKUP($B25,A:A,E:E,),IF(C25="COTAÇÃO",VLOOKUP($B25,COTAÇÕES!$A$11:$E$37,2,0),BuscarCampoAccess("Descricao",B25,B.A_SINAPI,B.M_SINAPI,C25))))} -> ERRO: CONEXÃO NÃO ESTABELECIDA. CLIQUE EM CONECTAR. | F25: {=UPPER(IF(C25="COMPOSIÇÃO",_xlfn.XLOOKUP($B25,A:A,F:F,),IF(C25="COTAÇÃO",VLOOKUP($B25,COTAÇÕES!$A$11:$E$37,3,0),BuscarCampoAccess("Unidade",B25,B.A_SINAPI,B.M_SINAPI,C25))))} -> ERRO: CONEXÃO NÃO ESTABELECIDA. CLIQUE EM CONECTAR. | G25: 0.001 | H25: {=UPPER(IF(C25="COMPOSIÇÃO",_xlfn.XLOOKUP($B25,A:A,I:I,),IF(C25="COTAÇÃO",VLOOKUP($B25,COTAÇÕES!$A$11:$E$37,5,0),BuscarCampoAccess("Custo",B25,B.A_SINAPI,B.M_SINAPI,C25))))} -> ERRO: CONEXÃO NÃO ESTABELECIDA. CLIQUE EM CONECTAR. | I25: =TRUNC(G25*H25,2) -> #VALUE! | K25: =IF(A25=B25,IFERROR(VLOOKUP(B25,#REF!,1,0),"-"),"-") -> - | L25: =IF(ISBLANK(B25)=FALSE,1,0) -> 1 | M25: =IF(M24=FALSE,K25,IF(L25=1,M24)) -> -
K26: =IF(A26=B26,IFERROR(VLOOKUP(B26,#REF!,1,0),"-"),"-") -> - | L26: =IF(ISBLANK(B26)=FALSE,1,0) -> 0 | M26: =IF(M25=FALSE,K26,IF(L26=1,M25)) -> FALSE
A27: =IF(AND(D27="",E27<>""),B27,"") -> CPU-DRED 01 | B27: CPU-DRED 01 | E27: TAMPAO FOFO ARTICULADO, CLASSE D400 CARGA MAX 40 T, REDONDO TAMPA *600 MM, REDE PLUVIAL | F27: UN | I27: =SUM(I28:I31) -> #VALUE! | K27: =IF(A27=B27,IFERROR(VLOOKUP(B27,#REF!,1,0),"-"),"-") -> - | L27: =IF(ISBLANK(B27)=FALSE,1,0) -> 1 | M27: =IF(M26=FALSE,K27,IF(L27=1,M26)) -> -
B28: 21090 | C28: SINAPI | D28: COMPOSIÇÃO AUXILIAR | E28: {=UPPER(IF(C28="COMPOSIÇÃO",_xlfn.XLOOKUP($B28,A:A,E:E,),IF(C28="COTAÇÃO",VLOOKUP($B28,COTAÇÕES!$A$11:$E$37,2,0),BuscarCampoAccess("Descricao",B28,B.A_SINAPI,B.M_SINAPI,C28))))} -> ERRO: CONEXÃO NÃO ESTABELECIDA. CLIQUE EM CONECTAR. | F28: {=UPPER(IF(C28="COMPOSIÇÃO",_xlfn.XLOOKUP($B28,A:A,F:F,),IF(C28="COTAÇÃO",VLOOKUP($B28,COTAÇÕES!$A$11:$E$37,3,0),BuscarCampoAccess("Unidade",B28,B.A_SINAPI,B.M_SINAPI,C28))))} -> ERRO: CONEXÃO NÃO ESTABELECIDA. CLIQUE EM CONECTAR. | G28: 1 | H28: {=UPPER(IF(C28="COMPOSIÇÃO",_xlfn.XLOOKUP($B28,A:A,I:I,),IF(C28="COTAÇÃO",VLOOKUP($B28,COTAÇÕES!$A$11:$E$37,5,0),BuscarCampoAccess("Custo",B28,B.A_SINAPI,B.M_SINAPI,C28))))} -> ERRO: CONEXÃO NÃO ESTABELECIDA. CLIQUE EM CONECTAR. | I28: =TRUNC(G28*H28,2) -> #VALUE! | K28: =IF(A28=B28,IFERROR(VLOOKUP(B28,#REF!,1,0),"-"),"-") -> - | L28: =IF(ISBLANK(B28)=FALSE,1,0) -> 1 | M28: =IF(M27=FALSE,K28,IF(L28=1,M27)) -> -
B29: 94964 | C29: SINAPI | D29: COMPOSIÇÃO AUXILIAR | E29: {=UPPER(IF(C29="COMPOSIÇÃO",_xlfn.XLOOKUP($B29,A:A,E:E,),IF(C29="COTAÇÃO",VLOOKUP($B29,COTAÇÕES!$A$11:$E$37,2,0),BuscarCampoAccess("Descricao",B29,B.A_SINAPI,B.M_SINAPI,C29))))} -> ERRO: CONEXÃO NÃO ESTABELECIDA. CLIQUE EM CONECTAR. | F29: {=UPPER(IF(C29="COMPOSIÇÃO",_xlfn.XLOOKUP($B29,A:A,F:F,),IF(C29="COTAÇÃO",VLOOKUP($B29,COTAÇÕES!$A$11:$E$37,3,0),BuscarCampoAccess("Unidade",B29,B.A_SINAPI,B.M_SINAPI,C29))))} -> ERRO: CONEXÃO NÃO ESTABELECIDA. CLIQUE EM CONECTAR. | G29: 0.2664 | H29: {=UPPER(IF(C29="COMPOSIÇÃO",_xlfn.XLOOKUP($B29,A:A,I:I,),IF(C29="COTAÇÃO",VLOOKUP($B29,COTAÇÕES!$A$11:$E$37,5,0),BuscarCampoAccess("Custo",B29,B.A_SINAPI,B.M_SINAPI,C29))))} -> ERRO: CONEXÃO NÃO ESTABELECIDA. CLIQUE EM CONECTAR. | I29: =TRUNC(G29*H29,2) -> #VALUE! | K29: =IF(A29=B29,IFERROR(VLOOKUP(B29,#REF!,1,0),"-"),"-") -> - | L29: =IF(ISBLANK(B29)=FALSE,1,0) -> 1 | M29: =IF(M28=FALSE,K29,IF(L29=1,M28)) -> -
B30: 88309 | C30: SINAPI | D30: COMPOSIÇÃO AUXILIAR | E30: {=UPPER(IF(C30="COMPOSIÇÃO",_xlfn.XLOOKUP($B30,A:A,E:E,),IF(C30="COTAÇÃO",VLOOKUP($B30,COTAÇÕES!$A$11:$E$37,2,0),BuscarCampoAccess("Descricao",B30,B.A_SINAPI,B.M_SINAPI,C30))))} -> ERRO: CONEXÃO NÃO ESTABELECIDA. CLIQUE EM CONECTAR. | F30: {=UPPER(IF(C30="COMPOSIÇÃO",_xlfn.XLOOKUP($B30,A:A,F:F,),IF(C30="COTAÇÃO",VLOOKUP($B30,COTAÇÕES!$A$11:$E$37,3,0),BuscarCampoAccess("Unidade",B30,B.A_SINAPI,B.M_SINAPI,C30))))} -> ERRO: CONEXÃO NÃO ESTABELECIDA. CLIQUE EM CONECTAR. | G30: 1 | H30: {=UPPER(IF(C30="COMPOSIÇÃO",_xlfn.XLOOKUP($B30,A:A,I:I,),IF(C30="COTAÇÃO",VLOOKUP($B30,COTAÇÕES!$A$11:$E$37,5,0),BuscarCampoAccess("Custo",B30,B.A_SINAPI,B.M_SINAPI,C30))))} -> ERRO: CONEXÃO NÃO ESTABELECIDA. CLIQUE EM CONECTAR. | I30: =TRUNC(G30*H30,2) -> #VALUE! | K30: =IF(A30=B30,IFERROR(VLOOKUP(B30,#REF!,1,0),"-"),"-") -> - | L30: =IF(ISBLANK(B30)=FALSE,1,0) -> 1 | M30: =IF(M29=FALSE,K30,IF(L30=1,M29)) -> -
B31: 88316 | C31: SINAPI | D31: COMPOSIÇÃO AUXILIAR | E31: {=UPPER(IF(C31="COMPOSIÇÃO",_xlfn.XLOOKUP($B31,A:A,E:E,),IF(C31="COTAÇÃO",VLOOKUP($B31,COTAÇÕES!$A$11:$E$37,2,0),BuscarCampoAccess("Descricao",B31,B.A_SINAPI,B.M_SINAPI,C31))))} -> ERRO: CONEXÃO NÃO ESTABELECIDA. CLIQUE EM CONECTAR. | F31: {=UPPER(IF(C31="COMPOSIÇÃO",_xlfn.XLOOKUP($B31,A:A,F:F,),IF(C31="COTAÇÃO",VLOOKUP($B31,COTAÇÕES!$A$11:$E$37,3,0),BuscarCampoAccess("Unidade",B31,B.A_SINAPI,B.M_SINAPI,C31))))} -> ERRO: CONEXÃO NÃO ESTABELECIDA. CLIQUE EM CONECTAR. | G31: 1 | H31: {=UPPER(IF(C31="COMPOSIÇÃO",_xlfn.XLOOKUP($B31,A:A,I:I,),IF(C31="COTAÇÃO",VLOOKUP($B31,COTAÇÕES!$A$11:$E$37,5,0),BuscarCampoAccess("Custo",B31,B.A_SINAPI,B.M_SINAPI,C31))))} -> ERRO: CONEXÃO NÃO ESTABELECIDA. CLIQUE EM CONECTAR. | I31: =TRUNC(G31*H31,2) -> #VALUE! | K31: =IF(A31=B31,IFERROR(VLOOKUP(B31,#REF!,1,0),"-"),"-") -> - | L31: =IF(ISBLANK(B31)=FALSE,1,0) -> 1 | M31: =IF(M30=FALSE,K31,IF(L31=1,M30)) -> -
K32: =IF(A32=B32,IFERROR(VLOOKUP(B32,#REF!,1,0),"-"),"-") -> - | L32: =IF(ISBLANK(B32)=FALSE,1,0) -> 0 | M32: =IF(M31=FALSE,K32,IF(L32=1,M31)) -> FALSE
A33: =IF(AND(D33="",E33<>""),B33,"") -> CPU-PAVT 01 | B33: CPU-PAVT 01 | E33: CARGA, MANOBRA E DESCARGA DE AREIA, BRITA, PEDRA DE MÃO E SOLOS COM CAMINHÃO BASCULANTE 6M3 (DESCARGA LIVRE) (REFER. SINAPI CÓD. 72844) | F33: UN | I33: =SUM(I34) -> #VALUE! | K33: =IF(A33=B33,IFERROR(VLOOKUP(B33,#REF!,1,0),"-"),"-") -> - | L33: =IF(ISBLANK(B33)=FALSE,1,0) -> 1 | M33: =IF(M32=FALSE,K33,IF(L33=1,M32)) -> -
B34: 5811 | C34: SINAPI | D34: COMPOSIÇÃO AUXILIAR | E34: {=UPPER(IF(C34="COMPOSIÇÃO",_xlfn.XLOOKUP($B34,A:A,E:E,),IF(C34="COTAÇÃO",VLOOKUP($B34,COTAÇÕES!$A$11:$E$37,2,0),BuscarCampoAccess("Descricao",B34,B.A_SINAPI,B.M_SINAPI,C34))))} -> ERRO: CONEXÃO NÃO ESTABELECIDA. CLIQUE EM CONECTAR. | F34: {=UPPER(IF(C34="COMPOSIÇÃO",_xlfn.XLOOKUP($B34,A:A,F:F,),IF(C34="COTAÇÃO",VLOOKUP($B34,COTAÇÕES!$A$11:$E$37,3,0),BuscarCampoAccess("Unidade",B34,B.A_SINAPI,B.M_SINAPI,C34))))} -> ERRO: CONEXÃO NÃO ESTABELECIDA. CLIQUE EM CONECTAR. | G34: 0.0047 | H34: {=UPPER(IF(C34="COMPOSIÇÃO",_xlfn.XLOOKUP($B34,A:A,I:I,),IF(C34="COTAÇÃO",VLOOKUP($B34,COTAÇÕES!$A$11:$E$37,5,0),BuscarCampoAccess("Custo",B34,B.A_SINAPI,B.M_SINAPI,C34))))} -> ERRO: CONEXÃO NÃO ESTABELECIDA. CLIQUE EM CONECTAR. | I34: =TRUNC(G34*H34,2) -> #VALUE! | K34: =IF(A34=B34,IFERROR(VLOOKUP(B34,#REF!,1,0),"-"),"-") -> - | L34: =IF(ISBLANK(B34)=FALSE,1,0) -> 1 | M34: =IF(M33=FALSE,K34,IF(L34=1,M33)) -> -
K35: =IF(A35=B35,IFERROR(VLOOKUP(B35,#REF!,1,0),"-"),"-") -> - | L35: =IF(ISBLANK(B35)=FALSE,1,0) -> 0 | M35: =IF(M34=FALSE,K35,IF(L35=1,M34)) -> FALSE
A36: =IF(AND(D36="",E36<>""),B36,"") -> CPU-PAVT 02 | B36: CPU-PAVT 02 | E36: TRANSPORTE COMERCIAL COM CAMINHÃO CARROCERIA 9T, RODOVIA PAVIMENTADA (REFER. SINAPI CÓD. 72840)844) | F36: TXKM | I36: =SUM(I37) -> #VALUE! | K36: =IF(A36=B36,IFERROR(VLOOKUP(B36,#REF!,1,0),"-"),"-") -> - | L36: =IF(ISBLANK(B36)=FALSE,1,0) -> 1 | M36: =IF(M35=FALSE,K36,IF(L36=1,M35)) -> -
B37: 5811 | C37: SINAPI | D37: COMPOSIÇÃO AUXILIAR | E37: {=UPPER(IF(C37="COMPOSIÇÃO",_xlfn.XLOOKUP($B37,A:A,E:E,),IF(C37="COTAÇÃO",VLOOKUP($B37,COTAÇÕES!$A$11:$E$37,2,0),BuscarCampoAccess("Descricao",B37,B.A_SINAPI,B.M_SINAPI,C37))))} -> ERRO: CONEXÃO NÃO ESTABELECIDA. CLIQUE EM CONECTAR. | F37: {=UPPER(IF(C37="COMPOSIÇÃO",_xlfn.XLOOKUP($B37,A:A,F:F,),IF(C37="COTAÇÃO",VLOOKUP($B37,COTAÇÕES!$A$11:$E$37,3,0),BuscarCampoAccess("Unidade",B37,B.A_SINAPI,B.M_SINAPI,C37))))} -> ERRO: CONEXÃO NÃO ESTABELECIDA. CLIQUE EM CONECTAR. | G37: 0.0045 | H37: {=UPPER(IF(C37="COMPOSIÇÃO",_xlfn.XLOOKUP($B37,A:A,I:I,),IF(C37="COTAÇÃO",VLOOKUP($B37,COTAÇÕES!$A$11:$E$37,5,0),BuscarCampoAccess("Custo",B37,B.A_SINAPI,B.M_SINAPI,C37))))} -> ERRO: CONEXÃO NÃO ESTABELECIDA. CLIQUE EM CONECTAR. | I37: =TRUNC(G37*H37,2) -> #VALUE! | K37: =IF(A37=B37,IFERROR(VLOOKUP(B37,#REF!,1,0),"-"),"-") -> - | L37: =IF(ISBLANK(B37)=FALSE,1,0) -> 1 | M37: =IF(M36=FALSE,K37,IF(L37=1,M36)) -> -
K38: =IF(A38=B38,IFERROR(VLOOKUP(B38,#REF!,1,0),"-"),"-") -> - | L38: =IF(ISBLANK(B38)=FALSE,1,0) -> 0 | M38: =IF(M37=FALSE,K38,IF(L38=1,M37)) -> FALSE
A39: =IF(AND(D39="",E39<>""),B39,"") -> CPU-PAVT 03 | B39: CPU-PAVT 03 | E39: ESCAVAÇÃO MECANICA, A CEU ABERTO, EM MATERIAL DE 1A CATEGORIA, COM ESCAVADEIRA HIDRAULICA, CAPACIDADE DE 0,78 M3 (REFER. SINAPI CÓD. 83338) | F39: M3 | I39: =SUM(I40:I42) -> #VALUE! | K39: =IF(A39=B39,IFERROR(VLOOKUP(B39,#REF!,1,0),"-"),"-") -> - | L39: =IF(ISBLANK(B39)=FALSE,1,0) -> 1 | M39: =IF(M38=FALSE,K39,IF(L39=1,M38)) -> -
B40: 5632 | C40: AGESUL | D40: COMPOSIÇÃO AUXILIAR | E40: {=UPPER(IF(C40="COMPOSIÇÃO",_xlfn.XLOOKUP($B40,A:A,E:E,),IF(C40="COTAÇÃO",VLOOKUP($B40,COTAÇÕES!$A$11:$E$37,2,0),BuscarCampoAccess("Descricao",B40,B.A_SINAPI,B.M_SINAPI,C40))))} -> ERRO: CONEXÃO NÃO ESTABELECIDA. CLIQUE EM CONECTAR. | F40: {=UPPER(IF(C40="COMPOSIÇÃO",_xlfn.XLOOKUP($B40,A:A,F:F,),IF(C40="COTAÇÃO",VLOOKUP($B40,COTAÇÕES!$A$11:$E$37,3,0),BuscarCampoAccess("Unidade",B40,B.A_SINAPI,B.M_SINAPI,C40))))} -> ERRO: CONEXÃO NÃO ESTABELECIDA. CLIQUE EM CONECTAR. | G40: 0.0058 | H40: {=UPPER(IF(C40="COMPOSIÇÃO",_xlfn.XLOOKUP($B40,A:A,I:I,),IF(C40="COTAÇÃO",VLOOKUP($B40,COTAÇÕES!$A$11:$E$37,5,0),BuscarCampoAccess("Custo",B40,B.A_SINAPI,B.M_SINAPI,C40))))} -> ERRO: CONEXÃO NÃO ESTABELECIDA. CLIQUE EM CONECTAR. | I40: =TRUNC(G40*H40,2) -> #VALUE! | K40: =IF(A40=B40,IFERROR(VLOOKUP(B40,#REF!,1,0),"-"),"-") -> - | L40: =IF(ISBLANK(B40)=FALSE,1,0) -> 1 | M40: =IF(M39=FALSE,K40,IF(L40=1,M39)) -> -
B41: 88316 | C41: SINAPI | D41: COMPOSIÇÃO AUXILIAR | E41: {=UPPER(IF(C41="COMPOSIÇÃO",_xlfn.XLOOKUP($B41,A:A,E:E,),IF(C41="COTAÇÃO",VLOOKUP($B41,COTAÇÕES!$A$11:$E$37,2,0),BuscarCampoAccess("Descricao",B41,B.A_SINAPI,B.M_SINAPI,C41))))} -> ERRO: CONEXÃO NÃO ESTABELECIDA. CLIQUE EM CONECTAR. | F41: {=UPPER(IF(C41="COMPOSIÇÃO",_xlfn.XLOOKUP($B41,A:A,F:F,),IF(C41="COTAÇÃO",VLOOKUP($B41,COTAÇÕES!$A$11:$E$37,3,0),BuscarCampoAccess("Unidade",B41,B.A_SINAPI,B.M_SINAPI,C41))))} -> ERRO: CONEXÃO NÃO ESTABELECIDA. CLIQUE EM CONECTAR. | G41: 0.0192 | H41: {=UPPER(IF(C41="COMPOSIÇÃO",_xlfn.XLOOKUP($B41,A:A,I:I,),IF(C41="COTAÇÃO",VLOOKUP($B41,COTAÇÕES!$A$11:$E$37,5,0),BuscarCampoAccess("Custo",B41,B.A_SINAPI,B.M_SINAPI,C41))))} -> ERRO: CONEXÃO NÃO ESTABELECIDA. CLIQUE EM CONECTAR. | I41: =TRUNC(G41*H41,2) -> #VALUE! | K41: =IF(A41=B41,IFERROR(VLOOKUP(B41,#REF!,1,0),"-"),"-") -> - | L41: =IF(ISBLANK(B41)=FALSE,1,0) -> 1 | M41: =IF(M40=FALSE,K41,IF(L41=1,M40)) -> -
B42: 5631 | C42: SINAPI | D42: COMPOSIÇÃO AUXILIAR | E42: {=UPPER(IF(C42="COMPOSIÇÃO",_xlfn.XLOOKUP($B42,A:A,E:E,),IF(C42="COTAÇÃO",VLOOKUP($B42,COTAÇÕES!$A$11:$E$37,2,0),BuscarCampoAccess("Descricao",B42,B.A_SINAPI,B.M_SINAPI,C42))))} -> ERRO: CONEXÃO NÃO ESTABELECIDA. CLIQUE EM CONECTAR. | F42: {=UPPER(IF(C42="COMPOSIÇÃO",_xlfn.XLOOKUP($B42,A:A,F:F,),IF(C42="COTAÇÃO",VLOOKUP($B42,COTAÇÕES!$A$11:$E$37,3,0),BuscarCampoAccess("Unidade",B42,B.A_SINAPI,B.M_SINAPI,C42))))} -> ERRO: CONEXÃO NÃO ESTABELECIDA. CLIQUE EM CONECTAR. | G42: 0.0134 | H42: {=UPPER(IF(C42="COMPOSIÇÃO",_xlfn.XLOOKUP($B42,A:A,I:I,),IF(C42="COTAÇÃO",VLOOKUP($B42,COTAÇÕES!$A$11:$E$37,5,0),BuscarCampoAccess("Custo",B42,B.A_SINAPI,B.M_SINAPI,C42))))} -> ERRO: CONEXÃO NÃO ESTABELECIDA. CLIQUE EM CONECTAR. | I42: =TRUNC(G42*H42,2) -> #VALUE! | K42: =IF(A42=B42,IFERROR(VLOOKUP(B42,#REF!,1,0),"-"),"-") -> - | L42: =IF(ISBLANK(B42)=FALSE,1,0) -> 1 | M42: =IF(M41=FALSE,K42,IF(L42=1,M41)) -> -
K43: =IF(A43=B43,IFERROR(VLOOKUP(B43,#REF!,1,0),"-"),"-") -> - | L43: =IF(ISBLANK(B43)=FALSE,1,0) -> 0 | M43: =IF(M42=FALSE,K43,IF(L43=1,M42)) -> FALSE
A44: =IF(AND(D44="",E44<>""),B44,"") -> CPU-PAVT 04 | B44: CPU-PAVT 04 | E44: CARGA E DESCARGA MECANICA DE SOLO UTILIZANDO CAMINHAO BASCULANTE 6,0 M3/16 T E PA CARREGADEIRA SOBRE PNEUS 128 HP, CAPACIDADE DA CAÇAMBA 1,7 A 2,8 M3, PESO OPERACIONAL 11632 KG (REFER. SINAPI CÓD. 74010/1) | F44: M3 | I44: =SUM(I45:I47) -> #VALUE! | K44: =IF(A44=B44,IFERROR(VLOOKUP(B44,#REF!,1,0),"-"),"-") -> - | L44: =IF(ISBLANK(B44)=FALSE,1,0) -> 1 | M44: =IF(M43=FALSE,K44,IF(L44=1,M43)) -> -
B45: 5811 | C45: SINAPI | D45: COMPOSIÇÃO AUXILIAR | E45: {=UPPER(IF(C45="COMPOSIÇÃO",_xlfn.XLOOKUP($B45,A:A,E:E,),IF(C45="COTAÇÃO",VLOOKUP($B45,COTAÇÕES!$A$11:$E$37,2,0),BuscarCampoAccess("Descricao",B45,B.A_SINAPI,B.M_SINAPI,C45))))} -> ERRO: CONEXÃO NÃO ESTABELECIDA. CLIQUE EM CONECTAR. | F45: {=UPPER(IF(C45="COMPOSIÇÃO",_xlfn.XLOOKUP($B45,A:A,F:F,),IF(C45="COTAÇÃO",VLOOKUP($B45,COTAÇÕES!$A$11:$E$37,3,0),BuscarCampoAccess("Unidade",B45,B.A_SINAPI,B.M_SINAPI,C45))))} -> ERRO: CONEXÃO NÃO ESTABELECIDA. CLIQUE EM CONECTAR. | G45: 0.003 | H45: {=UPPER(IF(C45="COMPOSIÇÃO",_xlfn.XLOOKUP($B45,A:A,I:I,),IF(C45="COTAÇÃO",VLOOKUP($B45,COTAÇÕES!$A$11:$E$37,5,0),BuscarCampoAccess("Custo",B45,B.A_SINAPI,B.M_SINAPI,C45))))} -> ERRO: CONEXÃO NÃO ESTABELECIDA. CLIQUE EM CONECTAR. | I45: =TRUNC(G45*H45,2) -> #VALUE! | K45: =IF(A45=B45,IFERROR(VLOOKUP(B45,#REF!,1,0),"-"),"-") -> - | L45: =IF(ISBLANK(B45)=FALSE,1,0) -> 1 | M45: =IF(M44=FALSE,K45,IF(L45=1,M44)) -> -
B46: 5940 | C46: SINAPI | D46: COMPOSIÇÃO AUXILIAR | E46: {=UPPER(IF(C46="COMPOSIÇÃO",_xlfn.XLOOKUP($B46,A:A,E:E,),IF(C46="COTAÇÃO",VLOOKUP($B46,COTAÇÕES!$A$11:$E$37,2,0),BuscarCampoAccess("Descricao",B46,B.A_SINAPI,B.M_SINAPI,C46))))} -> ERRO: CONEXÃO NÃO ESTABELECIDA. CLIQUE EM CONECTAR. | F46: {=UPPER(IF(C46="COMPOSIÇÃO",_xlfn.XLOOKUP($B46,A:A,F:F,),IF(C46="COTAÇÃO",VLOOKUP($B46,COTAÇÕES!$A$11:$E$37,3,0),BuscarCampoAccess("Unidade",B46,B.A_SINAPI,B.M_SINAPI,C46))))} -> ERRO: CONEXÃO NÃO ESTABELECIDA. CLIQUE EM CONECTAR. | G46: 0.008 | H46: {=UPPER(IF(C46="COMPOSIÇÃO",_xlfn.XLOOKUP($B46,A:A,I:I,),IF(C46="COTAÇÃO",VLOOKUP($B46,COTAÇÕES!$A$11:$E$37,5,0),BuscarCampoAccess("Custo",B46,B.A_SINAPI,B.M_SINAPI,C46))))} -> ERRO: CONEXÃO NÃO ESTABELECIDA. CLIQUE EM CONECTAR. | I46: =TRUNC(G46*H46,2) -> #VALUE! | K46: =IF(A46=B46,IFERROR(VLOOKUP(B46,#REF!,1,0),"-"),"-") -> - | L46: =IF(ISBLANK(B46)=FALSE,1,0) -> 1 | M46: =IF(M45=FALSE,K46,IF(L46=1,M45)) -> -
B47: 88316 | C47: SINAPI | D47: COMPOSIÇÃO AUXILIAR | E47: {=UPPER(IF(C47="COMPOSIÇÃO",_xlfn.XLOOKUP($B47,A:A,E:E,),IF(C47="COTAÇÃO",VLOOKUP($B47,COTAÇÕES!$A$11:$E$37,2,0),BuscarCampoAccess("Descricao",B47,B.A_SINAPI,B.M_SINAPI,C47))))} -> ERRO: CONEXÃO NÃO ESTABELECIDA. CLIQUE EM CONECTAR. | F47: {=UPPER(IF(C47="COMPOSIÇÃO",_xlfn.XLOOKUP($B47,A:A,F:F,),IF(C47="COTAÇÃO",VLOOKUP($B47,COTAÇÕES!$A$11:$E$37,3,0),BuscarCampoAccess("Unidade",B47,B.A_SINAPI,B.M_SINAPI,C47))))} -> ERRO: CONEXÃO NÃO ESTABELECIDA. CLIQUE EM CONECTAR. | G47: 0.008 | H47: {=UPPER(IF(C47="COMPOSIÇÃO",_xlfn.XLOOKUP($B47,A:A,I:I,),IF(C47="COTAÇÃO",VLOOKUP($B47,COTAÇÕES!$A$11:$E$37,5,0),BuscarCampoAccess("Custo",B47,B.A_SINAPI,B.M_SINAPI,C47))))} -> ERRO: CONEXÃO NÃO ESTABELECIDA. CLIQUE EM CONECTAR. | I47: =TRUNC(G47*H47,2) -> #VALUE! | K47: =IF(A47=B47,IFERROR(VLOOKUP(B47,#REF!,1,0),"-"),"-") -> - | L47: =IF(ISBLANK(B47)=FALSE,1,0) -> 1 | M47: =IF(M46=FALSE,K47,IF(L47=1,M46)) -> -
K48: =IF(A48=B48,IFERROR(VLOOKUP(B48,#REF!,1,0),"-"),"-") -> - | L48: =IF(ISBLANK(B48)=FALSE,1,0) -> 0 | M48: =IF(M47=FALSE,K48,IF(L48=1,M47)) -> FALSE
A49: =IF(AND(D49="",E49<>""),B49,"") -> CPU-PAVT 05 | B49: CPU-PAVT 05 | E49: TRANSPORTE COMERCIAL DE BRITA (REFER. SINAPI CÓD. 83356) | F49: M3XKM | I49: =SUM(I50:I50) -> #VALUE! | K49: =IF(A49=B49,IFERROR(VLOOKUP(B49,#REF!,1,0),"-"),"-") -> - | L49: =IF(ISBLANK(B49)=FALSE,1,0) -> 1 | M49: =IF(M48=FALSE,K49,IF(L49=1,M48)) -> -
B50: 91386 | C50: SINAPI | D50: COMPOSIÇÃO AUXILIAR | E50: {=UPPER(IF(C50="COMPOSIÇÃO",_xlfn.XLOOKUP($B50,A:A,E:E,),IF(C50="COTAÇÃO",VLOOKUP($B50,COTAÇÕES!$A$11:$E$37,2,0),BuscarCampoAccess("Descricao",B50,B.A_SINAPI,B.M_SINAPI,C50))))} -> ERRO: CONEXÃO NÃO ESTABELECIDA. CLIQUE EM CONECTAR. | F50: {=UPPER(IF(C50="COMPOSIÇÃO",_xlfn.XLOOKUP($B50,A:A,F:F,),IF(C50="COTAÇÃO",VLOOKUP($B50,COTAÇÕES!$A$11:$E$37,3,0),BuscarCampoAccess("Unidade",B50,B.A_SINAPI,B.M_SINAPI,C50))))} -> ERRO: CONEXÃO NÃO ESTABELECIDA. CLIQUE EM CONECTAR. | G50: 0.0046296 | H50: {=UPPER(IF(C50="COMPOSIÇÃO",_xlfn.XLOOKUP($B50,A:A,I:I,),IF(C50="COTAÇÃO",VLOOKUP($B50,COTAÇÕES!$A$11:$E$37,5,0),BuscarCampoAccess("Custo",B50,B.A_SINAPI,B.M_SINAPI,C50))))} -> ERRO: CONEXÃO NÃO ESTABELECIDA. CLIQUE EM CONECTAR. | I50: =TRUNC(G50*H50,2) -> #VALUE! | K50: =IF(A50=B50,IFERROR(VLOOKUP(B50,#REF!,1,0),"-"),"-") -> - | L50: =IF(ISBLANK(B50)=FALSE,1,0) -> 1 | M50: =IF(M49=FALSE,K50,IF(L50=1,M49)) -> -
K51: =IF(A51=B51,IFERROR(VLOOKUP(B51,#REF!,1,0),"-"),"-") -> - | L51: =IF(ISBLANK(B51)=FALSE,1,0) -> 0 | M51: =IF(M50=FALSE,K51,IF(L51=1,M50)) -> FALSE
A52: =IF(AND(D52="",E52<>""),B52,"") -> CPU-PAVT 06 | B52: CPU-PAVT 06 | E52: PREPARO MANUAL DE TERRENO S/ RASPAGEM SUPERFICIAL (REFER. SINAPI CÓD. 85422) | F52: M2 | I52: =SUM(I53:I53) -> #VALUE! | K52: =IF(A52=B52,IFERROR(VLOOKUP(B52,#REF!,1,0),"-"),"-") -> - | L52: =IF(ISBLANK(B52)=FALSE,1,0) -> 1 | M52: =IF(M51=FALSE,K52,IF(L52=1,M51)) -> -
B53: 88316 | C53: SINAPI | D53: COMPOSIÇÃO AUXILIAR | E53: {=UPPER(IF(C53="COMPOSIÇÃO",_xlfn.XLOOKUP($B53,A:A,E:E,),IF(C53="COTAÇÃO",VLOOKUP($B53,COTAÇÕES!$A$11:$E$37,2,0),BuscarCampoAccess("Descricao",B53,B.A_SINAPI,B.M_SINAPI,C53))))} -> ERRO: CONEXÃO NÃO ESTABELECIDA. CLIQUE EM CONECTAR. | F53: {=UPPER(IF(C53="COMPOSIÇÃO",_xlfn.XLOOKUP($B53,A:A,F:F,),IF(C53="COTAÇÃO",VLOOKUP($B53,COTAÇÕES!$A$11:$E$37,3,0),BuscarCampoAccess("Unidade",B53,B.A_SINAPI,B.M_SINAPI,C53))))} -> ERRO: CONEXÃO NÃO ESTABELECIDA. CLIQUE EM CONECTAR. | G53: 0.4 | H53: {=UPPER(IF(C53="COMPOSIÇÃO",_xlfn.XLOOKUP($B53,A:A,I:I,),IF(C53="COTAÇÃO",VLOOKUP($B53,COTAÇÕES!$A$11:$E$37,5,0),BuscarCampoAccess("Custo",B53,B.A_SINAPI,B.M_SINAPI,C53))))} -> ERRO: CONEXÃO NÃO ESTABELECIDA. CLIQUE EM CONECTAR. | I53: =TRUNC(G53*H53,2) -> #VALUE! | K53: =IF(A53=B53,IFERROR(VLOOKUP(B53,#REF!,1,0),"-"),"-") -> - | L53: =IF(ISBLANK(B53)=FALSE,1,0) -> 1 | M53: =IF(M52=FALSE,K53,IF(L53=1,M52)) -> -
K54: =IF(A54=B54,IFERROR(VLOOKUP(B54,#REF!,1,0),"-"),"-") -> - | L54: =IF(ISBLANK(B54)=FALSE,1,0) -> 0 | M54: =IF(M53=FALSE,K54,IF(L54=1,M53)) -> FALSE
A55: =IF(AND(D55="",E55<>""),B55,"") -> CPU-DRET 01 | B55: CPU-DRET 01 | E55: ESCAVAÇÃO MECANIZADA DE VALA COM PROF. MAIOR QUE 1,5 M ATÉ 3,0 M (MÉDIA ENTRE MONTANTE E JUSANTE / UMA COMPOSIÇÃO POR TRECHO), COM ESCAVADEIRA HIDRÁULICA (0,8 M3/111 HP), LARG. DE 1,5 M A 2,5 M, EM SOLO DE 1A CATEGORIA, EM LOCAIS COM ALTO NÍVEL DE INTERFERRÊNCI. AF_01/2015 | F55: M3 | I55: =SUM(I56:I58) -> #VALUE! | K55: =IF(A55=B55,IFERROR(VLOOKUP(B55,#REF!,1,0),"-"),"-") -> - | L55: =IF(ISBLANK(B55)=FALSE,1,0) -> 1 | M55: =IF(M54=FALSE,K55,IF(L55=1,M54)) -> -
B56: 5631 | C56: SINAPI | D56: COMPOSIÇÃO AUXILIAR | E56: {=UPPER(IF(C56="COMPOSIÇÃO",_xlfn.XLOOKUP($B56,A:A,E:E,),IF(C56="COTAÇÃO",VLOOKUP($B56,COTAÇÕES!$A$11:$E$37,2,0),BuscarCampoAccess("Descricao",B56,B.A_SINAPI,B.M_SINAPI,C56))))} -> ERRO: CONEXÃO NÃO ESTABELECIDA. CLIQUE EM CONECTAR. | F56: {=UPPER(IF(C56="COMPOSIÇÃO",_xlfn.XLOOKUP($B56,A:A,F:F,),IF(C56="COTAÇÃO",VLOOKUP($B56,COTAÇÕES!$A$11:$E$37,3,0),BuscarCampoAccess("Unidade",B56,B.A_SINAPI,B.M_SINAPI,C56))))} -> ERRO: CONEXÃO NÃO ESTABELECIDA. CLIQUE EM CONECTAR. | G56: 0.0325 | H56: {=UPPER(IF(C56="COMPOSIÇÃO",_xlfn.XLOOKUP($B56,A:A,I:I,),IF(C56="COTAÇÃO",VLOOKUP($B56,COTAÇÕES!$A$11:$E$37,5,0),BuscarCampoAccess("Custo",B56,B.A_SINAPI,B.M_SINAPI,C56))))} -> ERRO: CONEXÃO NÃO ESTABELECIDA. CLIQUE EM CONECTAR. | I56: =TRUNC(G56*H56,2) -> #VALUE! | K56: =IF(A56=B56,IFERROR(VLOOKUP(B56,#REF!,1,0),"-"),"-") -> - | L56: =IF(ISBLANK(B56)=FALSE,1,0) -> 1 | M56: =IF(M55=FALSE,K56,IF(L56=1,M55)) -> -
B57: 5632 | C57: SINAPI | D57: COMPOSIÇÃO AUXILIAR | E57: {=UPPER(IF(C57="COMPOSIÇÃO",_xlfn.XLOOKUP($B57,A:A,E:E,),IF(C57="COTAÇÃO",VLOOKUP($B57,COTAÇÕES!$A$11:$E$37,2,0),BuscarCampoAccess("Descricao",B57,B.A_SINAPI,B.M_SINAPI,C57))))} -> ERRO: CONEXÃO NÃO ESTABELECIDA. CLIQUE EM CONECTAR. | F57: {=UPPER(IF(C57="COMPOSIÇÃO",_xlfn.XLOOKUP($B57,A:A,F:F,),IF(C57="COTAÇÃO",VLOOKUP($B57,COTAÇÕES!$A$11:$E$37,3,0),BuscarCampoAccess("Unidade",B57,B.A_SINAPI,B.M_SINAPI,C57))))} -> ERRO: CONEXÃO NÃO ESTABELECIDA. CLIQUE EM CONECTAR. | G57: 0.0353 | H57: {=UPPER(IF(C57="COMPOSIÇÃO",_xlfn.XLOOKUP($B57,A:A,I:I,),IF(C57="COTAÇÃO",VLOOKUP($B57,COTAÇÕES!$A$11:$E$37,5,0),BuscarCampoAccess("Custo",B57,B.A_SINAPI,B.M_SINAPI,C57))))} -> ERRO: CONEXÃO NÃO ESTABELECIDA. CLIQUE EM CONECTAR. | I57: =TRUNC(G57*H57,2) -> #VALUE! | K57: =IF(A57=B57,IFERROR(VLOOKUP(B57,#REF!,1,0),"-"),"-") -> - | L57: =IF(ISBLANK(B57)=FALSE,1,0) -> 1 | M57: =IF(M56=FALSE,K57,IF(L57=1,M56)) -> -
B58: 88316 | C58: SINAPI | D58: COMPOSIÇÃO AUXILIAR | E58: {=UPPER(IF(C58="COMPOSIÇÃO",_xlfn.XLOOKUP($B58,A:A,E:E,),IF(C58="COTAÇÃO",VLOOKUP($B58,COTAÇÕES!$A$11:$E$37,2,0),BuscarCampoAccess("Descricao",B58,B.A_SINAPI,B.M_SINAPI,C58))))} -> ERRO: CONEXÃO NÃO ESTABELECIDA. CLIQUE EM CONECTAR. | F58: {=UPPER(IF(C58="COMPOSIÇÃO",_xlfn.XLOOKUP($B58,A:A,F:F,),IF(C58="COTAÇÃO",VLOOKUP($B58,COTAÇÕES!$A$11:$E$37,3,0),BuscarCampoAccess("Unidade",B58,B.A_SINAPI,B.M_SINAPI,C58))))} -> ERRO: CONEXÃO NÃO ESTABELECIDA. CLIQUE EM CONECTAR. | G58: 0.0679 | H58: {=UPPER(IF(C58="COMPOSIÇÃO",_xlfn.XLOOKUP($B58,A:A,I:I,),IF(C58="COTAÇÃO",VLOOKUP($B58,COTAÇÕES!$A$11:$E$37,5,0),BuscarCampoAccess("Custo",B58,B.A_SINAPI,B.M_SINAPI,C58))))} -> ERRO: CONEXÃO NÃO ESTABELECIDA. CLIQUE EM CONECTAR. | I58: =TRUNC(G58*H58,2) -> #VALUE! | K58: =IF(A58=B58,IFERROR(VLOOKUP(B58,#REF!,1,0),"-"),"-") -> - | L58: =IF(ISBLANK(B58)=FALSE,1,0) -> 1 | M58: =IF(M57=FALSE,K58,IF(L58=1,M57)) -> -
K59: =IF(A59=B59,IFERROR(VLOOKUP(B59,#REF!,1,0),"-"),"-") -> - | L59: =IF(ISBLANK(B59)=FALSE,1,0) -> 0 | M59: =IF(M58=FALSE,K59,IF(L59=1,M58)) -> FALSE
A60: =IF(AND(D60="",E60<>""),B60,"") -> CPU-CAT 03 | B60: CPU-CAT 03 | E60: REPARO EM RAMAL DE LIGAÇÃO PREDIAL DE ÁGUA | F60: UN | I60: =SUM(I61:I67) -> #VALUE! | K60: =IF(A60=B60,IFERROR(VLOOKUP(B60,#REF!,1,0),"-"),"-") -> - | L60: =IF(ISBLANK(B60)=FALSE,1,0) -> 1 | M60: =IF(M59=FALSE,K60,IF(L60=1,M59)) -> -
B61: 5681 | C61: SINAPI | D61: COMPOSIÇÃO AUXILIAR | E61: {=UPPER(IF(C61="COMPOSIÇÃO",_xlfn.XLOOKUP($B61,A:A,E:E,),IF(C61="COTAÇÃO",VLOOKUP($B61,COTAÇÕES!$A$11:$E$37,2,0),BuscarCampoAccess("Descricao",B61,B.A_SINAPI,B.M_SINAPI,C61))))} -> ERRO: CONEXÃO NÃO ESTABELECIDA. CLIQUE EM CONECTAR. | F61: {=UPPER(IF(C61="COMPOSIÇÃO",_xlfn.XLOOKUP($B61,A:A,F:F,),IF(C61="COTAÇÃO",VLOOKUP($B61,COTAÇÕES!$A$11:$E$37,3,0),BuscarCampoAccess("Unidade",B61,B.A_SINAPI,B.M_SINAPI,C61))))} -> ERRO: CONEXÃO NÃO ESTABELECIDA. CLIQUE EM CONECTAR. | G61: 2.1182 | H61: {=UPPER(IF(C61="COMPOSIÇÃO",_xlfn.XLOOKUP($B61,A:A,I:I,),IF(C61="COTAÇÃO",VLOOKUP($B61,COTAÇÕES!$A$11:$E$37,5,0),BuscarCampoAccess("Custo",B61,B.A_SINAPI,B.M_SINAPI,C61))))} -> ERRO: CONEXÃO NÃO ESTABELECIDA. CLIQUE EM CONECTAR. | I61: =TRUNC(G61*H61,2) -> #VALUE! | K61: =IF(A61=B61,IFERROR(VLOOKUP(B61,#REF!,1,0),"-"),"-") -> - | L61: =IF(ISBLANK(B61)=FALSE,1,0) -> 1 | M61: =IF(M60=FALSE,K61,IF(L61=1,M60)) -> -
B62: 88316 | C62: SINAPI | D62: COMPOSIÇÃO AUXILIAR | E62: {=UPPER(IF(C62="COMPOSIÇÃO",_xlfn.XLOOKUP($B62,A:A,E:E,),IF(C62="COTAÇÃO",VLOOKUP($B62,COTAÇÕES!$A$11:$E$37,2,0),BuscarCampoAccess("Descricao",B62,B.A_SINAPI,B.M_SINAPI,C62))))} -> ERRO: CONEXÃO NÃO ESTABELECIDA. CLIQUE EM CONECTAR. | F62: {=UPPER(IF(C62="COMPOSIÇÃO",_xlfn.XLOOKUP($B62,A:A,F:F,),IF(C62="COTAÇÃO",VLOOKUP($B62,COTAÇÕES!$A$11:$E$37,3,0),BuscarCampoAccess("Unidade",B62,B.A_SINAPI,B.M_SINAPI,C62))))} -> ERRO: CONEXÃO NÃO ESTABELECIDA. CLIQUE EM CONECTAR. | G62: 0.04 | H62: {=UPPER(IF(C62="COMPOSIÇÃO",_xlfn.XLOOKUP($B62,A:A,I:I,),IF(C62="COTAÇÃO",VLOOKUP($B62,COTAÇÕES!$A$11:$E$37,5,0),BuscarCampoAccess("Custo",B62,B.A_SINAPI,B.M_SINAPI,C62))))} -> ERRO: CONEXÃO NÃO ESTABELECIDA. CLIQUE EM CONECTAR. | I62: =TRUNC(G62*H62,2) -> #VALUE! | K62: =IF(A62=B62,IFERROR(VLOOKUP(B62,#REF!,1,0),"-"),"-") -> - | L62: =IF(ISBLANK(B62)=FALSE,1,0) -> 1 | M62: =IF(M61=FALSE,K62,IF(L62=1,M61)) -> -
B63: 88267 | C63: SINAPI | D63: COMPOSIÇÃO AUXILIAR | E63: {=UPPER(IF(C63="COMPOSIÇÃO",_xlfn.XLOOKUP($B63,A:A,E:E,),IF(C63="COTAÇÃO",VLOOKUP($B63,COTAÇÕES!$A$11:$E$37,2,0),BuscarCampoAccess("Descricao",B63,B.A_SINAPI,B.M_SINAPI,C63))))} -> ERRO: CONEXÃO NÃO ESTABELECIDA. CLIQUE EM CONECTAR. | F63: {=UPPER(IF(C63="COMPOSIÇÃO",_xlfn.XLOOKUP($B63,A:A,F:F,),IF(C63="COTAÇÃO",VLOOKUP($B63,COTAÇÕES!$A$11:$E$37,3,0),BuscarCampoAccess("Unidade",B63,B.A_SINAPI,B.M_SINAPI,C63))))} -> ERRO: CONEXÃO NÃO ESTABELECIDA. CLIQUE EM CONECTAR. | G63: 0.04 | H63: {=UPPER(IF(C63="COMPOSIÇÃO",_xlfn.XLOOKUP($B63,A:A,I:I,),IF(C63="COTAÇÃO",VLOOKUP($B63,COTAÇÕES!$A$11:$E$37,5,0),BuscarCampoAccess("Custo",B63,B.A_SINAPI,B.M_SINAPI,C63))))} -> ERRO: CONEXÃO NÃO ESTABELECIDA. CLIQUE EM CONECTAR. | I63: =TRUNC(G63*H63,2) -> #VALUE! | K63: =IF(A63=B63,IFERROR(VLOOKUP(B63,#REF!,1,0),"-"),"-") -> - | L63: =IF(ISBLANK(B63)=FALSE,1,0) -> 1 | M63: =IF(M62=FALSE,K63,IF(L63=1,M62)) -> -
B64: 9813 | C64: SINAPI | D64: COMPOSIÇÃO AUXILIAR | E64: {=UPPER(IF(C64="COMPOSIÇÃO",_xlfn.XLOOKUP($B64,A:A,E:E,),IF(C64="COTAÇÃO",VLOOKUP($B64,COTAÇÕES!$A$11:$E$37,2,0),BuscarCampoAccess("Descricao",B64,B.A_SINAPI,B.M_SINAPI,C64))))} -> ERRO: CONEXÃO NÃO ESTABELECIDA. CLIQUE EM CONECTAR. | F64: {=UPPER(IF(C64="COMPOSIÇÃO",_xlfn.XLOOKUP($B64,A:A,F:F,),IF(C64="COTAÇÃO",VLOOKUP($B64,COTAÇÕES!$A$11:$E$37,3,0),BuscarCampoAccess("Unidade",B64,B.A_SINAPI,B.M_SINAPI,C64))))} -> ERRO: CONEXÃO NÃO ESTABELECIDA. CLIQUE EM CONECTAR. | G64: 2 | H64: {=UPPER(IF(C64="COMPOSIÇÃO",_xlfn.XLOOKUP($B64,A:A,I:I,),IF(C64="COTAÇÃO",VLOOKUP($B64,COTAÇÕES!$A$11:$E$37,5,0),BuscarCampoAccess("Custo",B64,B.A_SINAPI,B.M_SINAPI,C64))))} -> ERRO: CONEXÃO NÃO ESTABELECIDA. CLIQUE EM CONECTAR. | I64: =TRUNC(G64*H64,2) -> #VALUE! | K64: =IF(A64=B64,IFERROR(VLOOKUP(B64,#REF!,1,0),"-"),"-") -> - | L64: =IF(ISBLANK(B64)=FALSE,1,0) -> 1 | M64: =IF(M63=FALSE,K64,IF(L64=1,M63)) -> -
B65: 64 | C65: SINAPI | D65: COMPOSIÇÃO AUXILIAR | E65: {=UPPER(IF(C65="COMPOSIÇÃO",_xlfn.XLOOKUP($B65,A:A,E:E,),IF(C65="COTAÇÃO",VLOOKUP($B65,COTAÇÕES!$A$11:$E$37,2,0),BuscarCampoAccess("Descricao",B65,B.A_SINAPI,B.M_SINAPI,C65))))} -> ERRO: CONEXÃO NÃO ESTABELECIDA. CLIQUE EM CONECTAR. | F65: {=UPPER(IF(C65="COMPOSIÇÃO",_xlfn.XLOOKUP($B65,A:A,F:F,),IF(C65="COTAÇÃO",VLOOKUP($B65,COTAÇÕES!$A$11:$E$37,3,0),BuscarCampoAccess("Unidade",B65,B.A_SINAPI,B.M_SINAPI,C65))))} -> ERRO: CONEXÃO NÃO ESTABELECIDA. CLIQUE EM CONECTAR. | G65: 2 | H65: {=UPPER(IF(C65="COMPOSIÇÃO",_xlfn.XLOOKUP($B65,A:A,I:I,),IF(C65="COTAÇÃO",VLOOKUP($B65,COTAÇÕES!$A$11:$E$37,5,0),BuscarCampoAccess("Custo",B65,B.A_SINAPI,B.M_SINAPI,C65))))} -> ERRO: CONEXÃO NÃO ESTABELECIDA. CLIQUE EM CONECTAR. | I65: =TRUNC(G65*H65,2) -> #VALUE! | K65: =IF(A65=B65,IFERROR(VLOOKUP(B65,#REF!,1,0),"-"),"-") -> - | L65: =IF(ISBLANK(B65)=FALSE,1,0) -> 1 | M65: =IF(M64=FALSE,K65,IF(L65=1,M64)) -> -
B66: 93358 | C66: SINAPI | D66: COMPOSIÇÃO AUXILIAR | E66: {=UPPER(IF(C66="COMPOSIÇÃO",_xlfn.XLOOKUP($B66,A:A,E:E,),IF(C66="COTAÇÃO",VLOOKUP($B66,COTAÇÕES!$A$11:$E$37,2,0),BuscarCampoAccess("Descricao",B66,B.A_SINAPI,B.M_SINAPI,C66))))} -> ERRO: CONEXÃO NÃO ESTABELECIDA. CLIQUE EM CONECTAR. | F66: {=UPPER(IF(C66="COMPOSIÇÃO",_xlfn.XLOOKUP($B66,A:A,F:F,),IF(C66="COTAÇÃO",VLOOKUP($B66,COTAÇÕES!$A$11:$E$37,3,0),BuscarCampoAccess("Unidade",B66,B.A_SINAPI,B.M_SINAPI,C66))))} -> ERRO: CONEXÃO NÃO ESTABELECIDA. CLIQUE EM CONECTAR. | G66: 1 | H66: {=UPPER(IF(C66="COMPOSIÇÃO",_xlfn.XLOOKUP($B66,A:A,I:I,),IF(C66="COTAÇÃO",VLOOKUP($B66,COTAÇÕES!$A$11:$E$37,5,0),BuscarCampoAccess("Custo",B66,B.A_SINAPI,B.M_SINAPI,C66))))} -> ERRO: CONEXÃO NÃO ESTABELECIDA. CLIQUE EM CONECTAR. | I66: =TRUNC(G66*H66,2) -> #VALUE! | K66: =IF(A66=B66,IFERROR(VLOOKUP(B66,#REF!,1,0),"-"),"-") -> - | L66: =IF(ISBLANK(B66)=FALSE,1,0) -> 1 | M66: =IF(M65=FALSE,K66,IF(L66=1,M65)) -> -
B67: 93382 | C67: SINAPI | D67: COMPOSIÇÃO AUXILIAR | E67: {=UPPER(IF(C67="COMPOSIÇÃO",_xlfn.XLOOKUP($B67,A:A,E:E,),IF(C67="COTAÇÃO",VLOOKUP($B67,COTAÇÕES!$A$11:$E$37,2,0),BuscarCampoAccess("Descricao",B67,B.A_SINAPI,B.M_SINAPI,C67))))} -> ERRO: CONEXÃO NÃO ESTABELECIDA. CLIQUE EM CONECTAR. | F67: {=UPPER(IF(C67="COMPOSIÇÃO",_xlfn.XLOOKUP($B67,A:A,F:F,),IF(C67="COTAÇÃO",VLOOKUP($B67,COTAÇÕES!$A$11:$E$37,3,0),BuscarCampoAccess("Unidade",B67,B.A_SINAPI,B.M_SINAPI,C67))))} -> ERRO: CONEXÃO NÃO ESTABELECIDA. CLIQUE EM CONECTAR. | G67: 1 | H67: {=UPPER(IF(C67="COMPOSIÇÃO",_xlfn.XLOOKUP($B67,A:A,I:I,),IF(C67="COTAÇÃO",VLOOKUP($B67,COTAÇÕES!$A$11:$E$37,5,0),BuscarCampoAccess("Custo",B67,B.A_SINAPI,B.M_SINAPI,C67))))} -> ERRO: CONEXÃO NÃO ESTABELECIDA. CLIQUE EM CONECTAR. | I67: =TRUNC(G67*H67,2) -> #VALUE! | K67: =IF(A67=B67,IFERROR(VLOOKUP(B67,#REF!,1,0),"-"),"-") -> - | L67: =IF(ISBLANK(B67)=FALSE,1,0) -> 1 | M67: =IF(M66=FALSE,K67,IF(L67=1,M66)) -> -
K68: =IF(A68=B68,IFERROR(VLOOKUP(B68,#REF!,1,0),"-"),"-") -> - | L68: =IF(ISBLANK(B68)=FALSE,1,0) -> 0 | M68: =IF(M67=FALSE,K68,IF(L68=1,M67)) -> FALSE
A69: =IF(AND(D69="",E69<>""),B69,"") -> CPU-CAT 04 | B69: CPU-CAT 04 | E69: SONDAGEM DE INVESTIGAÇÃO DE INTERFERÊNCIAS SUBTERRÂNEAS, INCLUINDO ESCAVAÇÕES MECÂNICA E MANUAL E REATERRO | F69: UN | I69: =SUM(I70:I72) -> #VALUE! | K69: =IF(A69=B69,IFERROR(VLOOKUP(B69,#REF!,1,0),"-"),"-") -> - | L69: =IF(ISBLANK(B69)=FALSE,1,0) -> 1 | M69: =IF(M68=FALSE,K69,IF(L69=1,M68)) -> -
B70: 90099 | C70: SINAPI | D70: COMPOSIÇÃO AUXILIAR | E70: {=UPPER(IF(C70="COMPOSIÇÃO",_xlfn.XLOOKUP($B70,A:A,E:E,),IF(C70="COTAÇÃO",VLOOKUP($B70,COTAÇÕES!$A$11:$E$37,2,0),BuscarCampoAccess("Descricao",B70,B.A_SINAPI,B.M_SINAPI,C70))))} -> ERRO: CONEXÃO NÃO ESTABELECIDA. CLIQUE EM CONECTAR. | F70: {=UPPER(IF(C70="COMPOSIÇÃO",_xlfn.XLOOKUP($B70,A:A,F:F,),IF(C70="COTAÇÃO",VLOOKUP($B70,COTAÇÕES!$A$11:$E$37,3,0),BuscarCampoAccess("Unidade",B70,B.A_SINAPI,B.M_SINAPI,C70))))} -> ERRO: CONEXÃO NÃO ESTABELECIDA. CLIQUE EM CONECTAR. | G70: 2.88 | H70: {=UPPER(IF(C70="COMPOSIÇÃO",_xlfn.XLOOKUP($B70,A:A,I:I,),IF(C70="COTAÇÃO",VLOOKUP($B70,COTAÇÕES!$A$11:$E$37,5,0),BuscarCampoAccess("Custo",B70,B.A_SINAPI,B.M_SINAPI,C70))))} -> ERRO: CONEXÃO NÃO ESTABELECIDA. CLIQUE EM CONECTAR. | I70: =TRUNC(G70*H70,2) -> #VALUE! | K70: =IF(A70=B70,IFERROR(VLOOKUP(B70,#REF!,1,0),"-"),"-") -> - | L70: =IF(ISBLANK(B70)=FALSE,1,0) -> 1 | M70: =IF(M69=FALSE,K70,IF(L70=1,M69)) -> -
B71: 93358 | C71: SINAPI | D71: COMPOSIÇÃO AUXILIAR | E71: {=UPPER(IF(C71="COMPOSIÇÃO",_xlfn.XLOOKUP($B71,A:A,E:E,),IF(C71="COTAÇÃO",VLOOKUP($B71,COTAÇÕES!$A$11:$E$37,2,0),BuscarCampoAccess("Descricao",B71,B.A_SINAPI,B.M_SINAPI,C71))))} -> ERRO: CONEXÃO NÃO ESTABELECIDA. CLIQUE EM CONECTAR. | F71: {=UPPER(IF(C71="COMPOSIÇÃO",_xlfn.XLOOKUP($B71,A:A,F:F,),IF(C71="COTAÇÃO",VLOOKUP($B71,COTAÇÕES!$A$11:$E$37,3,0),BuscarCampoAccess("Unidade",B71,B.A_SINAPI,B.M_SINAPI,C71))))} -> ERRO: CONEXÃO NÃO ESTABELECIDA. CLIQUE EM CONECTAR. | G71: 1.92 | H71: {=UPPER(IF(C71="COMPOSIÇÃO",_xlfn.XLOOKUP($B71,A:A,I:I,),IF(C71="COTAÇÃO",VLOOKUP($B71,COTAÇÕES!$A$11:$E$37,5,0),BuscarCampoAccess("Custo",B71,B.A_SINAPI,B.M_SINAPI,C71))))} -> ERRO: CONEXÃO NÃO ESTABELECIDA. CLIQUE EM CONECTAR. | I71: =TRUNC(G71*H71,2) -> #VALUE! | K71: =IF(A71=B71,IFERROR(VLOOKUP(B71,#REF!,1,0),"-"),"-") -> - | L71: =IF(ISBLANK(B71)=FALSE,1,0) -> 1 | M71: =IF(M70=FALSE,K71,IF(L71=1,M70)) -> -
B72: 93378 | C72: SINAPI | D72: COMPOSIÇÃO AUXILIAR | E72: {=UPPER(IF(C72="COMPOSIÇÃO",_xlfn.XLOOKUP($B72,A:A,E:E,),IF(C72="COTAÇÃO",VLOOKUP($B72,COTAÇÕES!$A$11:$E$37,2,0),BuscarCampoAccess("Descricao",B72,B.A_SINAPI,B.M_SINAPI,C72))))} -> ERRO: CONEXÃO NÃO ESTABELECIDA. CLIQUE EM CONECTAR. | F72: {=UPPER(IF(C72="COMPOSIÇÃO",_xlfn.XLOOKUP($B72,A:A,F:F,),IF(C72="COTAÇÃO",VLOOKUP($B72,COTAÇÕES!$A$11:$E$37,3,0),BuscarCampoAccess("Unidade",B72,B.A_SINAPI,B.M_SINAPI,C72))))} -> ERRO: CONEXÃO NÃO ESTABELECIDA. CLIQUE EM CONECTAR. | G72: 4.8 | H72: {=UPPER(IF(C72="COMPOSIÇÃO",_xlfn.XLOOKUP($B72,A:A,I:I,),IF(C72="COTAÇÃO",VLOOKUP($B72,COTAÇÕES!$A$11:$E$37,5,0),BuscarCampoAccess("Custo",B72,B.A_SINAPI,B.M_SINAPI,C72))))} -> ERRO: CONEXÃO NÃO ESTABELECIDA. CLIQUE EM CONECTAR. | I72: =TRUNC(G72*H72,2) -> #VALUE! | K72: =IF(A72=B72,IFERROR(VLOOKUP(B72,#REF!,1,0),"-"),"-") -> - | L72: =IF(ISBLANK(B72)=FALSE,1,0) -> 1 | M72: =IF(M71=FALSE,K72,IF(L72=1,M71)) -> -
K73: =IF(A73=B73,IFERROR(VLOOKUP(B73,#REF!,1,0),"-"),"-") -> - | L73: =IF(ISBLANK(B73)=FALSE,1,0) -> 0 | M73: =IF(M72=FALSE,K73,IF(L73=1,M72)) -> FALSE
A74: =IF(AND(D74="",E74<>""),B74,"") -> CPU-DRED 02 | B74: CPU-DRED 02 | E74: BLS - BOCA-DE-LOBO SIMPLES EM CONCRETO SIMPLES FCK 20 MPA, INCLUINDO FORMA, ESCAVAÇÃO, SARJETA DE CONTORNO (CHAMA) EM CONCRETO E GRELHAS EM F°F° TIPO PESADA, CONFORME PROJETO | F74: UN | I74: =SUM(I75:I84) -> #VALUE! | K74: =IF(A74=B74,IFERROR(VLOOKUP(B74,#REF!,1,0),"-"),"-") -> - | L74: =IF(ISBLANK(B74)=FALSE,1,0) -> 1 | M74: =IF(M73=FALSE,K74,IF(L74=1,M73)) -> -
B75: 97636 | C75: SINAPI | D75: COMPOSIÇÃO AUXILIAR | E75: {=UPPER(IF(C75="COMPOSIÇÃO",_xlfn.XLOOKUP($B75,A:A,E:E,),IF(C75="COTAÇÃO",VLOOKUP($B75,COTAÇÕES!$A$11:$E$37,2,0),BuscarCampoAccess("Descricao",B75,B.A_SINAPI,B.M_SINAPI,C75))))} -> ERRO: CONEXÃO NÃO ESTABELECIDA. CLIQUE EM CONECTAR. | F75: {=UPPER(IF(C75="COMPOSIÇÃO",_xlfn.XLOOKUP($B75,A:A,F:F,),IF(C75="COTAÇÃO",VLOOKUP($B75,COTAÇÕES!$A$11:$E$37,3,0),BuscarCampoAccess("Unidade",B75,B.A_SINAPI,B.M_SINAPI,C75))))} -> ERRO: CONEXÃO NÃO ESTABELECIDA. CLIQUE EM CONECTAR. | G75: 3.165 | H75: {=UPPER(IF(C75="COMPOSIÇÃO",_xlfn.XLOOKUP($B75,A:A,I:I,),IF(C75="COTAÇÃO",VLOOKUP($B75,COTAÇÕES!$A$11:$E$37,5,0),BuscarCampoAccess("Custo",B75,B.A_SINAPI,B.M_SINAPI,C75))))} -> ERRO: CONEXÃO NÃO ESTABELECIDA. CLIQUE EM CONECTAR. | I75: =TRUNC(G75*H75,2) -> #VALUE! | K75: =IF(A75=B75,IFERROR(VLOOKUP(B75,#REF!,1,0),"-"),"-") -> - | L75: =IF(ISBLANK(B75)=FALSE,1,0) -> 1 | M75: =IF(M74=FALSE,K75,IF(L75=1,M74)) -> -
B76: 93358 | C76: SINAPI | D76: COMPOSIÇÃO AUXILIAR | E76: {=UPPER(IF(C76="COMPOSIÇÃO",_xlfn.XLOOKUP($B76,A:A,E:E,),IF(C76="COTAÇÃO",VLOOKUP($B76,COTAÇÕES!$A$11:$E$37,2,0),BuscarCampoAccess("Descricao",B76,B.A_SINAPI,B.M_SINAPI,C76))))} -> ERRO: CONEXÃO NÃO ESTABELECIDA. CLIQUE EM CONECTAR. | F76: {=UPPER(IF(C76="COMPOSIÇÃO",_xlfn.XLOOKUP($B76,A:A,F:F,),IF(C76="COTAÇÃO",VLOOKUP($B76,COTAÇÕES!$A$11:$E$37,3,0),BuscarCampoAccess("Unidade",B76,B.A_SINAPI,B.M_SINAPI,C76))))} -> ERRO: CONEXÃO NÃO ESTABELECIDA. CLIQUE EM CONECTAR. | G76: 1.0416 | H76: {=UPPER(IF(C76="COMPOSIÇÃO",_xlfn.XLOOKUP($B76,A:A,I:I,),IF(C76="COTAÇÃO",VLOOKUP($B76,COTAÇÕES!$A$11:$E$37,5,0),BuscarCampoAccess("Custo",B76,B.A_SINAPI,B.M_SINAPI,C76))))} -> ERRO: CONEXÃO NÃO ESTABELECIDA. CLIQUE EM CONECTAR. | I76: =TRUNC(G76*H76,2) -> #VALUE! | K76: =IF(A76=B76,IFERROR(VLOOKUP(B76,#REF!,1,0),"-"),"-") -> - | L76: =IF(ISBLANK(B76)=FALSE,1,0) -> 1 | M76: =IF(M75=FALSE,K76,IF(L76=1,M75)) -> -
B77: 101616 | C77: SINAPI | D77: COMPOSIÇÃO AUXILIAR | E77: {=UPPER(IF(C77="COMPOSIÇÃO",_xlfn.XLOOKUP($B77,A:A,E:E,),IF(C77="COTAÇÃO",VLOOKUP($B77,COTAÇÕES!$A$11:$E$37,2,0),BuscarCampoAccess("Descricao",B77,B.A_SINAPI,B.M_SINAPI,C77))))} -> ERRO: CONEXÃO NÃO ESTABELECIDA. CLIQUE EM CONECTAR. | F77: {=UPPER(IF(C77="COMPOSIÇÃO",_xlfn.XLOOKUP($B77,A:A,F:F,),IF(C77="COTAÇÃO",VLOOKUP($B77,COTAÇÕES!$A$11:$E$37,3,0),BuscarCampoAccess("Unidade",B77,B.A_SINAPI,B.M_SINAPI,C77))))} -> ERRO: CONEXÃO NÃO ESTABELECIDA. CLIQUE EM CONECTAR. | G77: 1.042 | H77: {=UPPER(IF(C77="COMPOSIÇÃO",_xlfn.XLOOKUP($B77,A:A,I:I,),IF(C77="COTAÇÃO",VLOOKUP($B77,COTAÇÕES!$A$11:$E$37,5,0),BuscarCampoAccess("Custo",B77,B.A_SINAPI,B.M_SINAPI,C77))))} -> ERRO: CONEXÃO NÃO ESTABELECIDA. CLIQUE EM CONECTAR. | I77: =TRUNC(G77*H77,2) -> #VALUE! | K77: =IF(A77=B77,IFERROR(VLOOKUP(B77,#REF!,1,0),"-"),"-") -> - | L77: =IF(ISBLANK(B77)=FALSE,1,0) -> 1 | M77: =IF(M76=FALSE,K77,IF(L77=1,M76)) -> -
B78: 92475 | C78: SINAPI | D78: COMPOSIÇÃO AUXILIAR | E78: {=UPPER(IF(C78="COMPOSIÇÃO",_xlfn.XLOOKUP($B78,A:A,E:E,),IF(C78="COTAÇÃO",VLOOKUP($B78,COTAÇÕES!$A$11:$E$37,2,0),BuscarCampoAccess("Descricao",B78,B.A_SINAPI,B.M_SINAPI,C78))))} -> ERRO: CONEXÃO NÃO ESTABELECIDA. CLIQUE EM CONECTAR. | F78: {=UPPER(IF(C78="COMPOSIÇÃO",_xlfn.XLOOKUP($B78,A:A,F:F,),IF(C78="COTAÇÃO",VLOOKUP($B78,COTAÇÕES!$A$11:$E$37,3,0),BuscarCampoAccess("Unidade",B78,B.A_SINAPI,B.M_SINAPI,C78))))} -> ERRO: CONEXÃO NÃO ESTABELECIDA. CLIQUE EM CONECTAR. | G78: 3.2 | H78: {=UPPER(IF(C78="COMPOSIÇÃO",_xlfn.XLOOKUP($B78,A:A,I:I,),IF(C78="COTAÇÃO",VLOOKUP($B78,COTAÇÕES!$A$11:$E$37,5,0),BuscarCampoAccess("Custo",B78,B.A_SINAPI,B.M_SINAPI,C78))))} -> ERRO: CONEXÃO NÃO ESTABELECIDA. CLIQUE EM CONECTAR. | I78: =TRUNC(G78*H78,2) -> #VALUE! | K78: =IF(A78=B78,IFERROR(VLOOKUP(B78,#REF!,1,0),"-"),"-") -> - | L78: =IF(ISBLANK(B78)=FALSE,1,0) -> 1 | M78: =IF(M77=FALSE,K78,IF(L78=1,M77)) -> -
B79: 92917 | C79: SINAPI | D79: COMPOSIÇÃO AUXILIAR | E79: {=UPPER(IF(C79="COMPOSIÇÃO",_xlfn.XLOOKUP($B79,A:A,E:E,),IF(C79="COTAÇÃO",VLOOKUP($B79,COTAÇÕES!$A$11:$E$37,2,0),BuscarCampoAccess("Descricao",B79,B.A_SINAPI,B.M_SINAPI,C79))))} -> ERRO: CONEXÃO NÃO ESTABELECIDA. CLIQUE EM CONECTAR. | F79: {=UPPER(IF(C79="COMPOSIÇÃO",_xlfn.XLOOKUP($B79,A:A,F:F,),IF(C79="COTAÇÃO",VLOOKUP($B79,COTAÇÕES!$A$11:$E$37,3,0),BuscarCampoAccess("Unidade",B79,B.A_SINAPI,B.M_SINAPI,C79))))} -> ERRO: CONEXÃO NÃO ESTABELECIDA. CLIQUE EM CONECTAR. | G79: 2.8 | H79: {=UPPER(IF(C79="COMPOSIÇÃO",_xlfn.XLOOKUP($B79,A:A,I:I,),IF(C79="COTAÇÃO",VLOOKUP($B79,COTAÇÕES!$A$11:$E$37,5,0),BuscarCampoAccess("Custo",B79,B.A_SINAPI,B.M_SINAPI,C79))))} -> ERRO: CONEXÃO NÃO ESTABELECIDA. CLIQUE EM CONECTAR. | I79: =TRUNC(G79*H79,2) -> #VALUE! | K79: =IF(A79=B79,IFERROR(VLOOKUP(B79,#REF!,1,0),"-"),"-") -> - | L79: =IF(ISBLANK(B79)=FALSE,1,0) -> 1 | M79: =IF(M78=FALSE,K79,IF(L79=1,M78)) -> -
B80: 92915 | C80: SINAPI | D80: COMPOSIÇÃO AUXILIAR | E80: {=UPPER(IF(C80="COMPOSIÇÃO",_xlfn.XLOOKUP($B80,A:A,E:E,),IF(C80="COTAÇÃO",VLOOKUP($B80,COTAÇÕES!$A$11:$E$37,2,0),BuscarCampoAccess("Descricao",B80,B.A_SINAPI,B.M_SINAPI,C80))))} -> ERRO: CONEXÃO NÃO ESTABELECIDA. CLIQUE EM CONECTAR. | F80: {=UPPER(IF(C80="COMPOSIÇÃO",_xlfn.XLOOKUP($B80,A:A,F:F,),IF(C80="COTAÇÃO",VLOOKUP($B80,COTAÇÕES!$A$11:$E$37,3,0),BuscarCampoAccess("Unidade",B80,B.A_SINAPI,B.M_SINAPI,C80))))} -> ERRO: CONEXÃO NÃO ESTABELECIDA. CLIQUE EM CONECTAR. | G80: 0.68 | H80: {=UPPER(IF(C80="COMPOSIÇÃO",_xlfn.XLOOKUP($B80,A:A,I:I,),IF(C80="COTAÇÃO",VLOOKUP($B80,COTAÇÕES!$A$11:$E$37,5,0),BuscarCampoAccess("Custo",B80,B.A_SINAPI,B.M_SINAPI,C80))))} -> ERRO: CONEXÃO NÃO ESTABELECIDA. CLIQUE EM CONECTAR. | I80: =TRUNC(G80*H80,2) -> #VALUE! | K80: =IF(A80=B80,IFERROR(VLOOKUP(B80,#REF!,1,0),"-"),"-") -> - | L80: =IF(ISBLANK(B80)=FALSE,1,0) -> 1 | M80: =IF(M79=FALSE,K80,IF(L80=1,M79)) -> -
B81: 94964 | C81: SINAPI | D81: COMPOSIÇÃO AUXILIAR | E81: {=UPPER(IF(C81="COMPOSIÇÃO",_xlfn.XLOOKUP($B81,A:A,E:E,),IF(C81="COTAÇÃO",VLOOKUP($B81,COTAÇÕES!$A$11:$E$37,2,0),BuscarCampoAccess("Descricao",B81,B.A_SINAPI,B.M_SINAPI,C81))))} -> ERRO: CONEXÃO NÃO ESTABELECIDA. CLIQUE EM CONECTAR. | F81: {=UPPER(IF(C81="COMPOSIÇÃO",_xlfn.XLOOKUP($B81,A:A,F:F,),IF(C81="COTAÇÃO",VLOOKUP($B81,COTAÇÕES!$A$11:$E$37,3,0),BuscarCampoAccess("Unidade",B81,B.A_SINAPI,B.M_SINAPI,C81))))} -> ERRO: CONEXÃO NÃO ESTABELECIDA. CLIQUE EM CONECTAR. | G81: 0.6141 | H81: {=UPPER(IF(C81="COMPOSIÇÃO",_xlfn.XLOOKUP($B81,A:A,I:I,),IF(C81="COTAÇÃO",VLOOKUP($B81,COTAÇÕES!$A$11:$E$37,5,0),BuscarCampoAccess("Custo",B81,B.A_SINAPI,B.M_SINAPI,C81))))} -> ERRO: CONEXÃO NÃO ESTABELECIDA. CLIQUE EM CONECTAR. | I81: =TRUNC(G81*H81,2) -> #VALUE! | K81: =IF(A81=B81,IFERROR(VLOOKUP(B81,#REF!,1,0),"-"),"-") -> - | L81: =IF(ISBLANK(B81)=FALSE,1,0) -> 1 | M81: =IF(M80=FALSE,K81,IF(L81=1,M80)) -> -
B82: 103670 | C82: SINAPI | D82: COMPOSIÇÃO AUXILIAR | E82: {=UPPER(IF(C82="COMPOSIÇÃO",_xlfn.XLOOKUP($B82,A:A,E:E,),IF(C82="COTAÇÃO",VLOOKUP($B82,COTAÇÕES!$A$11:$E$37,2,0),BuscarCampoAccess("Descricao",B82,B.A_SINAPI,B.M_SINAPI,C82))))} -> ERRO: CONEXÃO NÃO ESTABELECIDA. CLIQUE EM CONECTAR. | F82: {=UPPER(IF(C82="COMPOSIÇÃO",_xlfn.XLOOKUP($B82,A:A,F:F,),IF(C82="COTAÇÃO",VLOOKUP($B82,COTAÇÕES!$A$11:$E$37,3,0),BuscarCampoAccess("Unidade",B82,B.A_SINAPI,B.M_SINAPI,C82))))} -> ERRO: CONEXÃO NÃO ESTABELECIDA. CLIQUE EM CONECTAR. | G82: 0.6141 | H82: {=UPPER(IF(C82="COMPOSIÇÃO",_xlfn.XLOOKUP($B82,A:A,I:I,),IF(C82="COTAÇÃO",VLOOKUP($B82,COTAÇÕES!$A$11:$E$37,5,0),BuscarCampoAccess("Custo",B82,B.A_SINAPI,B.M_SINAPI,C82))))} -> ERRO: CONEXÃO NÃO ESTABELECIDA. CLIQUE EM CONECTAR. | I82: =TRUNC(G82*H82,2) -> #VALUE! | K82: =IF(A82=B82,IFERROR(VLOOKUP(B82,#REF!,1,0),"-"),"-") -> - | L82: =IF(ISBLANK(B82)=FALSE,1,0) -> 1 | M82: =IF(M81=FALSE,K82,IF(L82=1,M81)) -> -
B83: 5928 | C83: SINAPI | D83: COMPOSIÇÃO AUXILIAR | E83: {=UPPER(IF(C83="COMPOSIÇÃO",_xlfn.XLOOKUP($B83,A:A,E:E,),IF(C83="COTAÇÃO",VLOOKUP($B83,COTAÇÕES!$A$11:$E$37,2,0),BuscarCampoAccess("Descricao",B83,B.A_SINAPI,B.M_SINAPI,C83))))} -> ERRO: CONEXÃO NÃO ESTABELECIDA. CLIQUE EM CONECTAR. | F83: {=UPPER(IF(C83="COMPOSIÇÃO",_xlfn.XLOOKUP($B83,A:A,F:F,),IF(C83="COTAÇÃO",VLOOKUP($B83,COTAÇÕES!$A$11:$E$37,3,0),BuscarCampoAccess("Unidade",B83,B.A_SINAPI,B.M_SINAPI,C83))))} -> ERRO: CONEXÃO NÃO ESTABELECIDA. CLIQUE EM CONECTAR. | G83: 0.1 | H83: {=UPPER(IF(C83="COMPOSIÇÃO",_xlfn.XLOOKUP($B83,A:A,I:I,),IF(C83="COTAÇÃO",VLOOKUP($B83,COTAÇÕES!$A$11:$E$37,5,0),BuscarCampoAccess("Custo",B83,B.A_SINAPI,B.M_SINAPI,C83))))} -> ERRO: CONEXÃO NÃO ESTABELECIDA. CLIQUE EM CONECTAR. | I83: =TRUNC(G83*H83,2) -> #VALUE! | K83: =IF(A83=B83,IFERROR(VLOOKUP(B83,#REF!,1,0),"-"),"-") -> - | L83: =IF(ISBLANK(B83)=FALSE,1,0) -> 1 | M83: =IF(M82=FALSE,K83,IF(L83=1,M82)) -> -
B84: CT02 | C84: COTAÇÃO | D84: COTAÇÃO | E84: {=UPPER(IF(C84="COMPOSIÇÃO",_xlfn.XLOOKUP($B84,A:A,E:E,),IF(C84="COTAÇÃO",VLOOKUP($B84,COTAÇÕES!$A$11:$E$37,2,0),BuscarCampoAccess("Descricao",B84,B.A_SINAPI,B.M_SINAPI,C84))))} -> GRELHA FOFO ARTICULADA, CLASSE D400, CARGA MÁXIMA 40T, 50 X 100 CM, PARA BOCA DE LOBO | F84: {=UPPER(IF(C84="COMPOSIÇÃO",_xlfn.XLOOKUP($B84,A:A,F:F,),IF(C84="COTAÇÃO",VLOOKUP($B84,COTAÇÕES!$A$11:$E$37,3,0),BuscarCampoAccess("Unidade",B84,B.A_SINAPI,B.M_SINAPI,C84))))} -> UN | G84: 1 | H84: {=UPPER(IF(C84="COMPOSIÇÃO",_xlfn.XLOOKUP($B84,A:A,I:I,),IF(C84="COTAÇÃO",VLOOKUP($B84,COTAÇÕES!$A$11:$E$37,5,0),BuscarCampoAccess("Custo",B84,B.A_SINAPI,B.M_SINAPI,C84))))} -> 707,75 | I84: =TRUNC(G84*H84,2) -> 707.75 | K84: =IF(A84=B84,IFERROR(VLOOKUP(B84,#REF!,1,0),"-"),"-") -> - | L84: =IF(ISBLANK(B84)=FALSE,1,0) -> 1 | M84: =IF(M83=FALSE,K84,IF(L84=1,M83)) -> -
K85: =IF(A85=B85,IFERROR(VLOOKUP(B85,#REF!,1,0),"-"),"-") -> - | L85: =IF(ISBLANK(B85)=FALSE,1,0) -> 0 | M85: =IF(M84=FALSE,K85,IF(L85=1,M84)) -> FALSE
A86: =IF(AND(D86="",E86<>""),B86,"") -> CPU-DRED 03 | B86: CPU-DRED 03 | E86: BLD - BOCA DE LOBO DUPLA, EM CONCRETO SIMPLES FCK 20 MPA, INCLUINDO FORMA, ESCAVAÇÃO, CALÇAMENTO AO REDOR E GRELHAS EM FOFO TIPO PESADA, CONFORME PROJETO | F86: UN | I86: =SUM(I87:I96) -> #VALUE! | K86: =IF(A86=B86,IFERROR(VLOOKUP(B86,#REF!,1,0),"-"),"-") -> - | L86: =IF(ISBLANK(B86)=FALSE,1,0) -> 1 | M86: =IF(M85=FALSE,K86,IF(L86=1,M85)) -> -
B87: 97636 | C87: SINAPI | D87: COMPOSIÇÃO AUXILIAR | E87: {=UPPER(IF(C87="COMPOSIÇÃO",_xlfn.XLOOKUP($B87,A:A,E:E,),IF(C87="COTAÇÃO",VLOOKUP($B87,COTAÇÕES!$A$11:$E$37,2,0),BuscarCampoAccess("Descricao",B87,B.A_SINAPI,B.M_SINAPI,C87))))} -> ERRO: CONEXÃO NÃO ESTABELECIDA. CLIQUE EM CONECTAR. | F87: {=UPPER(IF(C87="COMPOSIÇÃO",_xlfn.XLOOKUP($B87,A:A,F:F,),IF(C87="COTAÇÃO",VLOOKUP($B87,COTAÇÕES!$A$11:$E$37,3,0),BuscarCampoAccess("Unidade",B87,B.A_SINAPI,B.M_SINAPI,C87))))} -> ERRO: CONEXÃO NÃO ESTABELECIDA. CLIQUE EM CONECTAR. | G87: 4.387 | H87: {=UPPER(IF(C87="COMPOSIÇÃO",_xlfn.XLOOKUP($B87,A:A,I:I,),IF(C87="COTAÇÃO",VLOOKUP($B87,COTAÇÕES!$A$11:$E$37,5,0),BuscarCampoAccess("Custo",B87,B.A_SINAPI,B.M_SINAPI,C87))))} -> ERRO: CONEXÃO NÃO ESTABELECIDA. CLIQUE EM CONECTAR. | I87: =TRUNC(G87*H87,2) -> #VALUE! | K87: =IF(A87=B87,IFERROR(VLOOKUP(B87,#REF!,1,0),"-"),"-") -> - | L87: =IF(ISBLANK(B87)=FALSE,1,0) -> 1 | M87: =IF(M86=FALSE,K87,IF(L87=1,M86)) -> -
B88: 93358 | C88: SINAPI | D88: COMPOSIÇÃO AUXILIAR | E88: {=UPPER(IF(C88="COMPOSIÇÃO",_xlfn.XLOOKUP($B88,A:A,E:E,),IF(C88="COTAÇÃO",VLOOKUP($B88,COTAÇÕES!$A$11:$E$37,2,0),BuscarCampoAccess("Descricao",B88,B.A_SINAPI,B.M_SINAPI,C88))))} -> ERRO: CONEXÃO NÃO ESTABELECIDA. CLIQUE EM CONECTAR. | F88: {=UPPER(IF(C88="COMPOSIÇÃO",_xlfn.XLOOKUP($B88,A:A,F:F,),IF(C88="COTAÇÃO",VLOOKUP($B88,COTAÇÕES!$A$11:$E$37,3,0),BuscarCampoAccess("Unidade",B88,B.A_SINAPI,B.M_SINAPI,C88))))} -> ERRO: CONEXÃO NÃO ESTABELECIDA. CLIQUE EM CONECTAR. | G88: 2.0496 | H88: {=UPPER(IF(C88="COMPOSIÇÃO",_xlfn.XLOOKUP($B88,A:A,I:I,),IF(C88="COTAÇÃO",VLOOKUP($B88,COTAÇÕES!$A$11:$E$37,5,0),BuscarCampoAccess("Custo",B88,B.A_SINAPI,B.M_SINAPI,C88))))} -> ERRO: CONEXÃO NÃO ESTABELECIDA. CLIQUE EM CONECTAR. | I88: =TRUNC(G88*H88,2) -> #VALUE! | K88: =IF(A88=B88,IFERROR(VLOOKUP(B88,#REF!,1,0),"-"),"-") -> - | L88: =IF(ISBLANK(B88)=FALSE,1,0) -> 1 | M88: =IF(M87=FALSE,K88,IF(L88=1,M87)) -> -
B89: 101616 | C89: SINAPI | D89: COMPOSIÇÃO AUXILIAR | E89: {=UPPER(IF(C89="COMPOSIÇÃO",_xlfn.XLOOKUP($B89,A:A,E:E,),IF(C89="COTAÇÃO",VLOOKUP($B89,COTAÇÕES!$A$11:$E$37,2,0),BuscarCampoAccess("Descricao",B89,B.A_SINAPI,B.M_SINAPI,C89))))} -> ERRO: CONEXÃO NÃO ESTABELECIDA. CLIQUE EM CONECTAR. | F89: {=UPPER(IF(C89="COMPOSIÇÃO",_xlfn.XLOOKUP($B89,A:A,F:F,),IF(C89="COTAÇÃO",VLOOKUP($B89,COTAÇÕES!$A$11:$E$37,3,0),BuscarCampoAccess("Unidade",B89,B.A_SINAPI,B.M_SINAPI,C89))))} -> ERRO: CONEXÃO NÃO ESTABELECIDA. CLIQUE EM CONECTAR. | G89: 2.0496 | H89: {=UPPER(IF(C89="COMPOSIÇÃO",_xlfn.XLOOKUP($B89,A:A,I:I,),IF(C89="COTAÇÃO",VLOOKUP($B89,COTAÇÕES!$A$11:$E$37,5,0),BuscarCampoAccess("Custo",B89,B.A_SINAPI,B.M_SINAPI,C89))))} -> ERRO: CONEXÃO NÃO ESTABELECIDA. CLIQUE EM CONECTAR. | I89: =TRUNC(G89*H89,2) -> #VALUE! | K89: =IF(A89=B89,IFERROR(VLOOKUP(B89,#REF!,1,0),"-"),"-") -> - | L89: =IF(ISBLANK(B89)=FALSE,1,0) -> 1 | M89: =IF(M88=FALSE,K89,IF(L89=1,M88)) -> -
B90: 92475 | C90: SINAPI | D90: COMPOSIÇÃO AUXILIAR | E90: {=UPPER(IF(C90="COMPOSIÇÃO",_xlfn.XLOOKUP($B90,A:A,E:E,),IF(C90="COTAÇÃO",VLOOKUP($B90,COTAÇÕES!$A$11:$E$37,2,0),BuscarCampoAccess("Descricao",B90,B.A_SINAPI,B.M_SINAPI,C90))))} -> ERRO: CONEXÃO NÃO ESTABELECIDA. CLIQUE EM CONECTAR. | F90: {=UPPER(IF(C90="COMPOSIÇÃO",_xlfn.XLOOKUP($B90,A:A,F:F,),IF(C90="COTAÇÃO",VLOOKUP($B90,COTAÇÕES!$A$11:$E$37,3,0),BuscarCampoAccess("Unidade",B90,B.A_SINAPI,B.M_SINAPI,C90))))} -> ERRO: CONEXÃO NÃO ESTABELECIDA. CLIQUE EM CONECTAR. | G90: 6.4 | H90: {=UPPER(IF(C90="COMPOSIÇÃO",_xlfn.XLOOKUP($B90,A:A,I:I,),IF(C90="COTAÇÃO",VLOOKUP($B90,COTAÇÕES!$A$11:$E$37,5,0),BuscarCampoAccess("Custo",B90,B.A_SINAPI,B.M_SINAPI,C90))))} -> ERRO: CONEXÃO NÃO ESTABELECIDA. CLIQUE EM CONECTAR. | I90: =TRUNC(G90*H90,2) -> #VALUE! | K90: =IF(A90=B90,IFERROR(VLOOKUP(B90,#REF!,1,0),"-"),"-") -> - | L90: =IF(ISBLANK(B90)=FALSE,1,0) -> 1 | M90: =IF(M89=FALSE,K90,IF(L90=1,M89)) -> -
B91: 92917 | C91: SINAPI | D91: COMPOSIÇÃO AUXILIAR | E91: {=UPPER(IF(C91="COMPOSIÇÃO",_xlfn.XLOOKUP($B91,A:A,E:E,),IF(C91="COTAÇÃO",VLOOKUP($B91,COTAÇÕES!$A$11:$E$37,2,0),BuscarCampoAccess("Descricao",B91,B.A_SINAPI,B.M_SINAPI,C91))))} -> ERRO: CONEXÃO NÃO ESTABELECIDA. CLIQUE EM CONECTAR. | F91: {=UPPER(IF(C91="COMPOSIÇÃO",_xlfn.XLOOKUP($B91,A:A,F:F,),IF(C91="COTAÇÃO",VLOOKUP($B91,COTAÇÕES!$A$11:$E$37,3,0),BuscarCampoAccess("Unidade",B91,B.A_SINAPI,B.M_SINAPI,C91))))} -> ERRO: CONEXÃO NÃO ESTABELECIDA. CLIQUE EM CONECTAR. | G91: 7.05 | H91: {=UPPER(IF(C91="COMPOSIÇÃO",_xlfn.XLOOKUP($B91,A:A,I:I,),IF(C91="COTAÇÃO",VLOOKUP($B91,COTAÇÕES!$A$11:$E$37,5,0),BuscarCampoAccess("Custo",B91,B.A_SINAPI,B.M_SINAPI,C91))))} -> ERRO: CONEXÃO NÃO ESTABELECIDA. CLIQUE EM CONECTAR. | I91: =TRUNC(G91*H91,2) -> #VALUE! | K91: =IF(A91=B91,IFERROR(VLOOKUP(B91,#REF!,1,0),"-"),"-") -> - | L91: =IF(ISBLANK(B91)=FALSE,1,0) -> 1 | M91: =IF(M90=FALSE,K91,IF(L91=1,M90)) -> -
B92: 92915 | C92: SINAPI | D92: COMPOSIÇÃO AUXILIAR | E92: {=UPPER(IF(C92="COMPOSIÇÃO",_xlfn.XLOOKUP($B92,A:A,E:E,),IF(C92="COTAÇÃO",VLOOKUP($B92,COTAÇÕES!$A$11:$E$37,2,0),BuscarCampoAccess("Descricao",B92,B.A_SINAPI,B.M_SINAPI,C92))))} -> ERRO: CONEXÃO NÃO ESTABELECIDA. CLIQUE EM CONECTAR. | F92: {=UPPER(IF(C92="COMPOSIÇÃO",_xlfn.XLOOKUP($B92,A:A,F:F,),IF(C92="COTAÇÃO",VLOOKUP($B92,COTAÇÕES!$A$11:$E$37,3,0),BuscarCampoAccess("Unidade",B92,B.A_SINAPI,B.M_SINAPI,C92))))} -> ERRO: CONEXÃO NÃO ESTABELECIDA. CLIQUE EM CONECTAR. | G92: 1.85 | H92: {=UPPER(IF(C92="COMPOSIÇÃO",_xlfn.XLOOKUP($B92,A:A,I:I,),IF(C92="COTAÇÃO",VLOOKUP($B92,COTAÇÕES!$A$11:$E$37,5,0),BuscarCampoAccess("Custo",B92,B.A_SINAPI,B.M_SINAPI,C92))))} -> ERRO: CONEXÃO NÃO ESTABELECIDA. CLIQUE EM CONECTAR. | I92: =TRUNC(G92*H92,2) -> #VALUE! | K92: =IF(A92=B92,IFERROR(VLOOKUP(B92,#REF!,1,0),"-"),"-") -> - | L92: =IF(ISBLANK(B92)=FALSE,1,0) -> 1 | M92: =IF(M91=FALSE,K92,IF(L92=1,M91)) -> -
B93: 94964 | C93: SINAPI | D93: COMPOSIÇÃO AUXILIAR | E93: {=UPPER(IF(C93="COMPOSIÇÃO",_xlfn.XLOOKUP($B93,A:A,E:E,),IF(C93="COTAÇÃO",VLOOKUP($B93,COTAÇÕES!$A$11:$E$37,2,0),BuscarCampoAccess("Descricao",B93,B.A_SINAPI,B.M_SINAPI,C93))))} -> ERRO: CONEXÃO NÃO ESTABELECIDA. CLIQUE EM CONECTAR. | F93: {=UPPER(IF(C93="COMPOSIÇÃO",_xlfn.XLOOKUP($B93,A:A,F:F,),IF(C93="COTAÇÃO",VLOOKUP($B93,COTAÇÕES!$A$11:$E$37,3,0),BuscarCampoAccess("Unidade",B93,B.A_SINAPI,B.M_SINAPI,C93))))} -> ERRO: CONEXÃO NÃO ESTABELECIDA. CLIQUE EM CONECTAR. | G93: 1.1691 | H93: {=UPPER(IF(C93="COMPOSIÇÃO",_xlfn.XLOOKUP($B93,A:A,I:I,),IF(C93="COTAÇÃO",VLOOKUP($B93,COTAÇÕES!$A$11:$E$37,5,0),BuscarCampoAccess("Custo",B93,B.A_SINAPI,B.M_SINAPI,C93))))} -> ERRO: CONEXÃO NÃO ESTABELECIDA. CLIQUE EM CONECTAR. | I93: =TRUNC(G93*H93,2) -> #VALUE! | K93: =IF(A93=B93,IFERROR(VLOOKUP(B93,#REF!,1,0),"-"),"-") -> - | L93: =IF(ISBLANK(B93)=FALSE,1,0) -> 1 | M93: =IF(M92=FALSE,K93,IF(L93=1,M92)) -> -
B94: 103670 | C94: SINAPI | D94: COMPOSIÇÃO AUXILIAR | E94: {=UPPER(IF(C94="COMPOSIÇÃO",_xlfn.XLOOKUP($B94,A:A,E:E,),IF(C94="COTAÇÃO",VLOOKUP($B94,COTAÇÕES!$A$11:$E$37,2,0),BuscarCampoAccess("Descricao",B94,B.A_SINAPI,B.M_SINAPI,C94))))} -> ERRO: CONEXÃO NÃO ESTABELECIDA. CLIQUE EM CONECTAR. | F94: {=UPPER(IF(C94="COMPOSIÇÃO",_xlfn.XLOOKUP($B94,A:A,F:F,),IF(C94="COTAÇÃO",VLOOKUP($B94,COTAÇÕES!$A$11:$E$37,3,0),BuscarCampoAccess("Unidade",B94,B.A_SINAPI,B.M_SINAPI,C94))))} -> ERRO: CONEXÃO NÃO ESTABELECIDA. CLIQUE EM CONECTAR. | G94: 1.1691 | H94: {=UPPER(IF(C94="COMPOSIÇÃO",_xlfn.XLOOKUP($B94,A:A,I:I,),IF(C94="COTAÇÃO",VLOOKUP($B94,COTAÇÕES!$A$11:$E$37,5,0),BuscarCampoAccess("Custo",B94,B.A_SINAPI,B.M_SINAPI,C94))))} -> ERRO: CONEXÃO NÃO ESTABELECIDA. CLIQUE EM CONECTAR. | I94: =TRUNC(G94*H94,2) -> #VALUE! | K94: =IF(A94=B94,IFERROR(VLOOKUP(B94,#REF!,1,0),"-"),"-") -> - | L94: =IF(ISBLANK(B94)=FALSE,1,0) -> 1 | M94: =IF(M93=FALSE,K94,IF(L94=1,M93)) -> -
B95: 5928 | C95: SINAPI | D95: COMPOSIÇÃO AUXILIAR | E95: {=UPPER(IF(C95="COMPOSIÇÃO",_xlfn.XLOOKUP($B95,A:A,E:E,),IF(C95="COTAÇÃO",VLOOKUP($B95,COTAÇÕES!$A$11:$E$37,2,0),BuscarCampoAccess("Descricao",B95,B.A_SINAPI,B.M_SINAPI,C95))))} -> ERRO: CONEXÃO NÃO ESTABELECIDA. CLIQUE EM CONECTAR. | F95: {=UPPER(IF(C95="COMPOSIÇÃO",_xlfn.XLOOKUP($B95,A:A,F:F,),IF(C95="COTAÇÃO",VLOOKUP($B95,COTAÇÕES!$A$11:$E$37,3,0),BuscarCampoAccess("Unidade",B95,B.A_SINAPI,B.M_SINAPI,C95))))} -> ERRO: CONEXÃO NÃO ESTABELECIDA. CLIQUE EM CONECTAR. | G95: 0.1 | H95: {=UPPER(IF(C95="COMPOSIÇÃO",_xlfn.XLOOKUP($B95,A:A,I:I,),IF(C95="COTAÇÃO",VLOOKUP($B95,COTAÇÕES!$A$11:$E$37,5,0),BuscarCampoAccess("Custo",B95,B.A_SINAPI,B.M_SINAPI,C95))))} -> ERRO: CONEXÃO NÃO ESTABELECIDA. CLIQUE EM CONECTAR. | I95: =TRUNC(G95*H95,2) -> #VALUE! | K95: =IF(A95=B95,IFERROR(VLOOKUP(B95,#REF!,1,0),"-"),"-") -> - | L95: =IF(ISBLANK(B95)=FALSE,1,0) -> 1 | M95: =IF(M94=FALSE,K95,IF(L95=1,M94)) -> -
B96: CT02 | C96: COTAÇÃO | D96: COTAÇÃO | E96: {=UPPER(IF(C96="COMPOSIÇÃO",_xlfn.XLOOKUP($B96,A:A,E:E,),IF(C96="COTAÇÃO",VLOOKUP($B96,COTAÇÕES!$A$11:$E$37,2,0),BuscarCampoAccess("Descricao",B96,B.A_SINAPI,B.M_SINAPI,C96))))} -> GRELHA FOFO ARTICULADA, CLASSE D400, CARGA MÁXIMA 40T, 50 X 100 CM, PARA BOCA DE LOBO | F96: {=UPPER(IF(C96="COMPOSIÇÃO",_xlfn.XLOOKUP($B96,A:A,F:F,),IF(C96="COTAÇÃO",VLOOKUP($B96,COTAÇÕES!$A$11:$E$37,3,0),BuscarCampoAccess("Unidade",B96,B.A_SINAPI,B.M_SINAPI,C96))))} -> UN | G96: 2 | H96: {=UPPER(IF(C96="COMPOSIÇÃO",_xlfn.XLOOKUP($B96,A:A,I:I,),IF(C96="COTAÇÃO",VLOOKUP($B96,COTAÇÕES!$A$11:$E$37,5,0),BuscarCampoAccess("Custo",B96,B.A_SINAPI,B.M_SINAPI,C96))))} -> 707,75 | I96: =TRUNC(G96*H96,2) -> 1415.5 | K96: =IF(A96=B96,IFERROR(VLOOKUP(B96,#REF!,1,0),"-"),"-") -> - | L96: =IF(ISBLANK(B96)=FALSE,1,0) -> 1 | M96: =IF(M95=FALSE,K96,IF(L96=1,M95)) -> -
K97: =IF(A97=B97,IFERROR(VLOOKUP(B97,#REF!,1,0),"-"),"-") -> - | L97: =IF(ISBLANK(B97)=FALSE,1,0) -> 0 | M97: =IF(M96=FALSE,K97,IF(L97=1,M96)) -> FALSE
A98: =IF(AND(D98="",E98<>""),B98,"") -> CPU-DRED 04 | B98: CPU-DRED 04 | E98: BLT - BOCA-DE-LOBO TRIPLA EM CONCRETO SIMPLES FCK 20 MPA, INCLUINDO FORMA, ESCAVAÇÃO, SARJETA DE CONTORNO (CHAMA) EM CONCRETO E GRELHAS EM F°F° TIPO PESADA, CONFORME PROJETO | F98: UN | I98: =SUM(I99:I108) -> #VALUE! | K98: =IF(A98=B98,IFERROR(VLOOKUP(B98,#REF!,1,0),"-"),"-") -> - | L98: =IF(ISBLANK(B98)=FALSE,1,0) -> 1 | M98: =IF(M97=FALSE,K98,IF(L98=1,M97)) -> -
B99: 97636 | C99: SINAPI | D99: COMPOSIÇÃO AUXILIAR | E99: {=UPPER(IF(C99="COMPOSIÇÃO",_xlfn.XLOOKUP($B99,A:A,E:E,),IF(C99="COTAÇÃO",VLOOKUP($B99,COTAÇÕES!$A$11:$E$37,2,0),BuscarCampoAccess("Descricao",B99,B.A_SINAPI,B.M_SINAPI,C99))))} -> ERRO: CONEXÃO NÃO ESTABELECIDA. CLIQUE EM CONECTAR. | F99: {=UPPER(IF(C99="COMPOSIÇÃO",_xlfn.XLOOKUP($B99,A:A,F:F,),IF(C99="COTAÇÃO",VLOOKUP($B99,COTAÇÕES!$A$11:$E$37,3,0),BuscarCampoAccess("Unidade",B99,B.A_SINAPI,B.M_SINAPI,C99))))} -> ERRO: CONEXÃO NÃO ESTABELECIDA. CLIQUE EM CONECTAR. | G99: 5.611 | H99: {=UPPER(IF(C99="COMPOSIÇÃO",_xlfn.XLOOKUP($B99,A:A,I:I,),IF(C99="COTAÇÃO",VLOOKUP($B99,COTAÇÕES!$A$11:$E$37,5,0),BuscarCampoAccess("Custo",B99,B.A_SINAPI,B.M_SINAPI,C99))))} -> ERRO: CONEXÃO NÃO ESTABELECIDA. CLIQUE EM CONECTAR. | I99: =TRUNC(G99*H99,2) -> #VALUE! | K99: =IF(A99=B99,IFERROR(VLOOKUP(B99,#REF!,1,0),"-"),"-") -> - | L99: =IF(ISBLANK(B99)=FALSE,1,0) -> 1 | M99: =IF(M98=FALSE,K99,IF(L99=1,M98)) -> -
B100: 93358 | C100: SINAPI | D100: COMPOSIÇÃO AUXILIAR | E100: {=UPPER(IF(C100="COMPOSIÇÃO",_xlfn.XLOOKUP($B100,A:A,E:E,),IF(C100="COTAÇÃO",VLOOKUP($B100,COTAÇÕES!$A$11:$E$37,2,0),BuscarCampoAccess("Descricao",B100,B.A_SINAPI,B.M_SINAPI,C100))))} -> ERRO: CONEXÃO NÃO ESTABELECIDA. CLIQUE EM CONECTAR. | F100: {=UPPER(IF(C100="COMPOSIÇÃO",_xlfn.XLOOKUP($B100,A:A,F:F,),IF(C100="COTAÇÃO",VLOOKUP($B100,COTAÇÕES!$A$11:$E$37,3,0),BuscarCampoAccess("Unidade",B100,B.A_SINAPI,B.M_SINAPI,C100))))} -> ERRO: CONEXÃO NÃO ESTABELECIDA. CLIQUE EM CONECTAR. | G100: 3.0576 | H100: {=UPPER(IF(C100="COMPOSIÇÃO",_xlfn.XLOOKUP($B100,A:A,I:I,),IF(C100="COTAÇÃO",VLOOKUP($B100,COTAÇÕES!$A$11:$E$37,5,0),BuscarCampoAccess("Custo",B100,B.A_SINAPI,B.M_SINAPI,C100))))} -> ERRO: CONEXÃO NÃO ESTABELECIDA. CLIQUE EM CONECTAR. | I100: =TRUNC(G100*H100,2) -> #VALUE! | K100: =IF(A100=B100,IFERROR(VLOOKUP(B100,#REF!,1,0),"-"),"-") -> - | L100: =IF(ISBLANK(B100)=FALSE,1,0) -> 1 | M100: =IF(M99=FALSE,K100,IF(L100=1,M99)) -> -
...

Sheet 3-COMPOSIÇÃO
D1: GOVERNO DO ESTADO DE MATO GROSSO DO SUL
D2: PREFEITURA MUNICIPAL DE NAVIRAÍ
D3: SECRETARIA DE PLANEJAMENTO
B4: COMPOSIÇÃO DE CUSTO UNITÁRIO
B5: Objeto: | C5: INFRAESTRUTURA URBANA – PAVIMENTAÇÃO ASFÁLTICA, DRENAGEM, E SINALIZAÇÃO VIÁRIA NO ACESSO AO CEMITERIO MUNICIPAL DE NAVIRAÍ/ MS | G5: RESPONSÁVEL ORÇAMENTO
B6: Município: | C6: NAVIRAÍ | G6: __________________________________________
B7: Local: | C7: AVENIDA JOÃO RIGONATO | G7: FÁBIO MARQUES RIBEIRO
B8: SIST./REF.: | C8: AGESUL(SETEMBRO/2025)/SINAPI(SETEMBRO/2025) | G8: ENGENHEIRO CIVIL - 15.276 D/MS
B9: CODIGO | C9: FONTE | D9: TIPO | E9: DESCRIÇÃO | F9: UNIDADE | G9: COEFICIENTE | H9: PREÇO UNITARIO | I9: PREÇO TOTAL
B10: 0.36 | F10: #N/A | G10: #N/A | H10: #N/A | I10: #N/A | J10: #N/A | K10: #N/A | L10: #N/A
A11: 9,7 | B11: 0.02 | F11: #N/A | G11: #N/A | H11: #N/A | I11: #N/A | J11: #N/A | K11: #N/A | L11: #N/A
A12: 14,74 | B12: 0.03 | F12: #N/A | G12: #N/A | H12: #N/A | I12: #N/A | J12: #N/A | K12: #N/A | L12: #N/A
A13: 18,28 | B13: 0.04 | F13: #N/A | G13: #N/A | H13: #N/A | I13: #N/A | J13: #N/A | K13: #N/A | L13: #N/A
A14: 21,72 | B14: 0.16 | F14: #N/A | G14: #N/A | H14: #N/A | I14: #N/A | J14: #N/A | K14: #N/A | L14: #N/A
A15: 20,27 | B15: 0.04 | F15: #N/A | G15: #N/A | H15: #N/A | I15: #N/A | J15: #N/A | K15: #N/A | L15: #N/A
A16: 77,74 | B16: 0.07 | F16: #N/A | G16: #N/A | H16: #N/A | I16: #N/A | J16: #N/A | K16: #N/A | L16: #N/A
F17: #N/A | G17: #N/A | H17: #N/A | I17: #N/A | J17: #N/A | K17: #N/A | L17: #N/A
B18: 864.13 | F18: #N/A | G18: #N/A | H18: #N/A | I18: #N/A | J18: #N/A | K18: #N/A | L18: #N/A
A19: 683,86 | B19: 683.86 | F19: #N/A | G19: #N/A | H19: #N/A | I19: #N/A | J19: #N/A | K19: #N/A | L19: #N/A
B20: 94964 | C20: SINAPI | D20: COMPOSIÇÃO AUXILIAR | E20: CONCRETO FCK = 20MPA, TRAÇO 1:2,7:3 (EM MASSA SECA DE CIMENTO/ AREIA MÉDIA/ BRITA 1) - PREPARO MECÂNICO COM BETONEIRA 400 L. AF_05/2021 | F20: M3 | G20: 0.2664 | H20: 493,42 | I20: 131.44
B21: 88309 | C21: SINAPI | D21: COMPOSIÇÃO AUXILIAR | E21: PEDREIRO COM ENCARGOS COMPLEMENTARES | F21: H | G21: 1 | H21: 27,11 | I21: 27.11
B22: 88316 | C22: SINAPI | D22: COMPOSIÇÃO AUXILIAR | E22: SERVENTE COM ENCARGOS COMPLEMENTARES | F22: H | G22: 1 | H22: 21,72 | I22: 21.72
B24: CPU-PAVT 03 | E24: ESCAVAÇÃO MECANICA, A CEU ABERTO, EM MATERIAL DE 1A CATEGORIA, COM ESCAVADEIRA HIDRAULICA, CAPACIDADE DE 0,78 M3 (REFER. SINAPI CÓD. 83338) | F24: M3 | I24: 3.79
B25: 5632 | C25: AGESUL | D25: COMPOSIÇÃO AUXILIAR | E25: ESCAVADEIRA HIDRÁULICA SOBRE ESTEIRAS, CAÇAMBA 0,80 M3, PESO OPERACIONAL 17 T, POTENCIA BRUTA 111 HP - CHI DIURNO. AF_06/2014 | F25: CHI | G25: 0.0058 | H25: 90,5 | I25: 0.52
B26: 88316 | C26: SINAPI | D26: COMPOSIÇÃO AUXILIAR | E26: SERVENTE COM ENCARGOS COMPLEMENTARES | F26: H | G26: 0.0192 | H26: 21,72 | I26: 0.41
B27: 5631 | C27: SINAPI | D27: COMPOSIÇÃO AUXILIAR | E27: ESCAVADEIRA HIDRÁULICA SOBRE ESTEIRAS, CAÇAMBA 0,80 M3, PESO OPERACIONAL 17 T, POTENCIA BRUTA 111 HP - CHP DIURNO. AF_06/2014 | F27: CHP | G27: 0.0134 | H27: 213,54 | I27: 2.86
B29: CPU-DRED 03 | E29: BLD - BOCA DE LOBO DUPLA, EM CONCRETO SIMPLES FCK 20 MPA, INCLUINDO FORMA, ESCAVAÇÃO, CALÇAMENTO AO REDOR E GRELHAS EM FOFO TIPO PESADA, CONFORME PROJETO | F29: UN | I29: 3287.06
B30: 97636 | C30: SINAPI | D30: COMPOSIÇÃO AUXILIAR | E30: DEMOLIÇÃO PARCIAL DE PAVIMENTO ASFÁLTICO, DE FORMA MECANIZADA, SEM REAPROVEITAMENTO. AF_09/2023 | F30: M2 | G30: 4.387 | H30: 22,21 | I30: 97.43
B31: 93358 | C31: SINAPI | D31: COMPOSIÇÃO AUXILIAR | E31: ESCAVAÇÃO MANUAL DE VALA. AF_09/2024 | F31: M3 | G31: 2.0496 | H31: 85,91 | I31: 176.08
B32: 101616 | C32: SINAPI | D32: COMPOSIÇÃO AUXILIAR | E32: PREPARO DE FUNDO DE VALA COM LARGURA MENOR QUE 1,5 M (ACERTO DO SOLO NATURAL). AF_08/2020 | F32: M2 | G32: 2.0496 | H32: 6,31 | I32: 12.93
B33: 92475 | C33: SINAPI | D33: COMPOSIÇÃO AUXILIAR | E33: MONTAGEM E DESMONTAGEM DE FÔRMA DE VIGA, ESCORAMENTO COM GARFO DE MADEIRA, PÉ-DIREITO SIMPLES, EM CHAPA DE MADEIRA PLASTIFICADA, 14 UTILIZAÇÕES. AF_09/2020 | F33: M2 | G33: 6.4 | H33: 79,62 | I33: 509.56
B34: 92917 | C34: SINAPI | D34: COMPOSIÇÃO AUXILIAR | E34: ARMAÇÃO DE ESTRUTURAS DIVERSAS DE CONCRETO ARMADO, EXCETO VIGAS, PILARES, LAJES E FUNDAÇÕES, UTILIZANDO AÇO CA-50 DE 8,0 MM - MONTAGEM. AF_06/2022 | F34: KG | G34: 7.05 | H34: 13,62 | I34: 96.02
B35: 92915 | C35: SINAPI | D35: COMPOSIÇÃO AUXILIAR | E35: ARMAÇÃO DE ESTRUTURAS DIVERSAS DE CONCRETO ARMADO, EXCETO VIGAS, PILARES, LAJES E FUNDAÇÕES, UTILIZANDO AÇO CA-60 DE 5,0 MM - MONTAGEM. AF_06/2022 | F35: KG | G35: 1.85 | H35: 16,5 | I35: 30.52
B36: 94964 | C36: SINAPI | D36: COMPOSIÇÃO AUXILIAR | E36: CONCRETO FCK = 20MPA, TRAÇO 1:2,7:3 (EM MASSA SECA DE CIMENTO/ AREIA MÉDIA/ BRITA 1) - PREPARO MECÂNICO COM BETONEIRA 400 L. AF_05/2021 | F36: M3 | G36: 1.1691 | H36: 493,42 | I36: 576.85
B37: 103670 | C37: SINAPI | D37: COMPOSIÇÃO AUXILIAR | E37: LANÇAMENTO COM USO DE BALDES, ADENSAMENTO E ACABAMENTO DE CONCRETO EM ESTRUTURAS. AF_02/2022 | F37: M3 | G37: 1.1691 | H37: 294,84 | I37: 344.69
B38: 5928 | C38: SINAPI | D38: COMPOSIÇÃO AUXILIAR | E38: GUINDAUTO HIDRÁULICO, CAPACIDADE MÁXIMA DE CARGA 6200 KG, MOMENTO MÁXIMO DE CARGA 11,7 TM, ALCANCE MÁXIMO HORIZONTAL 9,70 M, INCLUSIVE CAMINHÃO TOCO PBT 16.000 KG, POTÊNCIA DE 189 CV - CHP DIURNO. AF_06/2014 | F38: CHP | G38: 0.1 | H38: 274,89 | I38: 27.48
B39: CT02 | C39: COTAÇÃO | D39: COTAÇÃO | E39: GRELHA FOFO ARTICULADA, CLASSE D400, CARGA MÁXIMA 40T, 50 X 100 CM, PARA BOCA DE LOBO | F39: UN | G39: 2 | H39: 707,75 | I39: 1415.5
B41: CPU-SERC 01 | E41: TENTO (ACABAMENTO DE LIMPA-RODAS), CONCRETO FCK = 15 MPA, SEÇÃO 330 CM2, MOLDADO NO LOCAL, INCLUSIVE ESCAVAÇÃO. | F41: M | I41: 27.29
B42: 93358 | C42: SINAPI | D42: COMPOSIÇÃO AUXILIAR | E42: ESCAVAÇÃO MANUAL DE VALA. AF_09/2024 | F42: M3 | G42: 0.033 | H42: 85,91 | I42: 2.83
B43: 94963 | C43: SINAPI | D43: COMPOSIÇÃO AUXILIAR | E43: CONCRETO FCK = 15MPA, TRAÇO 1:3,4:3,5 (EM MASSA SECA DE CIMENTO/ AREIA MÉDIA/ BRITA 1) - PREPARO MECÂNICO COM BETONEIRA 400 L. AF_05/2021 | F43: M3 | G43: 0.033 | H43: 446,84 | I43: 14.74
B44: 103670 | C44: SINAPI | D44: COMPOSIÇÃO AUXILIAR | E44: LANÇAMENTO COM USO DE BALDES, ADENSAMENTO E ACABAMENTO DE CONCRETO EM ESTRUTURAS. AF_02/2022 | F44: M3 | G44: 0.033 | H44: 294,84 | I44: 9.72
B46: CPU-PA.ACS 01 | E46: PISO TÁTIL DIRECIONAL E DE ALERTA COM LADRILHO HIDRÁULICO DE 40X40X2,5 CM, EM CONCRETO SIMPLES FCK = 35MPA (NBR 9050 E COM O DECRETO 5296), INCLUINDO FORNECIMENTO E ASSENTAMENTO COM ARGAMASSA OU CIMENTO COLANTE SOBRE COXIM PREPARADO NO PISO RÚSTICO. | F46: M | I46: 13.1
B47: 1381 | C47: SINAPI | D47: COMPOSIÇÃO AUXILIAR | E47: ARGAMASSA COLANTE AC I PARA CERAMICAS | F47: KG | G47: 1.125 | H47: 0,9 | I47: 1.01
B48: 36178 | C48: SINAPI | D48: COMPOSIÇÃO AUXILIAR | E48: PISO TATIL / PODOTATIL, LADRILHO HIDRAULICO/CONCRETO, *40 X 40* CM, E= 2,5* CM, PADRAO TATIL ALERTA OU DIRECIONAL, COR NATURAL | F48: UN | G48: 0.2 | H48: 16,68 | I48: 3.33
B49: 88309 | C49: SINAPI | D49: COMPOSIÇÃO AUXILIAR | E49: PEDREIRO COM ENCARGOS COMPLEMENTARES | F49: H | G49: 0.152 | H49: 27,11 | I49: 4.12
B50: 88316 | C50: SINAPI | D50: COMPOSIÇÃO AUXILIAR | E50: SERVENTE COM ENCARGOS COMPLEMENTARES | F50: H | G50: 0.214 | H50: 21,72 | I50: 4.64
B52: CPU-SINL 01 | E52: FORNECIMENTO E INSTALAÇÃO DE 02 PLACAS ESMALTADA PARA IDENTIFICAÇÃO DE RUA, DIMENSÕES 45X20CM EM CHAPA DE AÇO.INCLUINDO SUPORTE METÁLICO E FIXADO EM BASE DE CONCRETO NÃO ESTRUTURAL. | F52: UN | I52: 525.21
B53: 13521 | C53: SINAPI | D53: COMPOSIÇÃO AUXILIAR | E53: PLACA DE ACO ESMALTADA PARA IDENTIFICACAO DE RUA, *45 CM X 20* CM | F53: UN | G53: 2 | H53: 132 | I53: 264
B54: 88309 | C54: SINAPI | D54: COMPOSIÇÃO AUXILIAR | E54: PEDREIRO COM ENCARGOS COMPLEMENTARES | F54: H | G54: 0.4 | H54: 27,11 | I54: 10.84
B55: 11950 | C55: SINAPI | D55: COMPOSIÇÃO AUXILIAR | E55: BUCHA DE NYLON SEM ABA S6, COM PARAFUSO DE 4,20 X 40 MM EM ACO ZINCADO COM ROSCA SOBERBA, CABECA CHATA E FENDA PHILLIPS | F55: UN | G55: 8 | H55: 0,12 | I55: 0.96
B56: 21013 | C56: SINAPI | D56: COMPOSIÇÃO AUXILIAR | E56: TUBO ACO GALVANIZADO COM COSTURA, CLASSE LEVE, DN 50 MM (2"), E = 3,00 MM, *4,40* KG/M (NBR 5580) | F56: M | G56: 2.8 | H56: 67,19 | I56: 188.13
B57: 103670 | C57: SINAPI | D57: COMPOSIÇÃO AUXILIAR | E57: LANÇAMENTO COM USO DE BALDES, ADENSAMENTO E ACABAMENTO DE CONCRETO EM ESTRUTURAS. AF_02/2022 | F57: M3 | G57: 0.045 | H57: 294,84 | I57: 13.26
B58: 88316 | C58: SINAPI | D58: COMPOSIÇÃO AUXILIAR | E58: SERVENTE COM ENCARGOS COMPLEMENTARES | F58: H | G58: 0.2 | H58: 21,72 | I58: 4.34
B59: 94962 | C59: SINAPI | D59: COMPOSIÇÃO AUXILIAR | E59: CONCRETO MAGRO PARA LASTRO, TRAÇO 1:4,5:4,5 (EM MASSA SECA DE CIMENTO/ AREIA MÉDIA/ BRITA 1) - PREPARO MECÂNICO COM BETONEIRA 400 L. AF_05/2021 | F59: M3 | G59: 0.045 | H59: 398,05 | I59: 17.91
B60: 93358 | C60: SINAPI | D60: COMPOSIÇÃO AUXILIAR | E60: ESCAVAÇÃO MANUAL DE VALA. AF_09/2024 | F60: M3 | G60: 0.3 | H60: 85,91 | I60: 25.77
B62: CPU-SINL 02 | E62: FORNECIMENTO E INSTALAÇÃO DE PLACA DE SINALIZAÇÃO VERTICAL (ATÉ 0,36 M²), INCLUINDO SUPORTE METÁLICO E FIXADO EM BASE DE CONCRETO NÃO ESTRUTURAL. | F62: UN | I62: 671.7
B63: 103670 | C63: SINAPI | D63: COMPOSIÇÃO AUXILIAR | E63: LANÇAMENTO COM USO DE BALDES, ADENSAMENTO E ACABAMENTO DE CONCRETO EM ESTRUTURAS. AF_02/2022 | F63: M3 | G63: 0.045 | H63: 294,84 | I63: 13.26
B64: 88309 | C64: SINAPI | D64: COMPOSIÇÃO AUXILIAR | E64: PEDREIRO COM ENCARGOS COMPLEMENTARES | F64: H | G64: 0.2 | H64: 27,11 | I64: 5.42
B65: 88316 | C65: SINAPI | D65: COMPOSIÇÃO AUXILIAR | E65: SERVENTE COM ENCARGOS COMPLEMENTARES | F65: H | G65: 0.2 | H65: 21,72 | I65: 4.34
B66: 94962 | C66: SINAPI | D66: COMPOSIÇÃO AUXILIAR | E66: CONCRETO MAGRO PARA LASTRO, TRAÇO 1:4,5:4,5 (EM MASSA SECA DE CIMENTO/ AREIA MÉDIA/ BRITA 1) - PREPARO MECÂNICO COM BETONEIRA 400 L. AF_05/2021 | F66: M3 | G66: 0.045 | H66: 398,05 | I66: 17.91
B67: 93358 | C67: SINAPI | D67: COMPOSIÇÃO AUXILIAR | E67: ESCAVAÇÃO MANUAL DE VALA. AF_09/2024 | F67: M3 | G67: 0.3 | H67: 85,91 | I67: 25.77
B68: 34723 | C68: SINAPI | D68: COMPOSIÇÃO AUXILIAR | E68: PLACA DE SINALIZACAO EM CHAPA DE ACO NUM 16 COM PINTURA REFLETIVA | F68: M2 | G68: 0.36 | H68: 924 | I68: 332.64
B69: 34744 | C69: SINAPI | D69: COMPOSIÇÃO AUXILIAR | E69: PELICULA REFLETIVA, GT 7 ANOS PARA SINALIZACAO VERTICAL | F69: M2 | G69: 1 | H69: 37,2 | I69: 37.2
B70: 21013 | C70: SINAPI | D70: COMPOSIÇÃO AUXILIAR | E70: TUBO ACO GALVANIZADO COM COSTURA, CLASSE LEVE, DN 50 MM (2"), E = 3,00 MM, *4,40* KG/M (NBR 5580) | F70: M | G70: 3.5 | H70: 67,19 | I70: 235.16
B72: CPU-SINL 03 | E72: SINALIZAÇÃO HORIZONTAL COM TINTA RETRORREFLETIVA A BASE DE RESINA ACRILICA COM MICROESFERAS DE VIDRO | F72: M2 | I72: 26.65
B73: 5318 | C73: SINAPI | D73: COMPOSIÇÃO AUXILIAR | E73: DILUENTE AGUARRAS | F73: L | G73: 0.13 | H73: 17,39 | I73: 2.26
B74: 5824 | C74: SINAPI | D74: COMPOSIÇÃO AUXILIAR | E74: CAMINHÃO TOCO, PBT 16.000 KG, CARGA ÚTIL MÁX. 10.685 KG, DIST. ENTRE EIXOS 4,8 M, POTÊNCIA 189 CV, INCLUSIVE CARROCERIA FIXA ABERTA DE MADEIRA P/ TRANSPORTE GERAL DE CARGA SECA, DIMEN. APROX. 2,5 X 7,00 X 0,50 M - CHP DIURNO. AF_06/2014 | F74: CHP | G74: 0.003333 | H74: 215,26 | I74: 0.71
B75: 7343 | C75: SINAPI | D75: COMPOSIÇÃO AUXILIAR | E75: TINTA ACRILICA A BASE DE SOLVENTE, PARA SINALIZACAO HORIZONTAL VIARIA (NBR 11862) | F75: L | G75: 0.6 | H75: 27,29 | I75: 16.37
B76: 7348 | C76: SINAPI | D76: COMPOSIÇÃO AUXILIAR | E76: TINTA ACRILICA PREMIUM PARA PISO | F76: L | G76: 0.03 | H76: 18,74 | I76: 0.56
B77: 44478 | C77: SINAPI | D77: COMPOSIÇÃO AUXILIAR | E77: MICROESFERAS DE VIDRO PARA SINALIZACAO HORIZONTAL VIARIA, TIPO I-B (PREMIX) - NBR 16184 | F77: KG | G77: 0.4 | H77: 13,36 | I77: 5.34
B78: 88316 | C78: SINAPI | D78: COMPOSIÇÃO AUXILIAR | E78: SERVENTE COM ENCARGOS COMPLEMENTARES | F78: H | G78: 0.03333 | H78: 21,72 | I78: 0.72
B79: 95133 | C79: SINAPI | D79: COMPOSIÇÃO AUXILIAR | E79: MÁQUINA DEMARCADORA DE FAIXA DE TRÁFEGO À FRIO, AUTOPROPELIDA, POTÊNCIA 38 HP - CHP DIURNO. AF_07/2016 | F79: CHP | G79: 0.003333 | H79: 208,35 | I79: 0.69
B81: CPU-CAT 05 | E81: SINALIZAÇÃO DE ADVERTÊNCIA DE OBRA COM PLACA (FUNDO LARANJA) SOBRE CAVALETE, CONFORME ABNT-NBR-7678 | F81: M2 | I81: 488.63
B82: 4433 | C82: SINAPI | D82: COMPOSIÇÃO AUXILIAR | E82: CAIBRO NAO APARELHADO *6 X 6* CM, EM MACARANDUBA/MASSARANDUBA, ANGELIM OU EQUIVALENTE DA REGIAO - BRUTA | F82: M | G82: 1 | H82: 26,89 | I82: 26.89
B83: 4813 | C83: SINAPI | D83: COMPOSIÇÃO AUXILIAR | E83: PLACA DE OBRA (PARA CONSTRUCAO CIVIL) EM CHAPA GALVANIZADA *N. 22*, ADESIVADA, DE *2,4 X 1,2* M (SEM POSTES PARA FIXACAO) | F83: M2 | G83: 1 | H83: 400 | I83: 400
B84: 73467 | C84: SINAPI | D84: COMPOSIÇÃO AUXILIAR | E84: CAMINHÃO TOCO, PBT 14.300 KG, CARGA ÚTIL MÁX. 9.710 KG, DIST. ENTRE EIXOS 3,56 M, POTÊNCIA 185 CV, INCLUSIVE CARROCERIA FIXA ABERTA DE MADEIRA P/ TRANSPORTE GERAL DE CARGA SECA, DIMEN. APROX. 2,50 X 6,50 X 0,50 M - CHP DIURNO. AF_06/2014 | F84: CHP | G84: 0.01 | H84: 247,5 | I84: 2.47
B85: 88262 | C85: SINAPI | D85: COMPOSIÇÃO AUXILIAR | E85: CARPINTEIRO DE FORMAS COM ENCARGOS COMPLEMENTARES | F85: H | G85: 1 | H85: 26,69 | I85: 26.69
B86: 88316 | C86: SINAPI | D86: COMPOSIÇÃO AUXILIAR | E86: SERVENTE COM ENCARGOS COMPLEMENTARES | F86: H | G86: 1.5 | H86: 21,72 | I86: 32.58

Sheet Planilha4

Sheet CRONOGRAMA_DES
C1: ESTADO DO MATO GROSSO DO SUL | L1: ____________________________________________
C2: =OFFSET(DADOS!$I$2,DADOS!$A$7,0,1,1) -> PREFEITURA MUNICIPAL DE NAVIRAÍ | L2: FABIO MARQUES RIBEIRO ENGENHEIRO CIVIL CREA: 15.276/MS
C3: =#REF! -> #REF!
A4: CRONOGRAMA FÍSICO FINANCEIRO - DESONERADO
A5: ='12-DRENAGEM - IMPLANTAÇÃO'!A5 -> OBJETO: | B5: ='12-DRENAGEM - IMPLANTAÇÃO'!B5 -> INFRAESTRUTURA URBANA – PAVIMENTAÇÃO ASFÁLTICA, DRENAGEM, E SINALIZAÇÃO VIÁRIA NO ACESSO AO CEMITERIO MUNICIPAL DE NAVIRAÍ/ MS
A6: Município: | B6: ='12-DRENAGEM - IMPLANTAÇÃO'!B6 -> NAVIRAÍ
A7: Local: | B7: ='12-DRENAGEM - IMPLANTAÇÃO'!B7 -> AVENIDA JOÃO RIGONATO
A8: IT EM | B8: DESCRIÇÃO DOS SERVIÇOS | D8: % | E8: VALOR ÍTEM | F8: MÊS 1 | I8: MÊS 2 | L8: MÊS 3
A9: IT EM | F9: PROPONENTE | G9: % | H9: % ACUMULADA | I9: PROPONENTE | J9: % | K9: % ACUMULADA | L9: PROPONENTE | M9: % | N9: % ACUMULADA
A10: 1 | B10: SERVIÇOS PRELIMINARES | D10: =E10/(E$19-$E$18) -> #REF! | E10: =#REF! -> #REF! | F10: =G10*E10 -> #REF! | G10: 1 | H10: =G10 -> 1 | J10: 0 | K10: =H10+J10 -> 1 | M10: 0 | N10: =K10+M10 -> 1 | V10: =G10+J10+M10+G25+J25+M25 -> 1 | X10: =G10+J10+M10+G25 -> 1
A11: 2 | B11: MICRO E MACRO DRENAGEM - TERRAPLENAGEM | D11: =E11/(E$19-$E$18) -> #REF! | E11: =#REF! -> #REF! | F11: =G11*E11 -> #REF! | G11: 0.15 | H11: =G11 -> 0.15 | I11: =E11*J11 -> #REF! | J11: 0.25 | K11: =H11+J11 -> 0.4 | L11: =E11*M11 -> #REF! | M11: 0.25 | N11: =K11+M11 -> 0.65 | V11: =G11+J11+M11+G26+J26+M26 -> 1 | X11: =G11+J11+M11+G26 -> 1
A12: 3 | B12: MICRO E MACRO DRENAGEM - DISPOSITIVOS AUXILIARES | D12: =E12/(E$19-$E$18) -> #REF! | E12: =#REF! -> #REF! | F12: =G12*E12 -> #REF! | G12: 0.3 | H12: =G12 -> 0.3 | I12: =E12*J12 -> #REF! | J12: 0.3 | K12: =H12+J12 -> 0.6 | L12: =E12*M12 -> #REF! | M12: 0.3 | N12: =K12+M12 -> 0.9 | V12: =G12+J12+M12+G27+J27+M27 -> 1 | X12: =G12+J12+M12+G27 -> 1
A13: 4 | B13: IMPLANTAÇÃO ASFÁLTICA - TERRAPLENAGEM | D13: =E13/(E$19-$E$18) -> #REF! | E13: =#REF! -> #REF! | F13: =G13*E13 -> #REF! | G13: 0 | H13: =G13 -> 0 | I13: =E13*J13+0.01 -> #REF! | J13: 0.3 | K13: =H13+J13 -> 0.3 | L13: =E13*M13 -> #REF! | M13: 0.4 | N13: =K13+M13 -> 0.7 | V13: =G13+J13+M13+G28+J28+M28 -> 1 | X13: =G13+J13+M13+G28 -> 1
A14: 5 | B14: IMPLANTAÇÃO ASFÁLTICA - PAVIMENTAÇÃO | D14: =E14/(E$19-$E$18) -> #REF! | E14: =#REF! -> #REF! | F14: =G14*E14 -> #REF! | G14: 0 | H14: =G14 -> 0 | J14: 0 | K14: =H14+J14 -> 0 | L14: =E14*M14 -> #REF! | M14: 0 | N14: =K14+M14 -> 0 | V14: =G14+J14+M14+G29+J29+M29 -> 1 | X14: =G14+J14+M14+G29 -> 0.3
A15: 6 | B15: SERVIÇOS COMPLEMENTARES | D15: =E15/(E$19-$E$18) -> #REF! | E15: =#REF! -> #REF! | F15: =G15*E15 -> #REF! | G15: 0 | H15: =G15 -> 0 | J15: 0 | K15: =H15+J15 -> 0 | L15: =E15*M15 -> #REF! | M15: 0.5 | N15: =K15+M15 -> 0.5 | V15: =G15+J15+M15+G30+J30+M30 -> 1 | X15: =G15+J15+M15+G30 -> 0.9
A16: 7 | B16: PASSEIO COM ACESSIBILIDADE | D16: =E16/(E$19-$E$18) -> #REF! | E16: =#REF! -> #REF! | F16: =G16*E16 -> #REF! | G16: 0 | H16: =G16 -> 0 | I16: =E16*J16 -> #REF! | J16: 0 | K16: =H16+J16 -> 0 | L16: =E16*M16 -> #REF! | M16: 0 | N16: =K16+M16 -> 0 | V16: =G16+J16+M16+G31+J31+M31 -> 1 | X16: =G16+J16+M16+G31 -> 0
A17: 8 | B17: SINALIZAÇÃO VIÁRIA PERMANENTE | D17: =E17/(E$19-$E$18) -> #REF! | E17: =#REF! -> #REF! | F17: =G17*E17 -> #REF! | G17: 0 | H17: =G17 -> 0 | I17: =E17*J17 -> #REF! | J17: 0 | K17: =H17+J17 -> 0 | L17: =E17*M17 -> #REF! | M17: 0 | N17: =K17+M17 -> 0 | V17: =G17+J17+M17+G32+J32+M32 -> 1 | X17: =G17+J17+M17+G32 -> 0
A18: 9 | B18: ADMINISTRAÇÃO LOCAL | D18: =E18/(E$19-$E$18) -> #REF! | E18: =#REF! -> #REF! | F18: =G18*E18 -> #REF! | G18: 0.2 | H18: =G18 -> 0.2 | I18: =E18*J18 -> #REF! | J18: 0.2 | K18: =H18+J18 -> 0.4 | L18: =E18*M18 -> #REF! | M18: 0.2 | N18: =K18+M18 -> 0.6 | V18: =G18+J18+M18+G33+J33+M33 -> 1 | X18: =G18+J18+M18+G33 -> 0.8
E19: =SUM(E10:E18) -> #REF!
C20: T OT AL MENSAL= | F20: =SUM(F10:F18) -> #REF! | I20: =SUM(I10:I18) -> #REF! | L20: =SUM(L10:L18) -> #REF!
C21: T OT AL ACUMULADO= | F21: =F20 -> #REF! | G21: =F21/E19 -> #REF! | H21: =G21 -> #REF! | I21: =F21+I20 -> #REF! | J21: =I20/E19 -> #REF! | K21: =J21+H21 -> #REF! | L21: =I21+L20 -> #REF! | M21: =L20/E19 -> #REF! | N21: =M21+K21 -> #REF!
A23: IT EM | B23: DESCRIÇÃO DOS SERVIÇOS | D23: % | E23: VALOR ÍTEM | F23: MÊS 4 | I23: MÊS 5 | L23: MÊS 6
A24: IT EM | F24: PROPONENT E | G24: % | H24: % ACUMULADA | I24: PROPONENT E | J24: % | K24: % ACUMULADA | L24: PROPONENT E | M24: % | N24: % ACUMULADA
A25: 1 | B25: SERVIÇOS PRELIMINARES | D25: =D10 -> #REF! | E25: =E10 -> #REF! | G25: 0 | H25: =N10+G25 -> 1 | K25: =H25+J25 -> 1 | N25: =K25+M25 -> 1 | O25: =(F10+I10+L10+F25+I25+L25)/E10 -> #REF!
A26: 2 | B26: MICRO E MACRO DRENAGEM - TERRAPLENAGEM | D26: =D11 -> #REF! | E26: =E11 -> #REF! | F26: =G26*E26 -> #REF! | G26: 0.35 | H26: =N11+G26 -> 1 | I26: =J26*E26 -> #REF! | K26: =H26+J26 -> 1 | L26: =M26*E26 -> #REF! | N26: =K26+M26 -> 1 | O26: =(F11+I11+L11+F26+I26+L26)/E11 -> #REF!
A27: 3 | B27: MICRO E MACRO DRENAGEM - DISPOSITIVOS AUXILIARES | D27: =D12 -> #REF! | E27: =E12 -> #REF! | F27: =G27*E27 -> #REF! | G27: 0.1 | H27: =N12+G27 -> 1 | I27: =J27*E27 -> #REF! | K27: =H27+J27 -> 1 | L27: =M27*E27 -> #REF! | N27: =K27+M27 -> 1 | O27: =(F12+I12+L12+F27+I27+L27)/E12 -> #REF!
A28: 4 | B28: IMPLANTAÇÃO ASFÁLTICA - TERRAPLENAGEM | D28: =D13 -> #REF! | E28: =E13 -> #REF! | F28: =G28*E28 -> #REF! | G28: 0.3 | H28: =N13+G28 -> 1 | I28: =J28*E28 -> #REF! | K28: =H28+J28 -> 1 | L28: =M28*E28 -> #REF! | N28: =K28+M28 -> 1 | O28: =(F13+I13+L13+F28+I28+L28)/E13 -> #REF!
A29: 5 | B29: IMPLANTAÇÃO ASFÁLTICA - PAVIMENTAÇÃO | D29: =D14 -> #REF! | E29: =E14 -> #REF! | F29: =G29*E29 -> #REF! | G29: 0.3 | H29: =N14+G29 -> 0.3 | I29: =J29*E29 -> #REF! | J29: 0.4 | K29: =H29+J29 -> 0.7 | L29: =M29*E29 -> #REF! | M29: 0.3 | N29: =K29+M29 -> 1 | O29: =(F14+I14+L14+F29+I29+L29)/E14 -> #REF!
A30: 6 | B30: SERVIÇOS COMPLEMENTARES | D30: =D15 -> #REF! | E30: =E15 -> #REF! | F30: =G30*E30 -> #REF! | G30: 0.4 | H30: =N15+G30 -> 0.9 | I30: =J30*E30 -> #REF! | J30: 0.1 | K30: =H30+J30 -> 1 | L30: =M30*E30 -> #REF! | N30: =K30+M30 -> 1 | O30: =(F15+I15+L15+F30+I30+L30)/E15 -> #REF!
A31: 7 | B31: PASSEIO COM ACESSIBILIDADE | D31: =D16 -> #REF! | E31: =E16 -> #REF! | F31: =G31*E31 -> #REF! | G31: 0 | H31: =N16+G31 -> 0 | I31: =J31*E31 -> #REF! | J31: 0.5 | K31: =H31+J31 -> 0.5 | L31: =M31*E31 -> #REF! | M31: 0.5 | N31: =K31+M31 -> 1 | O31: =(F16+I16+L16+F31+I31+L31)/E16 -> #REF!
A32: 8 | B32: SINALIZAÇÃO VIÁRIA PERMANENTE | D32: =D17 -> #REF! | E32: =E17 -> #REF! | F32: =G32*E32 -> #REF! | G32: 0 | H32: =N17+G32 -> 0 | I32: =J32*E32 -> #REF! | J32: 0.5 | K32: =H32+J32 -> 0.5 | L32: =M32*E32 -> #REF! | M32: 0.5 | N32: =K32+M32 -> 1 | O32: =(F17+I17+L17+F32+I32+L32)/E17 -> #REF!
A33: 9 | B33: ADMINISTRAÇÃO LOCAL | D33: =D18 -> #REF! | E33: =E18 -> #REF! | F33: =G33*E33 -> #REF! | G33: 0.2 | H33: =N18+G33 -> 0.8 | I33: =J33*E33 -> #REF! | J33: 0.1 | K33: =H33+J33 -> 0.9 | L33: =M33*E33 -> #REF! | M33: 0.1 | N33: =K33+M33 -> 1 | O33: =(F18+I18+L18+F33+I33+L33)/E18 -> #REF!
E34: =SUM(E25:E33) -> #REF!
D35: T OT AL MENSAL= | F35: =SUM(F25:F33) -> #REF! | I35: =SUM(I25:I33) -> #REF! | L35: =SUM(L25:L33) -> #REF!
D36: T OT AL ACUMULADO= | F36: =L21+F35 -> #REF! | G36: =F35/E34 -> #REF! | H36: =G36+N21 -> #REF! | I36: =F36+I35 -> #REF! | J36: =I35/E34 -> #REF! | K36: =J36+H36 -> #REF! | L36: =I36+L35 -> #REF! | M36: =L35/E34 -> #REF! | N36: =M36+K36 -> #REF!

Sheet BDI DESONERADO
B1: ESTADO DO MATO GROSSO DO SUL | D1: ____________________________________________
B2: =OFFSET(DADOS!$I$2,DADOS!$A$7,0,1,1) -> PREFEITURA MUNICIPAL DE NAVIRAÍ | D2: FABIO MARQUES RIBEIRO ENGENHEIRO CIVIL CREA: 15.276/MS
B3: =#REF! -> #REF!
A4: DEMONSTRAÇÃO DE BDI - DESONERADO - Acórdão 2622/2013
A5: ='12-DRENAGEM - IMPLANTAÇÃO'!A5 -> OBJETO: | B5: ='12-DRENAGEM - IMPLANTAÇÃO'!B5 -> INFRAESTRUTURA URBANA – PAVIMENTAÇÃO ASFÁLTICA, DRENAGEM, E SINALIZAÇÃO VIÁRIA NO ACESSO AO CEMITERIO MUNICIPAL DE NAVIRAÍ/ MS
A6: Município: | B6: ='12-DRENAGEM - IMPLANTAÇÃO'!B6 -> NAVIRAÍ
A7: Local: | B7: ='12-DRENAGEM - IMPLANTAÇÃO'!B7 -> AVENIDA JOÃO RIGONATO
A9: TIPO DE OBRA: | B9: CONSTRUÇÃO DE RODOVIAS - SERVIÇOS
A11: IMPOSTOS:
B12: TRIBUTOS: | C12: 3.65 | D12: %
B13: ISS BRUTO: | C13: 5 | D13: %
B14: INCIDENCIA SOBRE MO: | C14: 100 | D14: %
B15: CPRB | C15: 4.5 | D15: %
B16: TOTAL TRIBUSTOS: | C16: =((C14*C13/100)+C12+C15) -> 13.15 | D16: %
E17: ADOTADO
E19: 3.8
E20: 0.32
E21: 0.5
E22: 1.02
E23: 6.64
A26: BDI DESONERADO ADOTADO | E26: =((((1+(E19+E20+E21)/100))*(1+E22/100)*(1+E23/100))/(1-C16/100))-1 -> 0.29769429
A28: TIPO DE OBRA: | B28: FORNECIMENTO DE MATERIAIS E EQUIPAMENTOS
A30: IMPOSTOS:
B31: TRIBUTOS: | C31: 3.65 | D31: %
B32: ISS BRUTO: | D32: %
B33: INCIDENCIA SOBRE MO: | C33: 100 | D33: %
B34: CPRB | C34: 4.5 | D34: %
B35: TOTAL TRIBUSTOS: | C35: =C31+C32+C34*(C33/100) -> 8.15 | D35: %
E36: ADOTADO
E38: 1.5
E39: 0.3
E40: 0.56
E41: 0.85
E42: 3.5
A45: BDI DESONERADO ADOTADO | E45: =((((1+(E38+E39+E40)/100))*(1+E41/100)*(1+E42/100))/(1-C35/100))-1 -> 0.16323475

Sheet COTAÇÕES
B2: =N.GOV -> GOVERNO DO ESTADO DE MATO GROSSO DO SUL
B3: {=N.PREFEITURA} -> PREFEITURA MUNICIPAL DE NAVIRAÍ
B4: {=N.SECRETARIA} -> SECRETARIA DE PLANEJAMENTO
A5: COTAÇÕES
A6: Objeto: | B6: =N.DESCRICAO -> INFRAESTRUTURA URBANA – PAVIMENTAÇÃO ASFÁLTICA, DRENAGEM, E SINALIZAÇÃO VIÁRIA NO ACESSO AO CEMITERIO MUNICIPAL DE NAVIRAÍ/ MS | D6: RESPONSÁVEL ORÇAMENTO
A7: Município: | B7: =N.MUNICIPIO -> NAVIRAÍ | D7: ______________________________
A8: Local: | B8: {=N.LOCAL} -> AVENIDA JOÃO RIGONATO | D8: =N.Engenheiro -> FÁBIO MARQUES RIBEIRO
A9: SIST./REF.: | B9: {=N.BASE} -> AGESUL(SETEMBRO/2025)/SINAPI(SETEMBRO/2025) | D9: =N.CREA -> ENGENHEIRO CIVIL - 15.276 D/MS
A11: EMPRESA | B11: CNPJ | C11: NOME | D11: FONE | E11: CONTATO
A12: E01 | B12: 28.026.481/0001-23 | C12: GRECA DISTRIBUIDORA DE ASFALTOS LTDA | D12: (67)3391-1932 | E12: BENEDITO SILVA
A13: E02 | B13: 01.438.784/0048-60 | C13: BETUNEL INDUSTRIA E CMÉRCIO LTDA | D13: (67)3363-2552 | E13: ALEXANDRE SILVA
A14: E03 | B14: 03.037.291/0001-80 | C14: NOVAS TECNICAS DE ASFALTO LTDA | D14: (11) 97624-6832 | E14: JORGE
A15: E04 | B15: 29.712.461/0001-79 | C15: FUNDIÇÃO SOUZA | D15: (67) 3424-1794 | E15: CASSIANO
A16: E05 | B16: 43.247.526/0001-83 | C16: ATN METAIS LTDA | D16: (67) 98112-8773 | E16: CÁUCIA
A17: E06 | B17: 55.331.847/0001-40 | C17: FUNDICÃO OLIVETTI EM FERRO INDUSTRIA E COMERCIO LTDA | D17: (67) 98112-8774 | E17: CLÁUCIA
A18: E07 | B18: 03.992.516/0001-58 | C18: AFER INDUSTRIAL LTDA TAMPÕES E GRELHAS | D18: (11) 3646-5190 | E18: BARBARA
A24: CÓDIGO | B24: DESCRIÇÃO | C24: UNIDADE | D24: DATA COTAÇÃO | E24: MEDIANA
A25: CT01 | B25: EMULSÃO ASFÁLTICA PARA IMPRIMAÇÃO | C25: KG | D25: 45499 | E25: =IF(SUM(D27:E29)<>0,MEDIAN(D27:E29),"") -> 4150
A26: EMPRESA | D26: COTAÇÕES
A27: E01 | B27: =VLOOKUP(A27,$A$12:$C$16,3,0) -> GRECA DISTRIBUIDORA DE ASFALTOS LTDA | D27: 4200
A28: E02 | B28: =VLOOKUP(A28,$A$12:$C$16,3,0) -> BETUNEL INDUSTRIA E CMÉRCIO LTDA | D28: 4000
A29: E03 | B29: =VLOOKUP(A29,$A$12:$C$16,3,0) -> NOVAS TECNICAS DE ASFALTO LTDA | D29: 4150
A31: CÓDIGO | B31: DESCRIÇÃO | C31: UNIDADE | D31: DATA COTAÇÃO | E31: MEDIANA
A32: CT02 | B32: GRELHA FOFO ARTICULADA, CLASSE D400, CARGA MÁXIMA 40T, 50 x 100 CM, PARA BOCA DE LOBO | C32: UN | D32: 45902 | E32: =AVERAGE(D34:D37) -> 707.75
A33: EMPRESA | D33: COTAÇÕES
A34: E04 | B34: =VLOOKUP(A34,$A$12:$C$16,3,0) -> FUNDIÇÃO SOUZA | D34: 500
A35: E05 | B35: =VLOOKUP(A35,$A$12:$C$19,3,0) -> ATN METAIS LTDA | D35: 836
A36: E06 | B36: =VLOOKUP(A36,$A$12:$C$18,3,0) -> FUNDICÃO OLIVETTI EM FERRO INDUSTRIA E COMERCIO LTDA | D36: 550
A37: E07 | B37: =VLOOKUP(A37,$A$12:$C$18,3,0) -> AFER INDUSTRIAL LTDA TAMPÕES E GRELHAS | D37: 945

Sheet 6-CAMADAS
B2: =N.GOV -> GOVERNO DO ESTADO DE MATO GROSSO DO SUL
B3: {=N.PREFEITURA} -> PREFEITURA MUNICIPAL DE NAVIRAÍ
B4: {=N.SECRETARIA} -> SECRETARIA DE PLANEJAMENTO
A5: MEMÓRIA DE CALCULO CAMADAS PAVIMENTAÇÃO
A6: OBJETO: | B6: =N.DESCRICAO -> INFRAESTRUTURA URBANA – PAVIMENTAÇÃO ASFÁLTICA, DRENAGEM, E SINALIZAÇÃO VIÁRIA NO ACESSO AO CEMITERIO MUNICIPAL DE NAVIRAÍ/ MS | N6: RESPONSÁVEL ORÇAMENTO
A7: MUNÍCIPIO: | B7: =N.MUNICIPIO -> NAVIRAÍ | M7: =" _______________________________ "&N.Engenheiro&" "&N.CREA -> _______________________________ FÁBIO MARQUES RIBEIRO ENGENHEIRO CIVIL - 15.276 D/MS
A8: LOCAL: | B8: {=N.LOCAL} -> AVENIDA JOÃO RIGONATO
A9: SIST./REF.: | B9: {=N.BASE} -> AGESUL(SETEMBRO/2025)/SINAPI(SETEMBRO/2025)
A11: COEFICIENTE DE EQUIVALÊNCIA ESTRUTURAL | B11: CBUQ | D11: 2 | F11: NUMERO N | L11: ESPESSURA EQUIVALENTE | N11: CBRp | O11: =K17 -> 3
B12: BRITA GRADUADA | D12: 1 | N12: CBRB | O12: 15
B13: SUBLEITO | D13: 1 | F13: N= | G13: 2,5X104 | N13: CBRS | O13: 0
N14: CBRR | O14: 0
A16: REVESTIMENTO | B16: N | D16: TRAFEGO | F16: TIPO DE REVESTIMENTO | K16: ESPESSURA ADOTADA
B17: N≥X104 | D17: LEVE | F17: CONCRETO ASFÁLTICO USINADO A QUENTE | K17: 3 | M17: cm
A19: DIMENSIONAMENTO DA BASE | B19: CBR | C19: ESP.EQ | D19: CBUQ | E19: E MIN | F19: E ADOTADO | G19: PARÂMETRO DE TRÁFEGO | I19: TRAFEGO | J19: VMD 1ºANO | K19: VT | L19: TAXA % | M19: FV | N19: V1 | O19: PERIODO ANOS
B20: 0.8 | C20: =O12 -> 15 | D20: =K17 -> 3 | E20: =SUM(C20-D20*D11)/D12 -> 9 | F20: 15 | G20: =K20*M20 -> 1889605 | I20: LEVE | J20: =(N20*(2+(O20+1)*L20/100))/2 -> 310 | K20: =365*O20*J20 -> 1131500 | L20: 10 | M20: 1.67 | N20: 200 | O20: 10
A22: DIMENSIONAMENTO DO SUBLEITO | B22: CBR | C22: H | D22: CBUQ | E22: BASE | F22: ESP. MINIMA | G22: ESP. ADOTADA | H22: TRECHO | J22: OBSERVAÇÃO
H23: EST.INIC. | I23: EST.FINAL | J23: ISC=5,5%
B24: 0.1 | C24: =O13 -> 0 | D24: =D20 -> 3 | E24: =F20 -> 15 | F24: =IF(C24=0,0,(SUM(C24-D24*D11-E24*D12)/D13)) -> 0 | G24: 0 | J24: ISC=7,2%,7,2%;20,3%
J25: ISC=19,4%;30,8%;32%;36,7%
A27: REFORÇO | B27: CBR | C27: H | D27: CBUQ | E27: BASE | F27: ESP. MINIMA | G27: ESP. ADOTADA | H27: TRECHO | J27: OBSERVAÇÃO
H28: EST.INIC. | I28: EST.FINAL
C29: =O14 -> 0 | F29: =SUM(C29-D29*2-E29*1.1)/D13 -> 0
A31: Coeficiente de Equivalência Estrutural dos Materiais | I31: Espessura Mínima de Revestimentos Betuminoso
A32: Tipo de Material | F32: Coeficiente Estrutural (K) | I32: n | K32: tipo
A33: Base ou revestimento de concreto asfáltico | F33: 2 | I33: N≤ 106 | K33: TSD-1,5 a 3,0 cm
A34: Base ou revestimento pré-misturado a quente de graduação densa | F34: 1.7 | I34: 106 < N ≤ 5 x 106 | K34: BETUMINOSO 5,00 cm
A35: Base ou revestimento pré-misturado a frio de graduação densa | F35: 1.4 | I35: 5x106 < N ≤ 107 | K35: BETUMINOSO 7,50 cm
A36: Base ou revestimento asfáltico por penetração | F36: 1.2 | I36: 107 < N ≤ 5 x 107 | K36: BETUMINOSO 10,00 cm
A37: Base Granulares | F37: 1 | I37: N> 5 x 107 | K37: BETUMINOSO 12,50 cm
A38: Sub-base granulares | F38: 1
A39: Reforço do subleito | F39: 1
A40: Solo-cimento com resistência aos 7 dias superior a 4,5MPa (compressão) | F40: 1.7
A41: Solo-cimento com resistência aos 7 dias entre 2,8 a 4,5MPa (compressão) | F41: 1.4
A42: Solo-cimento com resistência aos 7 dias entre 2,1 a 4,5MPa (compressão) | F42: 1.2
A43: Bases de solo-cal | F43: 1.2

Sheet 6.1-CAMADAS
B2: =N.GOV -> GOVERNO DO ESTADO DE MATO GROSSO DO SUL
B3: {=N.PREFEITURA} -> PREFEITURA MUNICIPAL DE NAVIRAÍ
B4: {=N.SECRETARIA} -> SECRETARIA DE PLANEJAMENTO
A5: MEMÓRIA DE CALCULO CAMADAS PAVIMENTAÇÃO
A6: OBJETO: | B6: =N.DESCRICAO -> INFRAESTRUTURA URBANA – PAVIMENTAÇÃO ASFÁLTICA, DRENAGEM, E SINALIZAÇÃO VIÁRIA NO ACESSO AO CEMITERIO MUNICIPAL DE NAVIRAÍ/ MS | N6: RESPONSÁVEL ORÇAMENTO
A7: MUNÍCIPIO: | B7: =N.MUNICIPIO -> NAVIRAÍ | M7: =" _______________________________ "&N.Engenheiro&" "&N.CREA -> _______________________________ FÁBIO MARQUES RIBEIRO ENGENHEIRO CIVIL - 15.276 D/MS
A8: LOCAL: | B8: {=N.LOCAL} -> AVENIDA JOÃO RIGONATO
A9: SIST./REF.: | B9: {=N.BASE} -> AGESUL(SETEMBRO/2025)/SINAPI(SETEMBRO/2025)
A11: COEFICIENTE DE EQUIVALÊNCIA ESTRUTURAL | B11: CBUQ | D11: 2 | F11: NUMERO N | L11: ESPESSURA EQUIVALENTE | N11: CBRp | O11: =K17 -> 3
B12: BRITA GRADUADA | D12: 1 | N12: CBRB | O12: 20
B13: - | D13: 1 | F13: N= | G13: 2,5X105 | N13: CBRS | O13: 0
N14: CBRR | O14: 0
A16: REVESTIMENTO | B16: N | D16: TRAFEGO | F16: TIPO DE REVESTIMENTO | K16: ESPESSURA ADOTADA
B17: N≥X105 | D17: MÉDIO | F17: CONCRETO ASFÁLTICO USINADO A QUENTE | K17: 3 | M17: cm
A19: DIMENSIONAMENTO DA BASE | B19: CBR | C19: ESP.EQ | D19: CBUQ | E19: E MIN | F19: E ADOTADO | G19: PARÂMETRO DE TRÁFEGO | I19: TRAFEGO | J19: VMD 1ºANO | K19: VT | L19: TAXA % | M19: FV | N19: V1 | O19: PERIODO ANOS
B20: 0.6 | C20: 26 | D20: =K17 -> 3 | E20: 20 | F20: 20 | G20: =K20*M20 -> 3960250 | I20: =D17 -> MÉDIO | J20: =(N20*(2+(O20+1)*L20/100))/2 -> 775 | K20: =365*O20*J20 -> 2828750 | L20: 10 | M20: 1.4 | N20: 500 | O20: 10
A22: DIMENSIONAMENTO DO SUBLEITO | B22: CBR | C22: H | D22: CBUQ | E22: BASE | F22: ESP. MINIMA | G22: ESP. ADOTADA | H22: TRECHO | J22: OBSERVAÇÃO
H23: EST.INIC. | I23: EST.FINAL | J23: ISC=5,5%
B24: 0.1 | C24: =O13 -> 0 | D24: =D20 -> 3 | E24: =F20 -> 20 | F24: 0 | G24: 0 | J24: ISC=7,2%,7,2%;20,3%
J25: ISC=19,4%;30,8%;32%;36,7%
A27: REFORÇO | B27: CBR | C27: H | D27: CBUQ | E27: BASE | F27: ESP. MINIMA | G27: ESP. ADOTADA | H27: TRECHO | J27: OBSERVAÇÃO
H28: EST.INIC. | I28: EST.FINAL
C29: =O14 -> 0 | F29: =SUM(C29-D29*2-E29*1.1)/D13 -> 0
A31: Coeficiente de Equivalência Estrutural dos Materiais | I31: Espessura Mínima de Revestimentos Betuminoso
A32: Tipo de Material | F32: Coeficiente Estrutural (K) | I32: n | K32: tipo
A33: Base ou revestimento de concreto asfáltico | F33: 2 | I33: N≤ 106 | K33: TSD-1,5 a 3,0 cm
A34: Base ou revestimento pré-misturado a quente de graduação densa | F34: 1.7 | I34: 106 < N ≤ 5 x 106 | K34: BETUMINOSO 5,00 cm
A35: Base ou revestimento pré-misturado a frio de graduação densa | F35: 1.4 | I35: 5x106 < N ≤ 107 | K35: BETUMINOSO 7,50 cm
A36: Base ou revestimento asfáltico por penetração | F36: 1.2 | I36: 107 < N ≤ 5 x 107 | K36: BETUMINOSO 10,00 cm
A37: Base Granulares | F37: 1 | I37: N> 5 x 107 | K37: BETUMINOSO 12,50 cm
A38: Sub-base granulares | F38: 1
A39: Reforço do subleito | F39: 1
A40: Solo-cimento com resistência aos 7 dias superior a 4,5MPa (compressão) | F40: 1.7
A41: Solo-cimento com resistência aos 7 dias entre 2,8 a 4,5MPa (compressão) | F41: 1.4
A42: Solo-cimento com resistência aos 7 dias entre 2,1 a 4,5MPa (compressão) | F42: 1.2
A43: Bases de solo-cal | F43: 1.2

Sheet 7-MOVIMENTO DE TERRA
C1: ESTADO DO MATO GROSSO DO SUL
C2: =OFFSET(DADOS!$I$2,DADOS!$A$7,0,1,1) -> PREFEITURA MUNICIPAL DE NAVIRAÍ
C3: SECRETARIA DE PLANEJAMENTO
A4: MEMÓRIA DE CALCULO CORTE E ATERRO
A5: OBJETO: | B5: =N.DESCRICAO -> INFRAESTRUTURA URBANA – PAVIMENTAÇÃO ASFÁLTICA, DRENAGEM, E SINALIZAÇÃO VIÁRIA NO ACESSO AO CEMITERIO MUNICIPAL DE NAVIRAÍ/ MS | G5: RESPONSÁVEL ORÇAMENTO
A6: MUNÍCIPIO: | B6: =N.MUNICIPIO -> NAVIRAÍ | G6: =" ___________________________ "&N.Engenheiro&" "&N.CREA -> ___________________________ FÁBIO MARQUES RIBEIRO ENGENHEIRO CIVIL - 15.276 D/MS
A7: LOCAL: | B7: {=N.LOCAL} -> AVENIDA JOÃO RIGONATO
A8: SIST./REF.: | B8: {=N.BASE} -> AGESUL(SETEMBRO/2025)/SINAPI(SETEMBRO/2025)
A11: LOCAL | C11: VOLUMES
C12: CORTE (m³) | F12: ATERRO (m³)
A13: ='10-PAVIMENTAÇÃO'!G16 -> AVENIDA JOÃO RIGONATO | C13: 3354.23 | F13: 2318.23
A14: VOLUME TOTAL | C14: =SUM(C13:E13) -> 3354.23 | F14: =SUM(F13:G13) -> 2318.23

Sheet 8-MOVIMENTO TERRA- HARRY AMORY
C1: ESTADO DO MATO GROSSO DO SUL
C2: =OFFSET(DADOS!$I$2,DADOS!$A$7,0,1,1) -> PREFEITURA MUNICIPAL DE NAVIRAÍ
C3: SECRETARIA DE PLANEJAMENTO
A4: MEMÓRIA DE CALCULO CORTE E ATERRO
A5: OBJETO: | B5: =N.DESCRICAO -> INFRAESTRUTURA URBANA – PAVIMENTAÇÃO ASFÁLTICA, DRENAGEM, E SINALIZAÇÃO VIÁRIA NO ACESSO AO CEMITERIO MUNICIPAL DE NAVIRAÍ/ MS | G5: RESPONSÁVEL ORÇAMENTO
A6: MUNÍCIPIO: | B6: =N.MUNICIPIO -> NAVIRAÍ | G6: =" ___________________________ "&N.Engenheiro&" "&N.CREA -> ___________________________ FÁBIO MARQUES RIBEIRO ENGENHEIRO CIVIL - 15.276 D/MS
A7: LOCAL: | B7: {=N.LOCAL} -> AVENIDA JOÃO RIGONATO
A8: SIST./REF.: | B8: {=N.BASE} -> AGESUL(SETEMBRO/2025)/SINAPI(SETEMBRO/2025)
A11: LOCAL | C11: VOLUMES
C12: CORTE (m³) | F12: ATERRO (m³)
A13: RUA JOÃO ALVES DE SOUZA | C13: 659.11 | F13: 116.3
A14: RUA SHINKISHI URANO | C14: 864.67 | F14: 14.81
A15: RUA MARIA DE SOUZA DA CONCEIÇÃO | C15: 374.97 | F15: 0
A16: VOLUME TOTAL | C16: =SUM(C13:E15) -> 1898.75 | F16: =SUM(F13:G15) -> 131.11

Sheet 9-RECAPE
D1: =N.GOV -> GOVERNO DO ESTADO DE MATO GROSSO DO SUL
D2: {=N.PREFEITURA} -> PREFEITURA MUNICIPAL DE NAVIRAÍ
D3: {=N.SECRETARIA} -> SECRETARIA DE PLANEJAMENTO
E4: MEMÓRIA DE CALCULO RECAPE
A5: OBJETO: | B5: =N.DESCRICAO -> INFRAESTRUTURA URBANA – PAVIMENTAÇÃO ASFÁLTICA, DRENAGEM, E SINALIZAÇÃO VIÁRIA NO ACESSO AO CEMITERIO MUNICIPAL DE NAVIRAÍ/ MS | G5: RESPONSÁVEL ORÇAMENTO
A6: MUNÍCIPIO: | B6: =N.MUNICIPIO -> NAVIRAÍ | G6: =" _________________________________ "&N.Engenheiro&" "&N.CREA -> _________________________________ FÁBIO MARQUES RIBEIRO ENGENHEIRO CIVIL - 15.276 D/MS
A7: LOCAL: | B7: {=N.LOCAL} -> AVENIDA JOÃO RIGONATO
A8: SIST./REF.: | B8: {=N.BASE} -> AGESUL(SETEMBRO/2025)/SINAPI(SETEMBRO/2025)
A10: Transporte DMT (Km)
A11: Pedreira | B11: =VALUE('16-DMT'!H10) -> 22.5 | C11: CBUQ | D11: =VALUE('16-DMT'!H14) -> 4.5
A12: Bota Fora | B12: =VALUE('16-DMT'!H11) -> 5.8 | C12: Emulsão/Cim. | D12: =VALUE('16-DMT'!H15) -> 365
A13: Solo | B13: =VALUE('16-DMT'!H12) -> 5.8 | C13: Bica corrida | D13: =VALUE('16-DMT'!H16) -> 22.5
A14: Areeiro | B14: ='16-DMT'!H13 -> 9.6
A16: NOME DA RUA | G16: AVENIDA JOÃO RIGONATO | H16: TOTAL
A17: DADOS | E17: EXTENSÃO (m) | H17: =TRUNC(SUM(G17:G17),2) -> 0
E18: DECLIVIDADE TRANSVERSAL DA PISTA | G18: Dupla 3% cada lado
E19: LARGURA DA PISTA (capa de rolamento) (m)
E20: LARGURA DO MEIO - FIO COM SARJETA (m) | G20: 0.45
E21: LARGURA DO MEIO - FIO, (GUIA) SEM SARJETA (m) | G21: 0.15
E22: ÁREA (m) | G22: =G32+G72 -> 63.656 | H22: =TRUNC(SUM(G22:G22),2) -> 63.65
A24: REMENDO PROFUNDO | B24: DEMOLIÇÃO | C24: DADOS | E24: ÁREA (m²) | G24: =49.42+14.236 -> 63.656 | H24: =TRUNC(SUM(G24:G24),2) -> 63.65
C25: CARGA | E25: ESPESSURA DEMOLIÇÃO (m) | G25: 0.1
E26: VOLUME DEMOLIÇÃO (m³) | G26: =G25*G24 -> 6.3656 | H26: =TRUNC(SUM(G26:G26),2) -> 6.36
E27: EMPOLAMENTO (%) | G27: 0.3
E28: VOLUME DEMOLIÇÃO EMPOLADO (m³) | G28: =(G27*G26)+G26 -> 8.27528 | H28: =TRUNC(SUM(G28:G28),2) -> 8.27
C29: TRANSPORTE | E29: DMT DEMOLIÇÃO (km) | G29: =$B$13 -> 5.8
E30: TRANSPORTE DEMOLIÇÃO (m³ x km) | G30: =G29*G28 -> 47.996624 | H30: =TRUNC(SUM(G30:G30),2) -> 47.99
B32: RECOMPOSIÇÃO DE BASE | C32: DADOS | E32: ÁREA (m²) | G32: =G24 -> 63.656 | H32: =TRUNC(SUM(G32:G32),2) -> 63.65
C33: CARGA | E33: ESPESSURA RACHÃO (m) | G33: 0
E34: ESPESSURA BASE (m) | G34: 0.2
E35: VOLUME RACHÃO (m³) | G35: =G33*G32 -> 0 | H35: =TRUNC(SUM(G35:G35),2) -> 0
E36: VOLUME BASE (m³) | G36: =G34*G32 -> 12.7312 | H36: =TRUNC(SUM(G36:G36),2) -> 12.73
E37: EMPOLAMENTO (%) | G37: 0.3
E38: VOLUME RACHÃO EMPOLADO (m³) | G38: =(G37*G35)+G35 -> 0 | H38: =TRUNC(SUM(G38:G38),2) -> 0
E39: VOLUME BASE EMPOLADO(m³) | G39: =(G37*G36)+G36 -> 16.55056 | H39: =TRUNC(SUM(G39:G39),2) -> 16.55
C40: TRANSPORTE | E40: DMT (km) | G40: =IF($B$11<=30,$B$11,30) -> 22.5
E41: DMT EXCEDENTE (km) | G41: =IF($B$11<=30,0,$B$11-G40) -> 0
E42: TRANSPORTE RACHÃO/BASE (m³ x km) | G42: =G40*(G39+G38) -> 372.3876 | H42: =TRUNC(SUM(G42:G42),2) -> 372.38
E43: TRANSPORTE EXCEDENTE RACHÃO/BASE (m³ x km) | G43: =G41*(G39+G38) -> 0 | H43: =TRUNC(SUM(G43:G43),2) -> 0
B45: IMPRIMAÇÃO | C45: DADOS | E45: ÁREA (m²) | G45: =G32 -> 63.656 | H45: =TRUNC(SUM(G45:G45),2) -> 63.65
C46: CARGA | E46: CONSUMO (t/m²) | G46: 0.0012
E47: VOLUME EMPOLADO (t/m²) | G47: =G46*G45 -> 0.0763872 | H47: =TRUNC(SUM(G47:G47),2) -> 0.07
C48: TRANSPORTE | E48: DMT (km) | G48: =IF($D$12<=30,$D$12,30) -> 30
E49: DMT EXCEDENTE (km) | G49: =IF($D$12<=30,0,$D$12-G48) -> 335
E50: TRANSPORTE (t x km) | G50: =G48*G47 -> 2.291616 | H50: =TRUNC(SUM(G50:G50),2) -> 2.29
E51: TRANSPORTE EXCEDENTE (t x km) | G51: =G49*G47 -> 25.589712 | H51: =TRUNC(SUM(G51:G51),2) -> 25.58
B53: PINTURA DE LIGAÇÃO | C53: DADOS | E53: ÁREA (m²) | H53: =SUM(G53:G53) -> 0
C54: CARGA | E54: CONSUMO (t/m²) | G54: 0.0005
E55: VOLUME EMPOLADO (t/m²) | G55: =G54*G53 -> 0 | H55: =SUM(G55:G55) -> 0
C56: TRANSPORTE | E56: DMT (km) | G56: =IF($D$12<=30,$D$12,30) -> 30
E57: DMT EXCEDENTE (km) | G57: =IF($D$12<=30,0,$D$12-G56) -> 335
E58: TRANSPORTE (t x km) | G58: =G56*G55 -> 0 | H58: =SUM(G58:G58) -> 0
E59: TRANSPORTE EXCEDENTE (t x km) | G59: =G57*G55 -> 0 | H59: =SUM(G59:G59) -> 0
B61: RECAPEAMENTO | C61: DADOS | E61: QUAL TIPO DE PAVIMENTO - TSD - CBUQ - MICROREVESTIMENTO | G61: CBUQ
E62: ÁREA (m²) | H62: =SUM(G62:G62) -> 0
C63: CARGA | E63: ESPESSURA (m) | G63: 0.03
E64: VOLUME (m³) | G64: =G63*G62 -> 0 | H64: =SUM(G64:G64) -> 0
E65: PESO ESPECIFICO (t/m3) | G65: 2.5548
E66: VOLUME (t) | G66: =G65*G64 -> 0 | H66: =SUM(G66:G66) -> 0
C67: TRANSPORTE | E67: DMT (km) | G67: =IF($D$11<=30,$D$11,30) -> 4.5
E68: DMT EXCEDENTE (km) | G68: =IF($D$11<=30,0,$D$11-G67) -> 0
E69: TRANSPORTE (t x km) | G69: =G67*G66 -> 0 | H69: =SUM(G69:G69) -> 0
E70: TRANSPORTE EXCEDENTE (t x km) | G70: =G68*G66 -> 0 | H70: =SUM(G70:G70) -> 0
A72: FRESAGEM | B72: DADOS | E72: ÁREA (m²) | H72: =TRUNC(SUM(G72:G72),2) -> 0
B73: CARGA | E73: ESPESSURA (m) | G73: 0.03
E74: VOLUME (m³) | G74: =G73*G72 -> 0 | H74: =TRUNC(SUM(G74:G74),2) -> 0
E75: PESO ESPECÍFICO (t) | G75: 2.5548
E76: CARGA (t) | G76: =G75*G74 -> 0 | H76: =TRUNC(SUM(G76:G76),2) -> 0
B77: TRANSPORTE | E77: DMT (km) | G77: =IF($B$12<=30,$B$12,30) -> 5.8
E78: DMT EXCEDENTE (km) | G78: =IF($B$12<=30,0,$B$12-G77) -> 0
E79: TRANSPORTE (t x km) | G79: =G77*G76 -> 0 | H79: =TRUNC(SUM(G79:G79),2) -> 0
E80: TRANSPORTE EXCEDENTE (t x km) | G80: =G78*G76 -> 0 | H80: =TRUNC(SUM(G80:G80),2) -> 0
A82: RECAPEAMENTO | B82: DADOS | E82: QUAL TIPO DE PAVIMENTO - TSD - CBUQ - MICROREVESTIMENTO | G82: CBUQ
E83: ÁREA (m²) | G83: =G22 -> 63.656 | H83: =TRUNC(SUM(G83:G83),2) -> 63.65
C84: CARGA | E84: CONSUMO (t/m²) | G84: 0.0012
E85: VOLUME EMPOLADO (t/m²) | G85: =G84*G83 -> 0.0763872 | H85: =SUM(G85:G85) -> 0.0763872
C86: TRANSPORTE | E86: DMT (km) | G86: =IF($D$12<=30,$D$12,30) -> 30
E87: DMT EXCEDENTE (km) | G87: =IF($D$12<=30,0,$D$12-G86) -> 335
E88: TRANSPORTE (t x km) | G88: =G86*G85 -> 2.291616 | H88: =SUM(G88:G88) -> 2.291616
E89: TRANSPORTE EXCEDENTE (t x km) | G89: =G87*G85 -> 25.589712 | H89: =SUM(G89:G89) -> 25.589712
B91: PINTURA DE LIGAÇÃO | C91: DADOS | E91: ÁREA (m²) | G91: =G83 -> 63.656 | H91: =TRUNC(SUM(G91:G91),2) -> 63.65
C92: CARGA | E92: CONSUMO (t/m²) | G92: 0.0005
E93: VOLUME EMPOLADO (t/m²) | G93: =G92*G91 -> 0.031828 | H93: =TRUNC(SUM(G93:G93),2) -> 0.03
C94: TRANSPORTE | E94: DMT (km) | G94: =IF($D$12<=30,$D$12,30) -> 30
E95: DMT EXCEDENTE (km) | G95: =IF($D$12<=30,0,$D$12-G94) -> 335
E96: TRANSPORTE (t x km) | G96: =G94*G93 -> 0.95484 | H96: =TRUNC(SUM(G96:G96),2) -> 0.95
E97: TRANSPORTE EXCEDENTE (t x km) | G97: =G95*G93 -> 10.66238 | H97: =TRUNC(SUM(G97:G97),2) -> 10.66
B99: REVESTIMENTO | C99: DADOS | E99: ÁREA (m²) | G99: =G91 -> 63.656 | H99: =TRUNC(SUM(G99:G99),2) -> 63.65
C100: CARGA | E100: ESPESSURA (m) | G100: 0.03
E101: VOLUME (m³) | G101: =G100*G99 -> 1.90968 | H101: =TRUNC(SUM(G101:G101),2) -> 1.9
E102: PESO ESPECIFICO (t/m3) | G102: 2.5548
E103: VOLUME (t) | G103: =G102*G101 -> 4.8788505 | H103: =TRUNC(SUM(G103:G103),2) -> 4.87
C104: TRANSPORTE | E104: DMT (km) | G104: =IF($D$11<=30,$D$11,30) -> 4.5
E105: DMT EXCEDENTE (km) | G105: =IF($D$11<=30,0,$D$11-G104) -> 0
E106: TRANSPORTE (t x km) | G106: =G104*G103 -> 21.954827 | H106: =TRUNC(SUM(G106:G106),2) -> 21.95
E107: TRANSPORTE EXCEDENTE (t x km) | G107: =G105*G103 -> 0 | H107: =TRUNC(SUM(G107:G107),2) -> 0
A109: SERVIÇOS COMPLEMETARES | B109: MEIO FIO | C109: DEMOLIÇÃO | E109: MEIO FIOS COM SARJETA (m) | G109: 0 | H109: =TRUNC(SUM(G109:G109),2) -> 0
E110: MEIO FIOS REBAIXADO COM SARJETA (m)
E111: MEIO FIOS GUIA (SEM SARJETA) (m) | G111: 0 | H111: =TRUNC(SUM(G111:G111),2) -> 0
E112: ESPESSURA (cm) | G112: 0.2
...

Sheet 10-PAVIMENTAÇÃO
A1: , | D1: =N.GOV -> GOVERNO DO ESTADO DE MATO GROSSO DO SUL
D2: {=N.PREFEITURA} -> PREFEITURA MUNICIPAL DE NAVIRAÍ
D3: {=N.SECRETARIA} -> SECRETARIA DE PLANEJAMENTO
A4: MEMÓRIA DE CALCULO PAVIMENTAÇÃO
A5: OBJETO: | B5: =N.DESCRICAO -> INFRAESTRUTURA URBANA – PAVIMENTAÇÃO ASFÁLTICA, DRENAGEM, E SINALIZAÇÃO VIÁRIA NO ACESSO AO CEMITERIO MUNICIPAL DE NAVIRAÍ/ MS | G5: RESPONSÁVEL ORÇAMENTO
A6: MUNÍCIPIO: | B6: =N.MUNICIPIO -> NAVIRAÍ | G6: =N.Engenheiro&" "&N.CREA -> FÁBIO MARQUES RIBEIRO ENGENHEIRO CIVIL - 15.276 D/MS
A7: LOCAL: | B7: {=N.LOCAL} -> AVENIDA JOÃO RIGONATO
A8: SIST./REF.: | B8: {=N.BASE} -> AGESUL(SETEMBRO/2025)/SINAPI(SETEMBRO/2025)
A10: Transporte DMT (Km)
A11: Pedreira | B11: =VALUE('16-DMT'!H10) -> 22.5 | C11: CBUQ | D11: ='16-DMT'!H14 -> 4.5
A12: Bota Fora | B12: ='16-DMT'!H11 -> 5.8 | C12: Emulsão/Cim. | D12: =VALUE('16-DMT'!H15) -> 365
A13: Solo | B13: =VALUE('16-DMT'!H12) -> 5.8 | C13: Bica corrida | D13: =VALUE('16-DMT'!H16) -> 22.5
A14: Areeiro | B14: ='16-DMT'!H12 -> 5.8
A16: NOME DA RUA | G16: AVENIDA JOÃO RIGONATO | H16: TOTAL
A17: DADOS | E17: ESTACA INICIAL | G17: 0+00
E18: ESTACA FINAL | G18: 36+9,22
E19: EXTENSÃO (m) | G19: =36*20+9.22 -> 729.22 | H19: =TRUNC(SUM(G19:G19),2) -> 729.22 | L19: ='11-PAVIMENTAÇÃO - HARRY AMORIN'!J19 -> 584.86 | M19: =L19+H19 -> 1314.08
E20: DECLIVIDADE TRANSVERSAL DA PISTA | G20: Dupla 3% cada lado
E21: LARGURA DA PISTA (capa de rolamento) (m) | G21: =7.25+7.25 -> 14.5
E22: LARGURA DO MEIO - FIO COM SARJETA (m) | G22: 0.45
E23: LARGURA DO MEIO - FIO, (GUIA) SEM SARJETA (m) | G23: 0.13
E24: ÁREA (m²) | G24: 10653.82 | H24: =TRUNC(SUM(G24:G24),2) -> 10653.82
A25: LIMPA RODAS | E25: QUANTIDADE DE LIMPA RODAS TP-1 (un) | H25: =TRUNC(SUM(G25:G25),2) -> 0
E26: ÁREA UNITÁRIA DOS LIMPA RODAS TP-1 (m²) | G26: 40.48 | H26: =TRUNC(SUM(G26:G26),2) -> 40.48
E27: ÁREA TP-1 (m²) | G27: =G25*G26 -> 0 | H27: =TRUNC(SUM(G27:G27),2) -> 0
E28: QUANTIDADE DE LIMPA RODAS TP-2 (un) | H28: =TRUNC(SUM(G28:G28),2) -> 0
E29: ÁREA UNITÁRIA DOS LIMPA RODAS TP-2 (m²) | G29: 99.08 | H29: =TRUNC(SUM(G29:G29),2) -> 99.08
E30: ÁREA TP-2 (m²) | G30: =G28*G29 -> 0 | H30: =TRUNC(SUM(G30:G30),2) -> 0
E31: QUANTIDADE DE LIMPA RODAS TP-3 (un) | H31: =TRUNC(SUM(G31:G31),2) -> 0
E32: ÁREA UNITÁRIA DOS LIMPA RODAS TP-3 (m²) | G32: 83.45 | H32: =TRUNC(SUM(G32:G32),2) -> 83.45
E33: ÁREA TP-3 (m²) | G33: =G31*G32 -> 0 | H33: =TRUNC(SUM(G33:G33),2) -> 0
E34: QUANTIDADE DE LIMPA RODAS TP-4 (un) | H34: =TRUNC(SUM(G34:G34),2) -> 0
E35: ÁREA UNITÁRIA DOS LIMPA RODAS TP-4 (m²) | G35: 53.67 | H35: =TRUNC(SUM(G35:G35),2) -> 53.67
E36: ÁREA TP-4 (m²) | G36: =G34*G35 -> 0 | H36: =TRUNC(SUM(G36:G36),2) -> 0
E37: QUANTIDADE DE LIMPA RODAS TP-5 (un) | H37: =TRUNC(SUM(G37:G37),2) -> 0
E38: ÁREA UNITÁRIA DOS LIMPA RODAS TP-5 (m²) | G38: 69.84 | H38: =TRUNC(SUM(G38:G38),2) -> 69.84
E39: ÁREA TP-5 (m²) | G39: =G37*G38 -> 0 | H39: =TRUNC(SUM(G39:G39),2) -> 0
E40: QUANTIDADE DE LIMPA RODAS TP-6 (un) | H40: =TRUNC(SUM(G40:G40),2) -> 0
E41: ÁREA UNITÁRIA DOS LIMPA RODAS TP-6 (m²) | G41: 196.11 | H41: =TRUNC(SUM(G41:G41),2) -> 196.11
E42: ÁREA TP-6 (m²) | G42: =G40*G41 -> 0 | H42: =TRUNC(SUM(G42:G42),2) -> 0
E43: QUANTIDADE DE LIMPA RODAS TP-7 (un) | H43: =TRUNC(SUM(G43:G43),2) -> 0
E44: ÁREA UNITÁRIA DOS LIMPA RODAS TP-7 (m²) | G44: 98.66 | H44: =TRUNC(SUM(G44:G44),2) -> 98.66
E45: ÁREA TP-7 (m²) | G45: =G43*G44 -> 0 | H45: =TRUNC(SUM(G45:G45),2) -> 0
E46: QUANTIDADE DE LIMPA RODAS TP-8 (un) | H46: =TRUNC(SUM(G46:G46),2) -> 0
E47: ÁREA UNITÁRIA DOS LIMPA RODAS TP-8 (m²) | G47: 207.36 | H47: =TRUNC(SUM(G47:G47),2) -> 207.36
E48: ÁREA TP-8 (m²) | G48: =G46*G47 -> 0 | H48: =TRUNC(SUM(G48:G48),2) -> 0
E49: QUANTIDADE DE LIMPA RODAS TP-9 (un) | H49: =TRUNC(SUM(G49:G49),2) -> 0
E50: ÁREA UNITÁRIA DOS LIMPA RODAS TP-9 (m²) | G50: 116.69 | H50: =TRUNC(SUM(G50:G50),2) -> 116.69
E51: ÁREA TP-9 (m²) | G51: =G49*G50 -> 0 | H51: =TRUNC(SUM(G51:G51),2) -> 0
E52: QUANTIDADE DE LIMPA RODAS TP-10 (un) | H52: =TRUNC(SUM(G52:G52),2) -> 0
E53: ÁREA UNITÁRIA DOS LIMPA RODAS TP-10 (m²) | G53: 223.24 | H53: =TRUNC(SUM(G53:G53),2) -> 223.24
E54: ÁREA TP-10 (m²) | G54: =G52*G53 -> 0 | H54: =TRUNC(SUM(G54:G54),2) -> 0
E55: QUANTIDADE DE LIMPA RODAS TP-11 (un) | H55: =TRUNC(SUM(G55:G55),2) -> 0
E56: ÁREA UNITÁRIA DOS LIMPA RODAS TP-11 (m²) | G56: 74.86 | H56: =TRUNC(SUM(G56:G56),2) -> 74.86
E57: ÁREA TP-11 (m²) | G57: =G55*G56 -> 0 | H57: =TRUNC(SUM(G57:G57),2) -> 0
E58: QUANTIDADE DE LIMPA RODAS TP-12 (un) | H58: =TRUNC(SUM(G58:G58),2) -> 0
E59: ÁREA UNITÁRIA DOS LIMPA RODAS TP-12 (m²) | G59: 23.2 | H59: =TRUNC(SUM(G59:G59),2) -> 23.2
E60: ÁREA TP-12 (m²) | G60: =G58*G59 -> 0 | H60: =TRUNC(SUM(G60:G60),2) -> 0
E61: QUANTIDADE DE LIMPA RODAS TP-13 (un) | H61: =TRUNC(SUM(G61:G61),2) -> 0
E62: ÁREA UNITÁRIA DOS LIMPA RODAS TP-13 (m²) | G62: 112.14 | H62: =TRUNC(SUM(G62:G62),2) -> 112.14
E63: ÁREA TP-13 (m²) | G63: =G61*G62 -> 0 | H63: =TRUNC(SUM(G63:G63),2) -> 0
A64: CANTEIRO | F64: EXTENSÃO (m) | G64: 0 | H64: =TRUNC(SUM(G64:G64),2) -> 0
E65: LARGURA (m) | H65: =TRUNC(SUM(G65:G65),2) -> 0
E66: ÁREA (m²) | G66: 246.293 | H66: =TRUNC(SUM(G66:G66),2) -> 246.29
E67: PERIMETRO (m) | G67: 0 | H67: =TRUNC(SUM(G67:G67),2) -> 0
A68: RAIOS | E68: QUANTIDADE DE RAIOS DE 5,00 m (un) | H68: =TRUNC(SUM(G68:G68),2) -> 0
E69: ÁREA UNITÁRIA DO RAIO DE 5,00 m (m²) | H69: =TRUNC(SUM(G69:G69),2) -> 0
E70: ÁREA (m²) | G70: =ROUND(G68*G69,2) -> 0 | H70: =TRUNC(SUM(G70:G70),2) -> 0
A72: TERRAPLENAGEM | B72: LIMPEZA | C72: ESCAVAÇÃO | E72: LARGURA (m) | G72: =G21 -> 14.5
E73: ÁREA (m²) | G73: 6087.311 | H73: =TRUNC(SUM(G73:G73),2) -> 6087.31
E74: ESPESSURA (m) | G74: 0.1
E75: VOLUME (m³) | G75: =G73*G74 -> 608.7311 | H75: =TRUNC(SUM(G75:G75),2) -> 608.73
C76: CARGA | E76: VOLUME EMPOLADO(m³) | G76: =G75*(1+G77) -> 791.35043 | H76: =TRUNC(SUM(G76:G76),2) -> 791.35
C77: TRANSPORTE | E77: EMPOLAMENTO (%) | G77: 0.3
E78: DMT (km) | G78: =$B$12 -> 5.8
E79: TOTAL (m³ x km) | G79: =G76*G78 -> 4589.8325 | H79: =TRUNC(SUM(G79:G79),2) -> 4589.83
B80: CORTE | C80: ESCAVAÇÃO | E80: VOLUME (m³) - CIVIL 3D | G80: ='7-MOVIMENTO DE TERRA'!C13 -> 3354.23 | H80: =TRUNC(SUM(G80:G80),2) -> 3354.23
C81: CARGA | E81: VOLUME EMPOLADO (m³) | G81: =G80*(1+G82) -> 4360.499 | H81: =TRUNC(SUM(G81:G81),2) -> 4360.49
C82: TRANSPORTE | E82: EMPOLAMENTO (%) | G82: 0.3
E83: DMT (km) | G83: =G78 -> 5.8
E84: TOTAL (m³ x km) | G84: =G83*G81 -> 25290.894 | H84: =TRUNC(SUM(G84:G84),2) -> 25290.89
B85: ATERRO | C85: ATERRO | E85: VOLUME (m³) - CIVIL 3D | G85: ='7-MOVIMENTO DE TERRA'!F13 -> 2318.23 | H85: =TRUNC(SUM(G85:G85),2) -> 2318.23
C86: CARGA DO SUBLEITO | E86: VOLUME EMPOLAMENTO (m³) | G86: =G85*(1+G87) -> 3013.699 | H86: =TRUNC(SUM(G86:G86),2) -> 3013.69
C87: TRANSPORTE | E87: EMPOLAMENTO (%) | G87: 0.3
E88: DMT (km) | G88: =$B$13 -> 5.8
E89: TOTAL (m³ x km) | G89: =G86*G88 -> 17479.454 | H89: =TRUNC(SUM(G89:G89),2) -> 17479.45
B91: VOLUME LIQUIDO | C91: CORTE | E91: VOLUME (m³) | G91: =IF(G80-G85<0,0,G80-G85) -> 1036 | H91: =TRUNC(SUM(G91:G91),2) -> 1036
C92: CARGA DO SUBLEITO | E92: VOLUME EMPOLAMENTO (m³) | G92: =G93*G91+G91 -> 1346.8 | H92: =TRUNC(SUM(G92:G92),2) -> 1346.8
C93: TRANSPORTE | E93: EMPOLAMENTO (%) | G93: 0.3
E94: DMT (km) | G94: =B12 -> 5.8
E95: TOTAL (m³ x km) | G95: =G94*G92 -> 7811.44 | H95: =TRUNC(SUM(G95:G95),2) -> 7811.44
C96: ATERRO | E96: VOLUME (m³) | G96: =IF(G85-G80<0,0,G85-G80) -> 0 | H96: =TRUNC(SUM(G96:G96),2) -> 0
C97: CARGA DO SUBLEITO | E97: VOLUME EMPOLAMENTO (m³) | G97: =G98*G96 -> 0 | H97: =TRUNC(SUM(G97:G97),2) -> 0
C98: TRANSPORTE | E98: EMPOLAMENTO (%) | G98: 0.3
E99: DMT (km) | G99: =B13 -> 5.8
E100: TOTAL (m³ x km) | G100: =G99*G96 -> 0 | H100: =TRUNC(SUM(G100:G100),2) -> 0
A102: ESTRUTURA PAVIMENTO | B102: SUBLEITO | C102: ESCAVAÇÃO | E102: LARGURA (m) | G102: =G21+(0.65*2) -> 15.8 | H102: =TRUNC(SUM(G102:G102),2) -> 15.8
E103: ÁREA (m²) | G103: =G24+((0.65*2)*G19) -> 11601.806 | H103: =TRUNC(SUM(G103:G103),2) -> 11601.8
E104: ESPESSURA (m) | G104: 0
E105: VOLUME (m3) | G105: =G103*G104 -> 0 | H105: =TRUNC(SUM(G105:G105),2) -> 0
...

Sheet 11-PAVIMENTAÇÃO - HARRY AMORIN
A1: , | D1: =N.GOV -> GOVERNO DO ESTADO DE MATO GROSSO DO SUL
D2: {=N.PREFEITURA} -> PREFEITURA MUNICIPAL DE NAVIRAÍ
D3: {=N.SECRETARIA} -> SECRETARIA DE PLANEJAMENTO
A4: MEMÓRIA DE CALCULO PAVIMENTAÇÃO
A5: OBJETO: | B5: =N.DESCRICAO -> INFRAESTRUTURA URBANA – PAVIMENTAÇÃO ASFÁLTICA, DRENAGEM, E SINALIZAÇÃO VIÁRIA NO ACESSO AO CEMITERIO MUNICIPAL DE NAVIRAÍ/ MS | I5: RESPONSÁVEL ORÇAMENTO
A6: MUNÍCIPIO: | B6: =N.MUNICIPIO -> NAVIRAÍ | I6: =" _________________________________ "&N.Engenheiro&" "&N.CREA -> _________________________________ FÁBIO MARQUES RIBEIRO ENGENHEIRO CIVIL - 15.276 D/MS
A7: LOCAL: | B7: {=N.LOCAL} -> AVENIDA JOÃO RIGONATO
A8: SIST./REF.: | B8: {=N.BASE} -> AGESUL(SETEMBRO/2025)/SINAPI(SETEMBRO/2025)
A10: Transporte DMT (Km)
A11: Pedreira | B11: =VALUE('16-DMT'!H10) -> 22.5 | C11: CBUQ | D11: ='16-DMT'!H14 -> 4.5
A12: Bota Fora | B12: ='16-DMT'!H11 -> 5.8 | C12: Emulsão/Cim. | D12: =VALUE('16-DMT'!H15) -> 365
A13: Solo | B13: =VALUE('16-DMT'!H12) -> 5.8 | C13: Bica corrida | D13: =VALUE('16-DMT'!H16) -> 22.5
A14: Areeiro | B14: ='16-DMT'!H12 -> 5.8
A16: NOME DA RUA | G16: RUA JOÃO ALVES DE SOUZA | H16: RUA SHINKISHI URANO | I16: RUA MARIA DE SOUZA DA CONCEIÇÃO | J16: TOTAL
A17: DADOS | E17: ESTACA INICIAL | G17: 0+00 | H17: 0+00 | I17: 0+00
E18: ESTACA FINAL | G18: 8+11,558 | H18: 12+14,506 | I18: 7+18,799 | P18: AVENIDA JOÃO RIGONATO | Q18: 10653.82 | R18: 14.5
E19: EXTENSÃO (m) | G19: =8*20+11.558 -> 171.558 | H19: =12*20+14.506 -> 254.506 | I19: =7*20+18.799 -> 158.799 | J19: =TRUNC(SUM(G19:I19),2) -> 584.86 | P19: RUA JOÃO ALVES DE SOUZA | Q19: 1727.6372 | R19: 9
E20: DECLIVIDADE TRANSVERSAL DA PISTA | G20: Dupla 3% cada lado | H20: Dupla 3% cada lado | I20: Dupla 3% cada lado | P20: RUA SHINKISHI URANO | Q20: 2066.9684 | R20: 9
E21: LARGURA DA PISTA (capa de rolamento) (m) | G21: 9 | H21: 9 | I21: 5.8 | P21: RUA MARIA DE SOUZA DA CONCEIÇÃO | Q21: 926.0558 | R21: 5.8
E22: LARGURA DO MEIO - FIO COM SARJETA (m) | G22: 0.45 | H22: 0.45 | I22: 0.45 | Q22: =SUM(Q18:Q21) -> 15374.481
E23: LARGURA DO MEIO - FIO, (GUIA) SEM SARJETA (m) | G23: 0.13 | H23: 0.13 | I23: 0.13
E24: ÁREA (m²) | G24: 1727.6372 | H24: 2066.9684 | I24: 926.0558 | J24: =TRUNC(SUM(G24:I24),2) -> 4720.66
A25: LIMPA RODAS | E25: QUANTIDADE DE LIMPA RODAS TP-1 (un) | J25: =TRUNC(SUM(G25:I25),2) -> 0
E26: ÁREA UNITÁRIA DOS LIMPA RODAS TP-1 (m²) | G26: 40.48 | H26: 40.48 | I26: 40.48 | J26: =TRUNC(SUM(G26:I26),2) -> 121.44
E27: ÁREA TP-1 (m²) | G27: =G25*G26 -> 0 | H27: =H25*H26 -> 0 | I27: =I25*I26 -> 0 | J27: =TRUNC(SUM(G27:I27),2) -> 0
E28: QUANTIDADE DE LIMPA RODAS TP-2 (un) | J28: =TRUNC(SUM(G28:I28),2) -> 0
E29: ÁREA UNITÁRIA DOS LIMPA RODAS TP-2 (m²) | G29: 99.08 | H29: 99.08 | I29: 99.08 | J29: =TRUNC(SUM(G29:I29),2) -> 297.24
E30: ÁREA TP-2 (m²) | G30: =G28*G29 -> 0 | H30: =H28*H29 -> 0 | I30: =I28*I29 -> 0 | J30: =TRUNC(SUM(G30:I30),2) -> 0
E31: QUANTIDADE DE LIMPA RODAS TP-3 (un) | J31: =TRUNC(SUM(G31:I31),2) -> 0
E32: ÁREA UNITÁRIA DOS LIMPA RODAS TP-3 (m²) | G32: 83.45 | H32: 83.45 | I32: 83.45 | J32: =TRUNC(SUM(G32:I32),2) -> 250.35
E33: ÁREA TP-3 (m²) | G33: =G31*G32 -> 0 | H33: =H31*H32 -> 0 | I33: =I31*I32 -> 0 | J33: =TRUNC(SUM(G33:I33),2) -> 0
E34: QUANTIDADE DE LIMPA RODAS TP-4 (un) | J34: =TRUNC(SUM(G34:I34),2) -> 0
E35: ÁREA UNITÁRIA DOS LIMPA RODAS TP-4 (m²) | G35: 53.67 | H35: 53.67 | I35: 53.67 | J35: =TRUNC(SUM(G35:I35),2) -> 161.01
E36: ÁREA TP-4 (m²) | G36: =G34*G35 -> 0 | H36: =H34*H35 -> 0 | I36: =I34*I35 -> 0 | J36: =TRUNC(SUM(G36:I36),2) -> 0
E37: QUANTIDADE DE LIMPA RODAS TP-5 (un) | J37: =TRUNC(SUM(G37:I37),2) -> 0
E38: ÁREA UNITÁRIA DOS LIMPA RODAS TP-5 (m²) | G38: 69.84 | H38: 69.84 | I38: 69.84 | J38: =TRUNC(SUM(G38:I38),2) -> 209.52
E39: ÁREA TP-5 (m²) | G39: =G37*G38 -> 0 | H39: =H37*H38 -> 0 | I39: =I37*I38 -> 0 | J39: =TRUNC(SUM(G39:I39),2) -> 0
E40: QUANTIDADE DE LIMPA RODAS TP-6 (un) | J40: =TRUNC(SUM(G40:I40),2) -> 0
E41: ÁREA UNITÁRIA DOS LIMPA RODAS TP-6 (m²) | G41: 196.11 | H41: 196.11 | I41: 196.11 | J41: =TRUNC(SUM(G41:I41),2) -> 588.33
E42: ÁREA TP-6 (m²) | G42: =G40*G41 -> 0 | H42: =H40*H41 -> 0 | I42: =I40*I41 -> 0 | J42: =TRUNC(SUM(G42:I42),2) -> 0
E43: QUANTIDADE DE LIMPA RODAS TP-7 (un) | J43: =TRUNC(SUM(G43:I43),2) -> 0
E44: ÁREA UNITÁRIA DOS LIMPA RODAS TP-7 (m²) | G44: 98.66 | H44: 98.66 | I44: 98.66 | J44: =TRUNC(SUM(G44:I44),2) -> 295.98
E45: ÁREA TP-7 (m²) | G45: =G43*G44 -> 0 | H45: =H43*H44 -> 0 | I45: =I43*I44 -> 0 | J45: =TRUNC(SUM(G45:I45),2) -> 0
E46: QUANTIDADE DE LIMPA RODAS TP-8 (un) | J46: =TRUNC(SUM(G46:I46),2) -> 0
E47: ÁREA UNITÁRIA DOS LIMPA RODAS TP-8 (m²) | G47: 207.36 | H47: 207.36 | I47: 207.36 | J47: =TRUNC(SUM(G47:I47),2) -> 622.08
E48: ÁREA TP-8 (m²) | G48: =G46*G47 -> 0 | H48: =H46*H47 -> 0 | I48: =I46*I47 -> 0 | J48: =TRUNC(SUM(G48:I48),2) -> 0
E49: QUANTIDADE DE LIMPA RODAS TP-9 (un) | J49: =TRUNC(SUM(G49:I49),2) -> 0
E50: ÁREA UNITÁRIA DOS LIMPA RODAS TP-9 (m²) | G50: 116.69 | H50: 116.69 | I50: 116.69 | J50: =TRUNC(SUM(G50:I50),2) -> 350.07
E51: ÁREA TP-9 (m²) | G51: =G49*G50 -> 0 | H51: =H49*H50 -> 0 | I51: =I49*I50 -> 0 | J51: =TRUNC(SUM(G51:I51),2) -> 0
E52: QUANTIDADE DE LIMPA RODAS TP-10 (un) | J52: =TRUNC(SUM(G52:I52),2) -> 0
E53: ÁREA UNITÁRIA DOS LIMPA RODAS TP-10 (m²) | G53: 223.24 | H53: 223.24 | I53: 223.24 | J53: =TRUNC(SUM(G53:I53),2) -> 669.72
E54: ÁREA TP-10 (m²) | G54: =G52*G53 -> 0 | H54: =H52*H53 -> 0 | I54: =I52*I53 -> 0 | J54: =TRUNC(SUM(G54:I54),2) -> 0
E55: QUANTIDADE DE LIMPA RODAS TP-11 (un) | J55: =TRUNC(SUM(G55:I55),2) -> 0
E56: ÁREA UNITÁRIA DOS LIMPA RODAS TP-11 (m²) | G56: 74.86 | H56: 74.86 | I56: 74.86 | J56: =TRUNC(SUM(G56:I56),2) -> 224.58
E57: ÁREA TP-11 (m²) | G57: =G55*G56 -> 0 | H57: =H55*H56 -> 0 | I57: =I55*I56 -> 0 | J57: =TRUNC(SUM(G57:I57),2) -> 0
E58: QUANTIDADE DE LIMPA RODAS TP-12 (un) | J58: =TRUNC(SUM(G58:I58),2) -> 0
E59: ÁREA UNITÁRIA DOS LIMPA RODAS TP-12 (m²) | G59: 23.2 | H59: 23.2 | I59: 23.2 | J59: =TRUNC(SUM(G59:I59),2) -> 69.6
E60: ÁREA TP-12 (m²) | G60: =G58*G59 -> 0 | H60: =H58*H59 -> 0 | I60: =I58*I59 -> 0 | J60: =TRUNC(SUM(G60:I60),2) -> 0
E61: QUANTIDADE DE LIMPA RODAS TP-13 (un) | J61: =TRUNC(SUM(G61:I61),2) -> 0
E62: ÁREA UNITÁRIA DOS LIMPA RODAS TP-13 (m²) | G62: 112.14 | H62: 112.14 | I62: 112.14 | J62: =TRUNC(SUM(G62:I62),2) -> 336.42
E63: ÁREA TP-13 (m²) | G63: =G61*G62 -> 0 | H63: =H61*H62 -> 0 | I63: =I61*I62 -> 0 | J63: =TRUNC(SUM(G63:I63),2) -> 0
A64: CANTEIRO | F64: EXTENSÃO (m) | G64: 0 | H64: 0 | I64: 0 | J64: =TRUNC(SUM(G64:I64),2) -> 0
E65: LARGURA (m) | J65: =TRUNC(SUM(G65:I65),2) -> 0
E66: ÁREA (m²) | J66: =TRUNC(SUM(G66:I66),2) -> 0
E67: PERIMETRO (m) | G67: 0 | H67: 0 | I67: 0 | J67: =TRUNC(SUM(I67:I67),2) -> 0
A68: RAIOS | E68: QUANTIDADE DE RAIOS DE 5,00 m (un) | J68: =TRUNC(SUM(I68:I68),2) -> 0
E69: ÁREA UNITÁRIA DO RAIO DE 5,00 m (m²) | J69: =TRUNC(SUM(I69:I69),2) -> 0
E70: ÁREA (m²) | G70: =ROUND(G68*G69,2) -> 0 | H70: =ROUND(H68*H69,2) -> 0 | I70: =ROUND(I68*I69,2) -> 0 | J70: =TRUNC(SUM(I70:I70),2) -> 0
A72: TERRAPLENAGEM | B72: LIMPEZA | C72: ESCAVAÇÃO | E72: LARGURA (m) | G72: =G21 -> 9 | H72: =H21 -> 9 | I72: =I21 -> 5.8
E73: ÁREA (m²) | G73: 6087.311 | H73: 6087.311 | I73: 6087.311 | J73: =TRUNC(SUM(I73:I73),2) -> 6087.31
E74: ESPESSURA (m) | G74: 0.1 | H74: 0.1 | I74: 0.1
E75: VOLUME (m³) | G75: =G73*G74 -> 608.7311 | H75: =H73*H74 -> 608.7311 | I75: =I73*I74 -> 608.7311 | J75: =TRUNC(SUM(I75:I75),2) -> 608.73
C76: CARGA | E76: VOLUME EMPOLADO(m³) | G76: =G75*(1+G77) -> 791.35043 | H76: =H75*(1+H77) -> 791.35043 | I76: =I75*(1+I77) -> 791.35043 | J76: =TRUNC(SUM(I76:I76),2) -> 791.35
C77: TRANSPORTE | E77: EMPOLAMENTO (%) | G77: 0.3 | H77: 0.3 | I77: 0.3
E78: DMT (km) | G78: =$B$12 -> 5.8 | H78: =$B$12 -> 5.8 | I78: =$B$12 -> 5.8
E79: TOTAL (m³ x km) | G79: =G76*G78 -> 4589.8325 | H79: =H76*H78 -> 4589.8325 | I79: =I76*I78 -> 4589.8325 | J79: =TRUNC(SUM(I79:I79),2) -> 4589.83
B80: CORTE | C80: ESCAVAÇÃO | E80: VOLUME (m³) - CIVIL 3D | G80: ='8-MOVIMENTO TERRA- HARRY AMORY'!C13 -> 659.11 | H80: ='8-MOVIMENTO TERRA- HARRY AMORY'!C14 -> 864.67 | I80: ='8-MOVIMENTO TERRA- HARRY AMORY'!C15 -> 374.97 | J80: =TRUNC(SUM(G80:I80),2) -> 1898.75
C81: CARGA | E81: VOLUME EMPOLADO (m³) | G81: =G80*(1+G82) -> 856.843 | H81: =H80*(1+H82) -> 1124.071 | I81: =I80*(1+I82) -> 487.461 | J81: =TRUNC(SUM(G81:I81),2) -> 2468.37
C82: TRANSPORTE | E82: EMPOLAMENTO (%) | G82: 0.3 | H82: 0.3 | I82: 0.3
E83: DMT (km) | G83: =G78 -> 5.8 | H83: =H78 -> 5.8 | I83: =I78 -> 5.8
E84: TOTAL (m³ x km) | G84: =G83*G81 -> 4969.6894 | H84: =H83*H81 -> 6519.6118 | I84: =I83*I81 -> 2827.2738 | J84: =TRUNC(SUM(G84:I84),2) -> 14316.57
B85: ATERRO | C85: ATERRO | E85: VOLUME (m³) - CIVIL 3D | G85: ='8-MOVIMENTO TERRA- HARRY AMORY'!F13 -> 116.3 | H85: ='8-MOVIMENTO TERRA- HARRY AMORY'!F14 -> 14.81 | I85: ='8-MOVIMENTO TERRA- HARRY AMORY'!F15 -> 0 | J85: =TRUNC(SUM(G85:I85),2) -> 131.11
C86: CARGA DO SUBLEITO | E86: VOLUME EMPOLAMENTO (m³) | G86: =G85*(1+G87) -> 151.19 | H86: =H85*(1+H87) -> 19.253 | I86: =I85*(1+I87) -> 0 | J86: =TRUNC(SUM(G86:I86),2) -> 170.44
C87: TRANSPORTE | E87: EMPOLAMENTO (%) | G87: 0.3 | H87: 0.3 | I87: 0.3
E88: DMT (km) | G88: =$B$13 -> 5.8 | H88: =$B$13 -> 5.8 | I88: =$B$13 -> 5.8
E89: TOTAL (m³ x km) | G89: =G86*G88 -> 876.902 | H89: =H86*H88 -> 111.6674 | I89: =I86*I88 -> 0 | J89: =TRUNC(SUM(G89:I89),2) -> 988.56
B91: VOLUME LIQUIDO | C91: CORTE | E91: VOLUME (m³) | G91: =IF(G80-G85<0,0,G80-G85) -> 542.81 | H91: =IF(H80-H85<0,0,H80-H85) -> 849.86 | I91: =IF(I80-I85<0,0,I80-I85) -> 374.97 | J91: =TRUNC(SUM(G91:I91),2) -> 1767.64
C92: CARGA DO SUBLEITO | E92: VOLUME EMPOLAMENTO (m³) | G92: =G93*G91+G91 -> 705.653 | H92: =H93*H91+H91 -> 1104.818 | I92: =I93*I91+I91 -> 487.461 | J92: =TRUNC(SUM(G92:I92),2) -> 2297.93
C93: TRANSPORTE | E93: EMPOLAMENTO (%) | G93: 0.3 | H93: 0.3 | I93: 0.3
E94: DMT (km) | G94: =$B$12 -> 5.8 | H94: =$B$12 -> 5.8 | I94: =B12 -> 5.8
E95: TOTAL (m³ x km) | G95: =G94*G92 -> 4092.7874 | H95: =H94*H92 -> 6407.9444 | I95: =I94*I92 -> 2827.2738 | J95: =TRUNC(SUM(G95:I95),2) -> 13328
C96: ATERRO | E96: VOLUME (m³) | G96: =IF(G85-G80<0,0,G85-G80) -> 0 | H96: =IF(H85-H80<0,0,H85-H80) -> 0 | I96: =IF(I85-I80<0,0,I85-I80) -> 0 | J96: =TRUNC(SUM(G96:I96),2) -> 0
C97: CARGA DO SUBLEITO | E97: VOLUME EMPOLAMENTO (m³) | G97: =G98*G96 -> 0 | H97: =H98*H96 -> 0 | I97: =I98*I96 -> 0 | J97: =TRUNC(SUM(G97:I97),2) -> 0
C98: TRANSPORTE | E98: EMPOLAMENTO (%) | G98: 0.3 | H98: 0.3 | I98: 0.3
E99: DMT (km) | G99: =$B$14 -> 5.8 | H99: =$B$14 -> 5.8 | I99: =B13 -> 5.8
E100: TOTAL (m³ x km) | G100: =G99*G96 -> 0 | H100: =H99*H96 -> 0 | I100: =I99*I96 -> 0 | J100: =TRUNC(SUM(G100:I100),2) -> 0
A102: ESTRUTURA PAVIMENTO | B102: SUBLEITO | C102: ESCAVAÇÃO | E102: LARGURA (m) | G102: =G21+(0.65*2) -> 10.3 | H102: =H21+(0.65*2) -> 10.3 | I102: =I21+(0.65*2) -> 7.1 | J102: =TRUNC(SUM(G102:I102),2) -> 27.7
E103: ÁREA (m²) | G103: =G24+((0.65*2)*G19) -> 1950.6626 | H103: =H24+((0.65*2)*H19) -> 2397.8262 | I103: =I24+((0.65*2)*I19) -> 1132.4945 | J103: =TRUNC(SUM(G103:I103),2) -> 5480.98
E104: ESPESSURA (m) | G104: 0 | H104: 0 | I104: 0
E105: VOLUME (m3) | G105: =G103*G104 -> 0 | H105: =H103*H104 -> 0 | I105: =I103*I104 -> 0 | J105: =TRUNC(SUM(G105:I105),2) -> 0
...

Sheet 12-DRENAGEM - IMPLANTAÇÃO
C1: =N.GOV -> GOVERNO DO ESTADO DE MATO GROSSO DO SUL
C2: {=N.PREFEITURA} -> PREFEITURA MUNICIPAL DE NAVIRAÍ
C3: {=N.SECRETARIA} -> SECRETARIA DE PLANEJAMENTO
B4: MEMÓRIA DE CALCULO DRENAGEM PLUVIAL-IMPLANTAÇÃO
A5: OBJETO: | B5: =N.DESCRICAO -> INFRAESTRUTURA URBANA – PAVIMENTAÇÃO ASFÁLTICA, DRENAGEM, E SINALIZAÇÃO VIÁRIA NO ACESSO AO CEMITERIO MUNICIPAL DE NAVIRAÍ/ MS | AH5: RESPONSÁVEL ORÇAMENTO
A6: MUNÍCIPIO: | B6: =N.MUNICIPIO -> NAVIRAÍ | AH6: =" ______________________ "&N.Engenheiro&" "&N.CREA -> ______________________ FÁBIO MARQUES RIBEIRO ENGENHEIRO CIVIL - 15.276 D/MS
A7: LOCAL: | B7: {=N.LOCAL} -> AVENIDA JOÃO RIGONATO
A9: TRANSPORTE DMT (Km) | D9: PESO TUBOS
A10: TUBOS | B10: =VALUE('16-DMT'!H17) -> 100 | D10: Ø 40 | E10: 0.18 | F10: T
A11: BOTA-FORA | B11: =VALUE('16-DMT'!H11) -> 5.8 | D11: Ø 60 | E11: 0.35 | F11: T
A12: BRITA | B12: =VALUE('16-DMT'!H16) -> 22.5 | D12: Ø 80 | E12: 0.54 | F12: T
A13: SOLO | B13: =VALUE('16-DMT'!H12) -> 5.8 | D13: Ø 100 | E13: 0.8 | F13: T
A14: GRAMA | B14: ='16-DMT'!H19 -> 5 | D14: Ø 120 | E14: 1.3 | F14: T
D15: Ø 150 | E15: 1.93 | F15: T
G16: AVENIDA JOÃO RIGONATO | U16: RUA MARIA DE SOUZA CONCEIÇÃO | X16: - | AA16: RUA SHINKISHI URANO | AD16: RUA JOÃO ALVES | AG16: -
A17: TRECHO | G17: TRECHO - 01 | H17: TRECHO - 02 | I17: TRECHO - 03 | J17: TRECHO - 04 | K17: TRECHO - 05 | L17: TRECHO - 06 | M17: TRECHO - 07 | N17: TRECHO - 08 | O17: TRECHO - 09 | P17: TRECHO - 10 | Q17: TRECHO - 11 | R17: TRECHO - 12 | S17: TRECHO - 13 | T17: TRECHO - 14 | U17: TRECHO - 100 | V17: TRECHO - 101 | W17: TRECHO - 102 | X17: TRECHO - 103 | Y17: TRECHO - 104 | Z17: TRECHO - 105 | AA17: TRECHO - 106 | AB17: TRECHO - 107 | AC17: TRECHO - 108 | AD17: TRECHO - 109 | AE17: TRECHO - 110 | AF17: TRECHO - 111 | AG17: TRECHO - 112 | AH17: BIGODE 40 | AI17: TOTAL
G18: =IFERROR(VLOOKUP(G17,BANCO_DRENAGEM!$L$2:$S$345,8,0),"") -> I | H18: =IFERROR(VLOOKUP(H17,BANCO_DRENAGEM!$L$2:$S$345,8,0),"") -> I | I18: =IFERROR(VLOOKUP(I17,BANCO_DRENAGEM!$L$2:$S$345,8,0),"") -> I | J18: =IFERROR(VLOOKUP(J17,BANCO_DRENAGEM!$L$2:$S$345,8,0),"") -> I | K18: =IFERROR(VLOOKUP(K17,BANCO_DRENAGEM!$L$2:$S$345,8,0),"") -> I | L18: =IFERROR(VLOOKUP(L17,BANCO_DRENAGEM!$L$2:$S$345,8,0),"") -> I | M18: =IFERROR(VLOOKUP(M17,BANCO_DRENAGEM!$L$2:$S$345,8,0),"") -> I | N18: =IFERROR(VLOOKUP(N17,BANCO_DRENAGEM!$L$2:$S$345,8,0),"") -> I | ... AH18: =IFERROR(VLOOKUP(AH17,BANCO_DRENAGEM!$L$2:$S$345,8,0),"")
G19: =IFERROR(VLOOKUP(G17,BANCO_DRENAGEM!$L$2:$S$345,7,0),"") -> REDE 01 | H19: =IFERROR(VLOOKUP(H17,BANCO_DRENAGEM!$L$2:$S$345,7,0),"") -> REDE 01 | I19: =IFERROR(VLOOKUP(I17,BANCO_DRENAGEM!$L$2:$S$345,7,0),"") -> REDE 01 | J19: =IFERROR(VLOOKUP(J17,BANCO_DRENAGEM!$L$2:$S$345,7,0),"") -> REDE 01 | K19: =IFERROR(VLOOKUP(K17,BANCO_DRENAGEM!$L$2:$S$345,7,0),"") -> REDE 01 | L19: =IFERROR(VLOOKUP(L17,BANCO_DRENAGEM!$L$2:$S$345,7,0),"") -> REDE 01 | M19: =IFERROR(VLOOKUP(M17,BANCO_DRENAGEM!$L$2:$S$345,7,0),"") -> REDE 01 | N19: =IFERROR(VLOOKUP(N17,BANCO_DRENAGEM!$L$2:$S$345,7,0),"") -> REDE 01 | ... AH19: =IFERROR(VLOOKUP(AH17,BANCO_DRENAGEM!$L$2:$S$345,7,0),"")
A20: DADOS | B20: EXTENSÃO (m) SEM PAVIMENTO | G20: {=IF(OR(LEFT(G17,6)="TRECHO",LEFT(G17,7)="RTRECHO"),INDEX(BANCO_DRENAGEM!$L$2:$AA$345,MATCH(G17&G19&G18,BANCO_DRENAGEM!$L$2:$L$345&BANCO_DRENAGEM!$R$2:$R$345&BANCO_DRENAGEM!$S$2:$S$345,0),3),IF(G17="BIGODE 40",SUMIFS(BANCO_DRENAGEM!$N$3:$N$345,BANCO_DRENAGEM!$T$3:$T$345,G17),IF(G17="RBIGODE 40",SUMIFS(BANCO_DRENAGEM!$N$3:$N$345,BANCO_DRENAGEM!$T$3:$T$345,G17),IF(G17="BIGODE 60",SUMIFS(BANCO_DRENAGEM!$N$3:$N$345,BANCO_DRENAGEM!$T$3:$T$345,G17)))))} -> 104.07695 | H20: {=IF(OR(LEFT(H17,6)="TRECHO",LEFT(H17,7)="RTRECHO"),INDEX(BANCO_DRENAGEM!$L$2:$AA$345,MATCH(H17&H19&H18,BANCO_DRENAGEM!$L$2:$L$345&BANCO_DRENAGEM!$R$2:$R$345&BANCO_DRENAGEM!$S$2:$S$345,0),3),IF(H17="BIGODE 40",SUMIFS(BANCO_DRENAGEM!$N$3:$N$345,BANCO_DRENAGEM!$T$3:$T$345,H17),IF(H17="RBIGODE 40",SUMIFS(BANCO_DRENAGEM!$N$3:$N$345,BANCO_DRENAGEM!$T$3:$T$345,H17),IF(H17="BIGODE 60",SUMIFS(BANCO_DRENAGEM!$N$3:$N$345,BANCO_DRENAGEM!$T$3:$T$345,H17)))))} -> 100.00125 | I20: {=IF(OR(LEFT(I17,6)="TRECHO",LEFT(I17,7)="RTRECHO"),INDEX(BANCO_DRENAGEM!$L$2:$AA$345,MATCH(I17&I19&I18,BANCO_DRENAGEM!$L$2:$L$345&BANCO_DRENAGEM!$R$2:$R$345&BANCO_DRENAGEM!$S$2:$S$345,0),3),IF(I17="BIGODE 40",SUMIFS(BANCO_DRENAGEM!$N$3:$N$345,BANCO_DRENAGEM!$T$3:$T$345,I17),IF(I17="RBIGODE 40",SUMIFS(BANCO_DRENAGEM!$N$3:$N$345,BANCO_DRENAGEM!$T$3:$T$345,I17),IF(I17="BIGODE 60",SUMIFS(BANCO_DRENAGEM!$N$3:$N$345,BANCO_DRENAGEM!$T$3:$T$345,I17)))))} -> 75.682252 | J20: {=IF(OR(LEFT(J17,6)="TRECHO",LEFT(J17,7)="RTRECHO"),INDEX(BANCO_DRENAGEM!$L$2:$AA$345,MATCH(J17&J19&J18,BANCO_DRENAGEM!$L$2:$L$345&BANCO_DRENAGEM!$R$2:$R$345&BANCO_DRENAGEM!$S$2:$S$345,0),3),IF(J17="BIGODE 40",SUMIFS(BANCO_DRENAGEM!$N$3:$N$345,BANCO_DRENAGEM!$T$3:$T$345,J17),IF(J17="RBIGODE 40",SUMIFS(BANCO_DRENAGEM!$N$3:$N$345,BANCO_DRENAGEM!$T$3:$T$345,J17),IF(J17="BIGODE 60",SUMIFS(BANCO_DRENAGEM!$N$3:$N$345,BANCO_DRENAGEM!$T$3:$T$345,J17)))))} -> 74.186027 | K20: {=IF(OR(LEFT(K17,6)="TRECHO",LEFT(K17,7)="RTRECHO"),INDEX(BANCO_DRENAGEM!$L$2:$AA$345,MATCH(K17&K19&K18,BANCO_DRENAGEM!$L$2:$L$345&BANCO_DRENAGEM!$R$2:$R$345&BANCO_DRENAGEM!$S$2:$S$345,0),3),IF(K17="BIGODE 40",SUMIFS(BANCO_DRENAGEM!$N$3:$N$345,BANCO_DRENAGEM!$T$3:$T$345,K17),IF(K17="RBIGODE 40",SUMIFS(BANCO_DRENAGEM!$N$3:$N$345,BANCO_DRENAGEM!$T$3:$T$345,K17),IF(K17="BIGODE 60",SUMIFS(BANCO_DRENAGEM!$N$3:$N$345,BANCO_DRENAGEM!$T$3:$T$345,K17)))))} -> 105.59711 | L20: {=IF(OR(LEFT(L17,6)="TRECHO",LEFT(L17,7)="RTRECHO"),INDEX(BANCO_DRENAGEM!$L$2:$AA$345,MATCH(L17&L19&L18,BANCO_DRENAGEM!$L$2:$L$345&BANCO_DRENAGEM!$R$2:$R$345&BANCO_DRENAGEM!$S$2:$S$345,0),3),IF(L17="BIGODE 40",SUMIFS(BANCO_DRENAGEM!$N$3:$N$345,BANCO_DRENAGEM!$T$3:$T$345,L17),IF(L17="RBIGODE 40",SUMIFS(BANCO_DRENAGEM!$N$3:$N$345,BANCO_DRENAGEM!$T$3:$T$345,L17),IF(L17="BIGODE 60",SUMIFS(BANCO_DRENAGEM!$N$3:$N$345,BANCO_DRENAGEM!$T$3:$T$345,L17)))))} -> 67.822458 | M20: {=IF(OR(LEFT(M17,6)="TRECHO",LEFT(M17,7)="RTRECHO"),INDEX(BANCO_DRENAGEM!$L$2:$AA$345,MATCH(M17&M19&M18,BANCO_DRENAGEM!$L$2:$L$345&BANCO_DRENAGEM!$R$2:$R$345&BANCO_DRENAGEM!$S$2:$S$345,0),3),IF(M17="BIGODE 40",SUMIFS(BANCO_DRENAGEM!$N$3:$N$345,BANCO_DRENAGEM!$T$3:$T$345,M17),IF(M17="RBIGODE 40",SUMIFS(BANCO_DRENAGEM!$N$3:$N$345,BANCO_DRENAGEM!$T$3:$T$345,M17),IF(M17="BIGODE 60",SUMIFS(BANCO_DRENAGEM!$N$3:$N$345,BANCO_DRENAGEM!$T$3:$T$345,M17)))))} -> 77.29147 | N20: {=IF(OR(LEFT(N17,6)="TRECHO",LEFT(N17,7)="RTRECHO"),INDEX(BANCO_DRENAGEM!$L$2:$AA$345,MATCH(N17&N19&N18,BANCO_DRENAGEM!$L$2:$L$345&BANCO_DRENAGEM!$R$2:$R$345&BANCO_DRENAGEM!$S$2:$S$345,0),3),IF(N17="BIGODE 40",SUMIFS(BANCO_DRENAGEM!$N$3:$N$345,BANCO_DRENAGEM!$T$3:$T$345,N17),IF(N17="RBIGODE 40",SUMIFS(BANCO_DRENAGEM!$N$3:$N$345,BANCO_DRENAGEM!$T$3:$T$345,N17),IF(N17="BIGODE 60",SUMIFS(BANCO_DRENAGEM!$N$3:$N$345,BANCO_DRENAGEM!$T$3:$T$345,N17)))))} -> 92.573077 | ... AH20: {=IF(OR(LEFT(AH17,6)="TRECHO",LEFT(AH17,7)="RTRECHO"),INDEX(BANCO_DRENAGEM!$L$2:$AA$345,MATCH(AH17&AH19&AH18,BANCO_DRENAGEM!$L$2:$L$345&BANCO_DRENAGEM!$R$2:$R$345&BANCO_DRENAGEM!$S$2:$S$345,0),3),IF(AH17="BIGODE 40",SUMIFS(BANCO_DRENAGEM!$N$3:$N$345,BANCO_DRENAGEM!$T$3:$T$345,AH17),IF(AH17="RBIGODE 40",SUMIFS(BANCO_DRENAGEM!$N$3:$N$345,BANCO_DRENAGEM!$T$3:$T$345,AH17),IF(AH17="BIGODE 60",SUMIFS(BANCO_DRENAGEM!$N$3:$N$345,BANCO_DRENAGEM!$T$3:$T$345,AH17)))))} -> 257.65824 | AI20: =TRUNC(SUM(G20:AH20),2) -> 1662.07
B21: EXTENSÃO PARA CALCULO DE ESCAVAÇÃO | G21: =G20+G22 -> 104.07695 | H21: =H20+H22 -> 100.00125 | I21: =I20+I22 -> 75.682252 | J21: =J20+J22 -> 74.186027 | K21: =K20+K22 -> 105.59711 | L21: =L20+L22 -> 67.822458 | M21: =M20+M22 -> 77.29147 | N21: =N20+N22 -> 92.573077 | ... AH21: =AH20+AH22 -> 257.65824 | AI21: =TRUNC(SUM(G21:AH21),2) -> 1662.07
B22: EXTENSÃO (m) PAVIMENTADA | AI22: =TRUNC(SUM(G22:AH22),2) -> 0
B23: TELA PLASTICA*30% | G23: =G21*0.3 -> 31.223085 | H23: =H21*0.3 -> 30.000375 | I23: =I21*0.3 -> 22.704676 | J23: =J21*0.3 -> 22.255808 | K23: =K21*0.3 -> 31.679134 | L23: =L21*0.3 -> 20.346737 | M23: =M21*0.3 -> 23.187441 | N23: =N21*0.3 -> 27.771923 | ... AH23: =AH21*0.3 -> 77.297473 | AI23: =TRUNC(SUM(G23:AH23),2) -> 498.62
B24: N° DE LINHAS | G24: 1 | H24: 1 | I24: 1 | J24: 1 | K24: 1 | L24: 1 | M24: 1 | N24: 1 | O24: 1 | P24: 1 | Q24: 1 | R24: 1 | S24: 1 | T24: 1 | U24: 1 | V24: 1 | W24: 1 | X24: 1 | Y24: 1 | Z24: 1 | AA24: 1 | AB24: 1 | AC24: 1 | AD24: 1 | AE24: 1 | AF24: 1 | AG24: 1 | AH24: 1
B25: DIÂMETRO (m) | G25: {=IF(OR(LEFT(G17,6)="TRECHO",LEFT(G17,7)="RTRECHO"),INDEX(BANCO_DRENAGEM!$L$2:$AA$345,MATCH(G17&G19&G18,BANCO_DRENAGEM!$L$2:$L$345&BANCO_DRENAGEM!$R$2:$R$345&BANCO_DRENAGEM!$S$2:$S$345,0),2),IF(G17="BIGODE 40",SUMIFS(BANCO_DRENAGEM!$N$3:$N$345,BANCO_DRENAGEM!$T$3:$T$345,G17),IF(G17="RBIGODE 40",SUMIFS(BANCO_DRENAGEM!$N$3:$N$345,BANCO_DRENAGEM!$T$3:$T$345,G17),IF(G17="BIGODE 60",SUMIFS(BANCO_DRENAGEM!$N$3:$N$345,BANCO_DRENAGEM!$T$3:$T$345,G17)))))/1000} -> 0.8 | H25: {=IF(OR(LEFT(H17,6)="TRECHO",LEFT(H17,7)="RTRECHO"),INDEX(BANCO_DRENAGEM!$L$2:$AA$345,MATCH(H17&H19&H18,BANCO_DRENAGEM!$L$2:$L$345&BANCO_DRENAGEM!$R$2:$R$345&BANCO_DRENAGEM!$S$2:$S$345,0),2),IF(H17="BIGODE 40",SUMIFS(BANCO_DRENAGEM!$N$3:$N$345,BANCO_DRENAGEM!$T$3:$T$345,H17),IF(H17="RBIGODE 40",SUMIFS(BANCO_DRENAGEM!$N$3:$N$345,BANCO_DRENAGEM!$T$3:$T$345,H17),IF(H17="BIGODE 60",SUMIFS(BANCO_DRENAGEM!$N$3:$N$345,BANCO_DRENAGEM!$T$3:$T$345,H17)))))/1000} -> 0.8 | I25: {=IF(OR(LEFT(I17,6)="TRECHO",LEFT(I17,7)="RTRECHO"),INDEX(BANCO_DRENAGEM!$L$2:$AA$345,MATCH(I17&I19&I18,BANCO_DRENAGEM!$L$2:$L$345&BANCO_DRENAGEM!$R$2:$R$345&BANCO_DRENAGEM!$S$2:$S$345,0),2),IF(I17="BIGODE 40",SUMIFS(BANCO_DRENAGEM!$N$3:$N$345,BANCO_DRENAGEM!$T$3:$T$345,I17),IF(I17="RBIGODE 40",SUMIFS(BANCO_DRENAGEM!$N$3:$N$345,BANCO_DRENAGEM!$T$3:$T$345,I17),IF(I17="BIGODE 60",SUMIFS(BANCO_DRENAGEM!$N$3:$N$345,BANCO_DRENAGEM!$T$3:$T$345,I17)))))/1000} -> 0.8 | J25: {=IF(OR(LEFT(J17,6)="TRECHO",LEFT(J17,7)="RTRECHO"),INDEX(BANCO_DRENAGEM!$L$2:$AA$345,MATCH(J17&J19&J18,BANCO_DRENAGEM!$L$2:$L$345&BANCO_DRENAGEM!$R$2:$R$345&BANCO_DRENAGEM!$S$2:$S$345,0),2),IF(J17="BIGODE 40",SUMIFS(BANCO_DRENAGEM!$N$3:$N$345,BANCO_DRENAGEM!$T$3:$T$345,J17),IF(J17="RBIGODE 40",SUMIFS(BANCO_DRENAGEM!$N$3:$N$345,BANCO_DRENAGEM!$T$3:$T$345,J17),IF(J17="BIGODE 60",SUMIFS(BANCO_DRENAGEM!$N$3:$N$345,BANCO_DRENAGEM!$T$3:$T$345,J17)))))/1000} -> 0.8 | K25: {=IF(OR(LEFT(K17,6)="TRECHO",LEFT(K17,7)="RTRECHO"),INDEX(BANCO_DRENAGEM!$L$2:$AA$345,MATCH(K17&K19&K18,BANCO_DRENAGEM!$L$2:$L$345&BANCO_DRENAGEM!$R$2:$R$345&BANCO_DRENAGEM!$S$2:$S$345,0),2),IF(K17="BIGODE 40",SUMIFS(BANCO_DRENAGEM!$N$3:$N$345,BANCO_DRENAGEM!$T$3:$T$345,K17),IF(K17="RBIGODE 40",SUMIFS(BANCO_DRENAGEM!$N$3:$N$345,BANCO_DRENAGEM!$T$3:$T$345,K17),IF(K17="BIGODE 60",SUMIFS(BANCO_DRENAGEM!$N$3:$N$345,BANCO_DRENAGEM!$T$3:$T$345,K17)))))/1000} -> 0.8 | L25: {=IF(OR(LEFT(L17,6)="TRECHO",LEFT(L17,7)="RTRECHO"),INDEX(BANCO_DRENAGEM!$L$2:$AA$345,MATCH(L17&L19&L18,BANCO_DRENAGEM!$L$2:$L$345&BANCO_DRENAGEM!$R$2:$R$345&BANCO_DRENAGEM!$S$2:$S$345,0),2),IF(L17="BIGODE 40",SUMIFS(BANCO_DRENAGEM!$N$3:$N$345,BANCO_DRENAGEM!$T$3:$T$345,L17),IF(L17="RBIGODE 40",SUMIFS(BANCO_DRENAGEM!$N$3:$N$345,BANCO_DRENAGEM!$T$3:$T$345,L17),IF(L17="BIGODE 60",SUMIFS(BANCO_DRENAGEM!$N$3:$N$345,BANCO_DRENAGEM!$T$3:$T$345,L17)))))/1000} -> 0.8 | M25: {=IF(OR(LEFT(M17,6)="TRECHO",LEFT(M17,7)="RTRECHO"),INDEX(BANCO_DRENAGEM!$L$2:$AA$345,MATCH(M17&M19&M18,BANCO_DRENAGEM!$L$2:$L$345&BANCO_DRENAGEM!$R$2:$R$345&BANCO_DRENAGEM!$S$2:$S$345,0),2),IF(M17="BIGODE 40",SUMIFS(BANCO_DRENAGEM!$N$3:$N$345,BANCO_DRENAGEM!$T$3:$T$345,M17),IF(M17="RBIGODE 40",SUMIFS(BANCO_DRENAGEM!$N$3:$N$345,BANCO_DRENAGEM!$T$3:$T$345,M17),IF(M17="BIGODE 60",SUMIFS(BANCO_DRENAGEM!$N$3:$N$345,BANCO_DRENAGEM!$T$3:$T$345,M17)))))/1000} -> 0.8 | N25: {=IF(OR(LEFT(N17,6)="TRECHO",LEFT(N17,7)="RTRECHO"),INDEX(BANCO_DRENAGEM!$L$2:$AA$345,MATCH(N17&N19&N18,BANCO_DRENAGEM!$L$2:$L$345&BANCO_DRENAGEM!$R$2:$R$345&BANCO_DRENAGEM!$S$2:$S$345,0),2),IF(N17="BIGODE 40",SUMIFS(BANCO_DRENAGEM!$N$3:$N$345,BANCO_DRENAGEM!$T$3:$T$345,N17),IF(N17="RBIGODE 40",SUMIFS(BANCO_DRENAGEM!$N$3:$N$345,BANCO_DRENAGEM!$T$3:$T$345,N17),IF(N17="BIGODE 60",SUMIFS(BANCO_DRENAGEM!$N$3:$N$345,BANCO_DRENAGEM!$T$3:$T$345,N17)))))/1000} -> 0.8 | ... AG25: {=IF(OR(LEFT(AG17,6)="TRECHO",LEFT(AG17,7)="RTRECHO"),INDEX(BANCO_DRENAGEM!$L$2:$AA$345,MATCH(AG17&AG19&AG18,BANCO_DRENAGEM!$L$2:$L$345&BANCO_DRENAGEM!$R$2:$R$345&BANCO_DRENAGEM!$S$2:$S$345,0),2),IF(AG17="BIGODE 40",SUMIFS(BANCO_DRENAGEM!$N$3:$N$345,BANCO_DRENAGEM!$T$3:$T$345,AG17),IF(AG17="RBIGODE 40",SUMIFS(BANCO_DRENAGEM!$N$3:$N$345,BANCO_DRENAGEM!$T$3:$T$345,AG17),IF(AG17="BIGODE 60",SUMIFS(BANCO_DRENAGEM!$N$3:$N$345,BANCO_DRENAGEM!$T$3:$T$345,AG17)))))/1000} -> 0.8 | AH25: =IF(LEFT(AH17,6)="TRECHO",VLOOKUP(AH17,BANCO_DRENAGEM!$L$2:$Q$80,2,0),IF(LEFT(AH17,6)="BIGODE",400,0))/1000 -> 0.4
B26: COTA TERRENO (m) | G26: {=IF(OR(LEFT(G17,6)="TRECHO",LEFT(G17,7)="RTRECHO"),INDEX(BANCO_DRENAGEM!$L$2:$AA$345,MATCH(G17&G19&G18,BANCO_DRENAGEM!$L$2:$L$345&BANCO_DRENAGEM!$R$2:$R$345&BANCO_DRENAGEM!$S$2:$S$345,0),5))} -> 357.7456 | H26: {=IF(OR(LEFT(H17,6)="TRECHO",LEFT(H17,7)="RTRECHO"),INDEX(BANCO_DRENAGEM!$L$2:$AA$345,MATCH(H17&H19&H18,BANCO_DRENAGEM!$L$2:$L$345&BANCO_DRENAGEM!$R$2:$R$345&BANCO_DRENAGEM!$S$2:$S$345,0),5))} -> 355.61625 | I26: {=IF(OR(LEFT(I17,6)="TRECHO",LEFT(I17,7)="RTRECHO"),INDEX(BANCO_DRENAGEM!$L$2:$AA$345,MATCH(I17&I19&I18,BANCO_DRENAGEM!$L$2:$L$345&BANCO_DRENAGEM!$R$2:$R$345&BANCO_DRENAGEM!$S$2:$S$345,0),5))} -> 351.3295 | J26: {=IF(OR(LEFT(J17,6)="TRECHO",LEFT(J17,7)="RTRECHO"),INDEX(BANCO_DRENAGEM!$L$2:$AA$345,MATCH(J17&J19&J18,BANCO_DRENAGEM!$L$2:$L$345&BANCO_DRENAGEM!$R$2:$R$345&BANCO_DRENAGEM!$S$2:$S$345,0),5))} -> 348.68511 | K26: {=IF(OR(LEFT(K17,6)="TRECHO",LEFT(K17,7)="RTRECHO"),INDEX(BANCO_DRENAGEM!$L$2:$AA$345,MATCH(K17&K19&K18,BANCO_DRENAGEM!$L$2:$L$345&BANCO_DRENAGEM!$R$2:$R$345&BANCO_DRENAGEM!$S$2:$S$345,0),5))} -> 344.46851 | L26: {=IF(OR(LEFT(L17,6)="TRECHO",LEFT(L17,7)="RTRECHO"),INDEX(BANCO_DRENAGEM!$L$2:$AA$345,MATCH(L17&L19&L18,BANCO_DRENAGEM!$L$2:$L$345&BANCO_DRENAGEM!$R$2:$R$345&BANCO_DRENAGEM!$S$2:$S$345,0),5))} -> 339.03091 | M26: {=IF(OR(LEFT(M17,6)="TRECHO",LEFT(M17,7)="RTRECHO"),INDEX(BANCO_DRENAGEM!$L$2:$AA$345,MATCH(M17&M19&M18,BANCO_DRENAGEM!$L$2:$L$345&BANCO_DRENAGEM!$R$2:$R$345&BANCO_DRENAGEM!$S$2:$S$345,0),5))} -> 336.28516 | N26: {=IF(OR(LEFT(N17,6)="TRECHO",LEFT(N17,7)="RTRECHO"),INDEX(BANCO_DRENAGEM!$L$2:$AA$345,MATCH(N17&N19&N18,BANCO_DRENAGEM!$L$2:$L$345&BANCO_DRENAGEM!$R$2:$R$345&BANCO_DRENAGEM!$S$2:$S$345,0),5))} -> 330.71385 | ... AG26: {=IF(OR(LEFT(AG17,6)="TRECHO",LEFT(AG17,7)="RTRECHO"),INDEX(BANCO_DRENAGEM!$L$2:$AA$345,MATCH(AG17&AG19&AG18,BANCO_DRENAGEM!$L$2:$L$345&BANCO_DRENAGEM!$R$2:$R$345&BANCO_DRENAGEM!$S$2:$S$345,0),5))} -> 321.35 | AI26: 291.358
B27: COTA FUNDO PV (m) | G27: {=IF(OR(LEFT(G17,6)="TRECHO",LEFT(G17,7)="RTRECHO"),INDEX(BANCO_DRENAGEM!$L$2:$AA$345,MATCH(G17&G19&G18,BANCO_DRENAGEM!$L$2:$L$345&BANCO_DRENAGEM!$R$2:$R$345&BANCO_DRENAGEM!$S$2:$S$345,0),6))} -> 355.62836 | H27: {=IF(OR(LEFT(H17,6)="TRECHO",LEFT(H17,7)="RTRECHO"),INDEX(BANCO_DRENAGEM!$L$2:$AA$345,MATCH(H17&H19&H18,BANCO_DRENAGEM!$L$2:$L$345&BANCO_DRENAGEM!$R$2:$R$345&BANCO_DRENAGEM!$S$2:$S$345,0),6))} -> 351.88312 | I27: {=IF(OR(LEFT(I17,6)="TRECHO",LEFT(I17,7)="RTRECHO"),INDEX(BANCO_DRENAGEM!$L$2:$AA$345,MATCH(I17&I19&I18,BANCO_DRENAGEM!$L$2:$L$345&BANCO_DRENAGEM!$R$2:$R$345&BANCO_DRENAGEM!$S$2:$S$345,0),6))} -> 348.79888 | J27: {=IF(OR(LEFT(J17,6)="TRECHO",LEFT(J17,7)="RTRECHO"),INDEX(BANCO_DRENAGEM!$L$2:$AA$345,MATCH(J17&J19&J18,BANCO_DRENAGEM!$L$2:$L$345&BANCO_DRENAGEM!$R$2:$R$345&BANCO_DRENAGEM!$S$2:$S$345,0),6))} -> 344.81697 | K27: {=IF(OR(LEFT(K17,6)="TRECHO",LEFT(K17,7)="RTRECHO"),INDEX(BANCO_DRENAGEM!$L$2:$AA$345,MATCH(K17&K19&K18,BANCO_DRENAGEM!$L$2:$L$345&BANCO_DRENAGEM!$R$2:$R$345&BANCO_DRENAGEM!$S$2:$S$345,0),6))} -> 339.19406 | L27: {=IF(OR(LEFT(L17,6)="TRECHO",LEFT(L17,7)="RTRECHO"),INDEX(BANCO_DRENAGEM!$L$2:$AA$345,MATCH(L17&L19&L18,BANCO_DRENAGEM!$L$2:$L$345&BANCO_DRENAGEM!$R$2:$R$345&BANCO_DRENAGEM!$S$2:$S$345,0),6))} -> 336.28516 | M27: {=IF(OR(LEFT(M17,6)="TRECHO",LEFT(M17,7)="RTRECHO"),INDEX(BANCO_DRENAGEM!$L$2:$AA$345,MATCH(M17&M19&M18,BANCO_DRENAGEM!$L$2:$L$345&BANCO_DRENAGEM!$R$2:$R$345&BANCO_DRENAGEM!$S$2:$S$345,0),6))} -> 330.71385 | N27: {=IF(OR(LEFT(N17,6)="TRECHO",LEFT(N17,7)="RTRECHO"),INDEX(BANCO_DRENAGEM!$L$2:$AA$345,MATCH(N17&N19&N18,BANCO_DRENAGEM!$L$2:$L$345&BANCO_DRENAGEM!$R$2:$R$345&BANCO_DRENAGEM!$S$2:$S$345,0),6))} -> 323.87945 | ... AG27: {=IF(OR(LEFT(AG17,6)="TRECHO",LEFT(AG17,7)="RTRECHO"),INDEX(BANCO_DRENAGEM!$L$2:$AA$345,MATCH(AG17&AG19&AG18,BANCO_DRENAGEM!$L$2:$L$345&BANCO_DRENAGEM!$R$2:$R$345&BANCO_DRENAGEM!$S$2:$S$345,0),6))} -> 318.79 | AI27: 289.62
B28: PROFUNDIDADE MONTANTE (PV) (m) | G28: {=IF(OR(LEFT(G17,6)="TRECHO",LEFT(G17,7)="RTRECHO"),INDEX(BANCO_DRENAGEM!$L$2:$AA$345,MATCH(G17&G19&G18,BANCO_DRENAGEM!$L$2:$L$345&BANCO_DRENAGEM!$R$2:$R$345&BANCO_DRENAGEM!$S$2:$S$345,0),14))} -> 2.7694871 | H28: {=IF(OR(LEFT(H17,6)="TRECHO",LEFT(H17,7)="RTRECHO"),INDEX(BANCO_DRENAGEM!$L$2:$AA$345,MATCH(H17&H19&H18,BANCO_DRENAGEM!$L$2:$L$345&BANCO_DRENAGEM!$R$2:$R$345&BANCO_DRENAGEM!$S$2:$S$345,0),14))} -> 2.3608052 | I28: {=IF(OR(LEFT(I17,6)="TRECHO",LEFT(I17,7)="RTRECHO"),INDEX(BANCO_DRENAGEM!$L$2:$AA$345,MATCH(I17&I19&I18,BANCO_DRENAGEM!$L$2:$L$345&BANCO_DRENAGEM!$R$2:$R$345&BANCO_DRENAGEM!$S$2:$S$345,0),14))} -> 3.3405981 | J28: {=IF(OR(LEFT(J17,6)="TRECHO",LEFT(J17,7)="RTRECHO"),INDEX(BANCO_DRENAGEM!$L$2:$AA$345,MATCH(J17&J19&J18,BANCO_DRENAGEM!$L$2:$L$345&BANCO_DRENAGEM!$R$2:$R$345&BANCO_DRENAGEM!$S$2:$S$345,0),14))} -> 2.3755749 | K28: {=IF(OR(LEFT(K17,6)="TRECHO",LEFT(K17,7)="RTRECHO"),INDEX(BANCO_DRENAGEM!$L$2:$AA$345,MATCH(K17&K19&K18,BANCO_DRENAGEM!$L$2:$L$345&BANCO_DRENAGEM!$R$2:$R$345&BANCO_DRENAGEM!$S$2:$S$345,0),14))} -> 2.8958151 | L28: {=IF(OR(LEFT(L17,6)="TRECHO",LEFT(L17,7)="RTRECHO"),INDEX(BANCO_DRENAGEM!$L$2:$AA$345,MATCH(L17&L19&L18,BANCO_DRENAGEM!$L$2:$L$345&BANCO_DRENAGEM!$R$2:$R$345&BANCO_DRENAGEM!$S$2:$S$345,0),14))} -> 3.0719045 | M28: {=IF(OR(LEFT(M17,6)="TRECHO",LEFT(M17,7)="RTRECHO"),INDEX(BANCO_DRENAGEM!$L$2:$AA$345,MATCH(M17&M19&M18,BANCO_DRENAGEM!$L$2:$L$345&BANCO_DRENAGEM!$R$2:$R$345&BANCO_DRENAGEM!$S$2:$S$345,0),14))} -> 2.0454106 | N28: {=IF(OR(LEFT(N17,6)="TRECHO",LEFT(N17,7)="RTRECHO"),INDEX(BANCO_DRENAGEM!$L$2:$AA$345,MATCH(N17&N19&N18,BANCO_DRENAGEM!$L$2:$L$345&BANCO_DRENAGEM!$R$2:$R$345&BANCO_DRENAGEM!$S$2:$S$345,0),14))} -> 1.7278781 | ... AG28: {=IF(OR(LEFT(AG17,6)="TRECHO",LEFT(AG17,7)="RTRECHO"),INDEX(BANCO_DRENAGEM!$L$2:$AA$345,MATCH(AG17&AG19&AG18,BANCO_DRENAGEM!$L$2:$L$345&BANCO_DRENAGEM!$R$2:$R$345&BANCO_DRENAGEM!$S$2:$S$345,0),14))} -> 2.0086085
B29: PROFUNDIDADE MONTANTE DE ESCAVAÇÃO (m) | G29: =G28 -> 2.7694871 | H29: =H28 -> 2.3608052 | I29: =I28 -> 3.3405981 | J29: =J28 -> 2.3755749 | K29: =K28 -> 2.8958151 | L29: =L28 -> 3.0719045 | M29: =M28 -> 2.0454106 | N29: =N28 -> 1.7278781 | ... AH29: =AH28 -> 0
B30: PROFUNDIDADE JUSANTE (PV) (m) | G30: {=IF(OR(LEFT(G17,6)="TRECHO",LEFT(G17,7)="RTRECHO"),INDEX(BANCO_DRENAGEM!$L$2:$AA$345,MATCH(G17&G19&G18,BANCO_DRENAGEM!$L$2:$L$345&BANCO_DRENAGEM!$R$2:$R$345&BANCO_DRENAGEM!$S$2:$S$345,0),15))} -> 2.3608052 | H30: {=IF(OR(LEFT(H17,6)="TRECHO",LEFT(H17,7)="RTRECHO"),INDEX(BANCO_DRENAGEM!$L$2:$AA$345,MATCH(H17&H19&H18,BANCO_DRENAGEM!$L$2:$L$345&BANCO_DRENAGEM!$R$2:$R$345&BANCO_DRENAGEM!$S$2:$S$345,0),15))} -> 3.3405981 | I30: {=IF(OR(LEFT(I17,6)="TRECHO",LEFT(I17,7)="RTRECHO"),INDEX(BANCO_DRENAGEM!$L$2:$AA$345,MATCH(I17&I19&I18,BANCO_DRENAGEM!$L$2:$L$345&BANCO_DRENAGEM!$R$2:$R$345&BANCO_DRENAGEM!$S$2:$S$345,0),15))} -> 2.3755749 | J30: {=IF(OR(LEFT(J17,6)="TRECHO",LEFT(J17,7)="RTRECHO"),INDEX(BANCO_DRENAGEM!$L$2:$AA$345,MATCH(J17&J19&J18,BANCO_DRENAGEM!$L$2:$L$345&BANCO_DRENAGEM!$R$2:$R$345&BANCO_DRENAGEM!$S$2:$S$345,0),15))} -> 2.8958151 | K30: {=IF(OR(LEFT(K17,6)="TRECHO",LEFT(K17,7)="RTRECHO"),INDEX(BANCO_DRENAGEM!$L$2:$AA$345,MATCH(K17&K19&K18,BANCO_DRENAGEM!$L$2:$L$345&BANCO_DRENAGEM!$R$2:$R$345&BANCO_DRENAGEM!$S$2:$S$345,0),15))} -> 3.0719045 | L30: {=IF(OR(LEFT(L17,6)="TRECHO",LEFT(L17,7)="RTRECHO"),INDEX(BANCO_DRENAGEM!$L$2:$AA$345,MATCH(L17&L19&L18,BANCO_DRENAGEM!$L$2:$L$345&BANCO_DRENAGEM!$R$2:$R$345&BANCO_DRENAGEM!$S$2:$S$345,0),15))} -> 2.0454106 | M30: {=IF(OR(LEFT(M17,6)="TRECHO",LEFT(M17,7)="RTRECHO"),INDEX(BANCO_DRENAGEM!$L$2:$AA$345,MATCH(M17&M19&M18,BANCO_DRENAGEM!$L$2:$L$345&BANCO_DRENAGEM!$R$2:$R$345&BANCO_DRENAGEM!$S$2:$S$345,0),15))} -> 1.7278781 | N30: {=IF(OR(LEFT(N17,6)="TRECHO",LEFT(N17,7)="RTRECHO"),INDEX(BANCO_DRENAGEM!$L$2:$AA$345,MATCH(N17&N19&N18,BANCO_DRENAGEM!$L$2:$L$345&BANCO_DRENAGEM!$R$2:$R$345&BANCO_DRENAGEM!$S$2:$S$345,0),15))} -> 1.853745 | ... AG30: {=IF(OR(LEFT(AG17,6)="TRECHO",LEFT(AG17,7)="RTRECHO"),INDEX(BANCO_DRENAGEM!$L$2:$AA$345,MATCH(AG17&AG19&AG18,BANCO_DRENAGEM!$L$2:$L$345&BANCO_DRENAGEM!$R$2:$R$345&BANCO_DRENAGEM!$S$2:$S$345,0),15))} -> 1.01
B31: PROFUNDIDADE JUSANTE DE ESCAVAÇÃO (m) | G31: =G30+0 -> 2.3608052 | H31: =H30+0 -> 3.3405981 | I31: =I30+0 -> 2.3755749 | J31: =J30 -> 2.8958151 | K31: =K30+0 -> 3.0719045 | L31: =L30+0 -> 2.0454106 | M31: =M30+0 -> 1.7278781 | N31: =N30+0 -> 1.853745 | O31: =O30+0 -> 2.5583935 | P31: =P30+0 -> 0.84963703 | Q31: =Q30+0 -> 2.7694871 | R31: =R30+0 -> 2.7694871 | ... AH31: =AH30+0 -> 0
B32: PROFUNDIDADE MÉDIA DE ESCAVAÇÃO (m) | G32: =ROUND((G29+G31)/2,2) -> 2.57 | H32: =ROUND((H29+H31)/2,2) -> 2.85 | I32: =ROUND((I29+I31)/2,2) -> 2.86 | J32: =ROUND((J29+J31)/2,2) -> 2.64 | K32: =ROUND((K29+K31)/2,2) -> 2.98 | L32: =ROUND((L29+L31)/2,2) -> 2.56 | M32: =ROUND((M29+M31)/2,2) -> 1.89 | N32: =ROUND((N29+N31)/2,2) -> 1.79 | ... AG32: =ROUND((AG29+AG31)/2,2) -> 1.51 | AH32: 1.5
B33: TALUDE (m/m) | G33: =ROUND(G32/5,2) -> 0.51 | H33: =ROUND(H32/5,2) -> 0.57 | I33: =ROUND(I32/5,2) -> 0.57 | J33: =ROUND(J32/5,2) -> 0.53 | K33: =ROUND(K32/5,2) -> 0.6 | L33: =ROUND(L32/5,2) -> 0.51 | M33: =ROUND(M32/5,2) -> 0.38 | N33: =ROUND(N32/5,2) -> 0.36 | ... AH33: =ROUND(AH32/5,2) -> 0.3
B34: BASE SUPERIOR (m) | G34: =ROUND((G35+G33),2) -> 2.11 | H34: =ROUND((H35+H33),2) -> 2.17 | I34: =ROUND((I35+I33),2) -> 2.17 | J34: =ROUND((J35+J33),2) -> 2.13 | K34: =ROUND((K35+K33),2) -> 2.2 | L34: =ROUND((L35+L33),2) -> 2.11 | M34: =ROUND((M35+M33),2) -> 1.98 | N34: =ROUND((N35+N33),2) -> 1.96 | ... AH34: =ROUND((AH35+AH33),2) -> 1.1
B35: BASE INFERIOR (m) | G35: =ROUND(2*G25,2) -> 1.6 | H35: =ROUND(2*H25,2) -> 1.6 | I35: =ROUND(2*I25,2) -> 1.6 | J35: =ROUND(2*J25,2) -> 1.6 | K35: =ROUND(2*K25,2) -> 1.6 | L35: =ROUND(2*L25,2) -> 1.6 | M35: =ROUND(2*M25,2) -> 1.6 | N35: =ROUND(2*N25,2) -> 1.6 | ... AH35: =ROUND(2*AH25,2) -> 0.8
B36: PEDRA RACHÃO (m3) | G36: =G35*G21*0 -> 0 | H36: =H35*H21*0 -> 0 | I36: =I35*I21*0 -> 0 | J36: =J35*J21*0 -> 0 | K36: =K35*K21*0 -> 0 | L36: =L35*L21*0 -> 0 | M36: =M35*M21*0 -> 0 | N36: =N35*N21*0 -> 0 | ... AH36: =AH35*AH21*0 -> 0 | AI36: =TRUNC(SUM(G36:AH36),2) -> 0
B37: ARÉA DO TUBO (m²) | G37: =ROUND((PI()*(G25*1.2)^2/4)*G24,2) -> 0.72 | H37: =ROUND((PI()*(H25*1.2)^2/4)*H24,2) -> 0.72 | I37: =ROUND((PI()*(I25*1.2)^2/4)*I24,2) -> 0.72 | J37: =ROUND((PI()*(J25*1.2)^2/4)*J24,2) -> 0.72 | K37: =ROUND((PI()*(K25*1.2)^2/4)*K24,2) -> 0.72 | L37: =ROUND((PI()*(L25*1.2)^2/4)*L24,2) -> 0.72 | M37: =ROUND((PI()*(M25*1.2)^2/4)*M24,2) -> 0.72 | N37: =ROUND((PI()*(N25*1.2)^2/4)*N24,2) -> 0.72 | ... AH37: =ROUND((PI()*(AH25*1.2)^2/4)*AH24,2) -> 0.18
A39: RECORTE DE PAVIMENTO | B39: CORTE DE PAVIMENTO - REDE (m²) | G39: =IF(G22=0,0,(G22*(G34))) -> 0 | H39: =IF(H22=0,0,(H22*(H34))) -> 0 | I39: =IF(I22=0,0,(I22*(I34))) -> 0 | J39: =IF(J22=0,0,(J22*(J34))) -> 0 | K39: =IF(K22=0,0,(K22*(K34))) -> 0 | L39: =IF(L22=0,0,(L22*(L34))) -> 0 | M39: =IF(M22=0,0,(M22*(M34))) -> 0 | N39: =IF(N22=0,0,(N22*(N34))) -> 0 | ... AH39: =IF(AH22=0,0,(AH22*(AH34))) -> 0 | AI39: =TRUNC(SUM(G39:AH39),2) -> 0
B40: ESPESURA DA CAPA - REDE (cm) | G40: 0.03 | H40: 0.03 | I40: 0.03 | J40: 0.03 | K40: 0.03 | L40: 0.03 | M40: 0.03 | N40: 0.03 | O40: 0.03 | P40: 0.03 | Q40: 0.03 | R40: 0.03 | S40: 0.03 | T40: 0.03 | U40: 0.03 | V40: 0.03 | W40: 0.03 | X40: 0.03 | Y40: 0.03 | Z40: 0.03 | AA40: 0.03 | AB40: 0.03 | AC40: 0.03 | AD40: 0.03 | AE40: 0.03 | AF40: 0.03 | AG40: 0.03 | AH40: 0.03 | AI40: =TRUNC(SUM(G40:AH40),2) -> 0.84
B41: VOLUME (m³) | G41: =G40*G39 -> 0 | H41: =H40*H39 -> 0 | I41: =I40*I39 -> 0 | J41: =J40*J39 -> 0 | K41: =K40*K39 -> 0 | L41: =L40*L39 -> 0 | M41: =M40*M39 -> 0 | N41: =N40*N39 -> 0 | ... AH41: =AH40*AH39 -> 0 | AI41: =TRUNC(SUM(G41:AH41),2) -> 0
B42: TRANSPORTE (BOTA FORA) | F42: EMPOLAMENTO (%) | G42: 0.3 | H42: 0.3 | I42: 0.3 | J42: 0.3 | K42: 0.3 | L42: 0.3 | M42: 0.3 | N42: 0.3 | O42: 0.3 | P42: 0.3 | Q42: 0.3 | R42: 0.3 | S42: 0.3 | T42: 0.3 | U42: 0.3 | V42: 0.3 | W42: 0.3 | X42: 0.3 | Y42: 0.3 | Z42: 0.3 | AA42: 0.3 | AB42: 0.3 | AC42: 0.3 | AD42: 0.3 | AE42: 0.3 | AF42: 0.3 | AG42: 0.3 | AH42: 0.3 | AI42: =TRUNC(SUM(G42:AH42),2) -> 8.4
F43: VOLUME EMPOLADO (m³) | G43: =G39*G40*(1+G42) -> 0 | H43: =H39*H40*(1+H42) -> 0 | I43: =I39*I40*(1+I42) -> 0 | J43: =J39*J40*(1+J42) -> 0 | K43: =K39*K40*(1+K42) -> 0 | L43: =L39*L40*(1+L42) -> 0 | M43: =M39*M40*(1+M42) -> 0 | N43: =N39*N40*(1+N42) -> 0 | ... AH43: =AH39*AH40*(1+AH42) -> 0 | AI43: =TRUNC(SUM(G43:AH43),2) -> 0
F44: DMT (km) | G44: =$B$11 -> 5.8 | H44: =$B$11 -> 5.8 | I44: =$B$11 -> 5.8 | J44: =$B$11 -> 5.8 | K44: =$B$11 -> 5.8 | L44: =$B$11 -> 5.8 | M44: =$B$11 -> 5.8 | N44: =$B$11 -> 5.8 | ... AH44: =$B$11 -> 5.8 | AI44: =TRUNC(SUM(G44:AH44),2) -> 162.4
F45: TOTAL (m³ x km) | G45: =G44*G43 -> 0 | H45: =H44*H43 -> 0 | I45: =I44*I43 -> 0 | J45: =J44*J43 -> 0 | K45: =K44*K43 -> 0 | L45: =L44*L43 -> 0 | M45: =M44*M43 -> 0 | N45: =N44*N43 -> 0 | ... AH45: =AH44*AH43 -> 0 | AI45: =TRUNC(SUM(G45:AH45),2) -> 0
B46: RECOMPOSIÇÃO DE BASE - REDE (m³) | G46: =G47*G39 -> 0 | H46: =H47*H39 -> 0 | I46: =I47*I39 -> 0 | J46: =J47*J39 -> 0 | K46: =K47*K39 -> 0 | L46: =L47*L39 -> 0 | M46: =M47*M39 -> 0 | N46: =N47*N39 -> 0 | ... AH46: =AH47*AH39 -> 0 | AI46: =TRUNC(SUM(G46:AH46),2) -> 0
B47: ESPESURA DA BASE - REDE (cm) | G47: 0.15 | H47: 0.15 | I47: 0.15 | J47: 0.15 | K47: 0.15 | L47: 0.15 | M47: 0.15 | N47: 0.15 | O47: 0.15 | P47: 0.15 | Q47: 0.15 | R47: 0.15 | S47: 0.15 | T47: 0.15 | U47: 0.15 | V47: 0.15 | W47: 0.15 | X47: 0.15 | Y47: 0.15 | Z47: 0.15 | AA47: 0.15 | AB47: 0.15 | AC47: 0.15 | AD47: 0.15 | AE47: 0.15 | AF47: 0.15 | AG47: 0.15 | AH47: 0.15 | AI47: =TRUNC(SUM(G47:AH47),2) -> 4.2
B48: TRANSPORTE (BOTA FORA) | F48: EMPOLAMENTO (%) | G48: 0.3 | H48: 0.3 | I48: 0.3 | J48: 0.3 | K48: 0.3 | L48: 0.3 | M48: 0.3 | N48: 0.3 | O48: 0.3 | P48: 0.3 | Q48: 0.3 | R48: 0.3 | S48: 0.3 | T48: 0.3 | U48: 0.3 | V48: 0.3 | W48: 0.3 | X48: 0.3 | Y48: 0.3 | Z48: 0.3 | AA48: 0.3 | AB48: 0.3 | AC48: 0.3 | AD48: 0.3 | AE48: 0.3 | AF48: 0.3 | AG48: 0.3 | AH48: 0.3 | AI48: =TRUNC(SUM(G48:AH48),2) -> 8.4
F49: VOLUME EMPOLADO (m³) | G49: =G46*(1+G48) -> 0 | H49: =H46*(1+H48) -> 0 | I49: =I46*(1+I48) -> 0 | J49: =J46*(1+J48) -> 0 | K49: =K46*(1+K48) -> 0 | L49: =L46*(1+L48) -> 0 | M49: =M46*(1+M48) -> 0 | N49: =N46*(1+N48) -> 0 | ... AH49: =AH46*(1+AH48) -> 0 | AI49: =TRUNC(SUM(G49:AH49),2) -> 0
F50: DMT (km) | G50: =$B$11 -> 5.8 | H50: =$B$11 -> 5.8 | I50: =$B$11 -> 5.8 | J50: =$B$11 -> 5.8 | K50: =$B$11 -> 5.8 | L50: =$B$11 -> 5.8 | M50: =$B$11 -> 5.8 | N50: =$B$11 -> 5.8 | ... AH50: =$B$11 -> 5.8
F51: TOTAL (m³ x km) | G51: =G50*G49 -> 0 | H51: =H50*H49 -> 0 | I51: =I50*I49 -> 0 | J51: =J50*J49 -> 0 | K51: =K50*K49 -> 0 | L51: =L50*L49 -> 0 | M51: =M50*M49 -> 0 | N51: =N50*N49 -> 0 | ... AH51: =AH50*AH49 -> 0 | AI51: =TRUNC(SUM(G51:AH51),2) -> 0
A53: TERRAPLENAGEM | B53: ESCAVAÇÃO TOTAL (m³) | G53: =G54+G55+G56+G57+G58+G59+G60+G61+G62 -> 520.97982 | H53: =H54+H55+H56+H57+H58+H59+H60+H61+H62 -> 564.0933 | I53: =I54+I55+I56+I57+I58+I59+I60+I61+I62 -> 428.41112 | J53: =J54+J55+J56+J57+J58+J59+J60+J61+J62 -> 383.52544 | K53: =K54+K55+K56+K57+K58+K59+K60+K61+K62 -> 627.7854 | L53: =L54+L55+L56+L57+L58+L59+L60+L61+L62 -> 338.17905 | M53: =M54+M55+M56+M57+M58+M59+M60+M61+M62 -> 274.55901 | N53: =N54+N55+N56+N57+N58+N59+N60+N61+N62 -> 309.70415 | ... AH53: =AH54+AH55+AH56+AH57+AH58+AH59+AH60+AH61+AH62 -> 385.52115 | AI53: =TRUNC(SUM(G53:AH53),2) -> 6121.96
B54: ESCAVAÇÃO MECÂNICA ATÉ 1,50m (m³) largura até 0,80m | G54: =IF(IF(G32<=(1.5),IF(G35<=(0.8),(G34+G35)/2*G32*G21))=FALSE,0,IF(AND(G32<=(1.5),(G35<=(0.8))),(G34+G35)/2*G32*G21)) -> 0 | H54: =IF(IF(H32<=(1.5),IF(H35<=(0.8),(H34+H35)/2*H32*H21))=FALSE,0,IF(AND(H32<=(1.5),(H35<=(0.8))),(H34+H35)/2*H32*H21)) -> 0 | I54: =IF(IF(I32<=(1.5),IF(I35<=(0.8),(I34+I35)/2*I32*I21))=FALSE,0,IF(AND(I32<=(1.5),(I35<=(0.8))),(I34+I35)/2*I32*I21)) -> 0 | J54: =IF(IF(J32<=(1.5),IF(J35<=(0.8),(J34+J35)/2*J32*J21))=FALSE,0,IF(AND(J32<=(1.5),(J35<=(0.8))),(J34+J35)/2*J32*J21)) -> 0 | K54: =IF(IF(K32<=(1.5),IF(K35<=(0.8),(K34+K35)/2*K32*K21))=FALSE,0,IF(AND(K32<=(1.5),(K35<=(0.8))),(K34+K35)/2*K32*K21)) -> 0 | L54: =IF(IF(L32<=(1.5),IF(L35<=(0.8),(L34+L35)/2*L32*L21))=FALSE,0,IF(AND(L32<=(1.5),(L35<=(0.8))),(L34+L35)/2*L32*L21)) -> 0 | M54: =IF(IF(M32<=(1.5),IF(M35<=(0.8),(M34+M35)/2*M32*M21))=FALSE,0,IF(AND(M32<=(1.5),(M35<=(0.8))),(M34+M35)/2*M32*M21)) -> 0 | N54: =IF(IF(N32<=(1.5),IF(N35<=(0.8),(N34+N35)/2*N32*N21))=FALSE,0,IF(AND(N32<=(1.5),(N35<=(0.8))),(N34+N35)/2*N32*N21)) -> 0 | ... AH54: =IF(IF(AH32<=(1.5),IF(AH35<=(0.8),(AH34+AH35)/2*AH32*AH21))=FALSE,0,IF(AND(AH32<=(1.5),(AH35<=(0.8))),(AH34+AH35)/2*AH32*AH21)) -> 367.163 | AI54: =TRUNC(SUM(G54:AH54),2) -> 367.16
B55: ESCAVAÇÃO MECÂNICA ATÉ 3,00m (m³) largura >0,80 até 1,5 m | G55: =IF(AND(G32<=(3),G32>=(1.5),G35>(0.8),G35<=(1.5),(G34+G35)/2*G32*G21)=FALSE,0,IF(AND(G32<=(3),G32>=(1.5),G35>(0.8),G35<=(1.5)),(G34+G35)/2*G32*G21,0)) -> 0 | H55: =IF(AND(H32<=(3),H32>=(1.5),H35>(0.8),H35<=(1.5),(H34+H35)/2*H32*H21)=FALSE,0,IF(AND(H32<=(3),H32>=(1.5),H35>(0.8),H35<=(1.5)),(H34+H35)/2*H32*H21,0)) -> 0 | I55: =IF(AND(I32<=(3),I32>=(1.5),I35>(0.8),I35<=(1.5),(I34+I35)/2*I32*I21)=FALSE,0,IF(AND(I32<=(3),I32>=(1.5),I35>(0.8),I35<=(1.5)),(I34+I35)/2*I32*I21,0)) -> 0 | J55: =IF(AND(J32<=(3),J32>=(1.5),J35>(0.8),J35<=(1.5),(J34+J35)/2*J32*J21)=FALSE,0,IF(AND(J32<=(3),J32>=(1.5),J35>(0.8),J35<=(1.5)),(J34+J35)/2*J32*J21,0)) -> 0 | K55: =IF(AND(K32<=(3),K32>=(1.5),K35>(0.8),K35<=(1.5),(K34+K35)/2*K32*K21)=FALSE,0,IF(AND(K32<=(3),K32>=(1.5),K35>(0.8),K35<=(1.5)),(K34+K35)/2*K32*K21,0)) -> 0 | L55: =IF(AND(L32<=(3),L32>=(1.5),L35>(0.8),L35<=(1.5),(L34+L35)/2*L32*L21)=FALSE,0,IF(AND(L32<=(3),L32>=(1.5),L35>(0.8),L35<=(1.5)),(L34+L35)/2*L32*L21,0)) -> 0 | M55: =IF(AND(M32<=(3),M32>=(1.5),M35>(0.8),M35<=(1.5),(M34+M35)/2*M32*M21)=FALSE,0,IF(AND(M32<=(3),M32>=(1.5),M35>(0.8),M35<=(1.5)),(M34+M35)/2*M32*M21,0)) -> 0 | N55: =IF(AND(N32<=(3),N32>=(1.5),N35>(0.8),N35<=(1.5),(N34+N35)/2*N32*N21)=FALSE,0,IF(AND(N32<=(3),N32>=(1.5),N35>(0.8),N35<=(1.5)),(N34+N35)/2*N32*N21,0)) -> 0 | ... AH55: =IF(AND(AH32<=(3),AH32>=(1.5),AH35>(0.8),AH35<=(1.5),(AH34+AH35)/2*AH32*AH21)=FALSE,0,IF(AND(AH32<=(3),AH32>=(1.5),AH35>(0.8),AH35<=(1.5)),(AH34+AH35)/2*AH32*AH21,0)) -> 0 | AI55: =TRUNC(SUM(G55:AH55),2) -> 1707.47
B56: ESCAVAÇÃO MECÂNICA ATÉ 3,00m (m³) largura >1,5 até 2,5 m | G56: =IF(AND(G32<=(3),G32>(1.5),G35>(1.5),G35<=(3.5),(G34+G35)/2*G32*G21)=FALSE,0,IF(AND(G32<=(3),G32>(1.5),G35>(1.5),G35<=(3.5)),(G34+G35)/2*G32*G21,0)) -> 496.17125 | H56: =IF(AND(H32<=(3),H32>(1.5),H35>(1.5),H35<=(3.5),(H34+H35)/2*H32*H21)=FALSE,0,IF(AND(H32<=(3),H32>(1.5),H35>(1.5),H35<=(3.5)),(H34+H35)/2*H32*H21,0)) -> 537.23172 | I56: =IF(AND(I32<=(3),I32>(1.5),I35>(1.5),I35<=(3.5),(I34+I35)/2*I32*I21)=FALSE,0,IF(AND(I32<=(3),I32>(1.5),I35>(1.5),I35<=(3.5)),(I34+I35)/2*I32*I21,0)) -> 408.01059 | J56: =IF(AND(J32<=(3),J32>=(1.5),J35>=(1.5),J35<=(3.5),(J34+J35)/2*J32*J21)=FALSE,0,IF(AND(J32<=(3),J32>=(1.5),J35>=(1.5),J35<=(3.5)),(J34+J35)/2*J32*J21,0)) -> 365.26232 | K56: =IF(AND(K32<=(3),K32>=(1.5),K35>=(1.5),K35<=(3.5),(K34+K35)/2*K32*K21)=FALSE,0,IF(AND(K32<=(3),K32>=(1.5),K35>=(1.5),K35<=(3.5)),(K34+K35)/2*K32*K21,0)) -> 597.89085 | L56: =IF(AND(L32<=(3),L32>=(1.5),L35>=(1.5),L35<=(3.5),(L34+L35)/2*L32*L21)=FALSE,0,IF(AND(L32<=(3),L32>=(1.5),L35>=(1.5),L35<=(3.5)),(L34+L35)/2*L32*L21,0)) -> 322.07529 | M56: =IF(AND(M32<=(3),M32>(1.5),M35>(1.5),M35<=(3.5),(M34+M35)/2*M32*M21)=FALSE,0,IF(AND(M32<=(3),M32>(1.5),M35>(1.5),M35<=(3.5)),(M34+M35)/2*M32*M21,0)) -> 261.48477 | N56: =IF(AND(N32<=(3),N32>(1.5),N35>(1.5),N35<=(3.5),(N34+N35)/2*N32*N21)=FALSE,0,IF(AND(N32<=(3),N32>(1.5),N35>(1.5),N35<=(3.5)),(N34+N35)/2*N32*N21,0)) -> 294.95634 | O56: =IF(AND(O32<=(3),O32>(1.5),O35>(1.5),O35<=(3.5),(O34+O35)/2*O32*O21)=FALSE,0,IF(AND(O32<=(3),O32>(1.5),O35>(1.5),O35<=(3.5)),(O34+O35)/2*O32*O21,0)) -> 255.20468 | P56: =IF(AND(P32<=(3),P32>(1.5),P35>(1.5),P35<=(3.5),(P34+P35)/2*P32*P21)=FALSE,0,IF(AND(P32<=(3),P32>(1.5),P35>(1.5),P35<=(3.5)),(P34+P35)/2*P32*P21,0)) -> 111.81905 | Q56: =IF(AND(Q32<=(3),Q32>(1.5),Q35>(1.5),Q35<=(3.5),(Q34+Q35)/2*Q32*Q21)=FALSE,0,IF(AND(Q32<=(3),Q32>(1.5),Q35>(1.5),Q35<=(3.5)),(Q34+Q35)/2*Q32*Q21,0)) -> 0 | R56: =IF(AND(R32<=(3),R32>(1.5),R35>(1.5),R35<=(3.5),(R34+R35)/2*R32*R21)=FALSE,0,IF(AND(R32<=(3),R32>(1.5),R35>(1.5),R35<=(3.5)),(R34+R35)/2*R32*R21,0)) -> 0 | S56: =IF(AND(S32<=(3),S32>(1.5),S35>(1.5),S35<=(3.5),(S34+S35)/2*S32*S21)=FALSE,0,IF(AND(S32<=(3),S32>(1.5),S35>(1.5),S35<=(3.5)),(S34+S35)/2*S32*S21,0)) -> 0 | T56: =IF(AND(T32<=(3),T32>(1.5),T35>(1.5),T35<=(3.5),(T34+T35)/2*T32*T21)=FALSE,0,IF(AND(T32<=(3),T32>(1.5),T35>(1.5),T35<=(3.5)),(T34+T35)/2*T32*T21,0)) -> 0 | ... AG56: =IF(AND(AG32<=(3),AG32>(1.5),AG35>(1.5),AG35<=(3.5),(AG34+AG35)/2*AG32*AG21)=FALSE,0,IF(AND(AG32<=(3),AG32>(1.5),AG35>(1.5),AG35<=(3.5)),(AG34+AG35)/2*AG32*AG21,0)) -> 105.7 | AH56: =IF(AND(AH32<=(3),AH32>(1.5),AH35>(1.5),AH35<=(3.5),(AH34+AH35)/2*AH32*AH21)=FALSE,0,IF(AND(AH32<=(3),AH32>=(1.5),AH35>(1.5),AH35<=(3.5)),(AH34+AH35)/2*AH32*AH21,0)) -> 0 | AI56: =TRUNC(SUM(G56:AH56),2) -> 3755.8
B57: ESCAVAÇÃO MECÂNICA ATÉ 4,50m (m³) | G57: =IF(AND(G32<=(4.5),G32>(3),(G34+G35)/2*G32*G21)=FALSE,0,IF(AND(G32<=(4.5),G32>(3)),(G34+G35)/2*G32*G21,0)) -> 0 | H57: =IF(AND(H32<=(4.5),H32>(3),(H34+H35)/2*H32*H21)=FALSE,0,IF(AND(H32<=(4.5),H32>(3)),(H34+H35)/2*H32*H21,0)) -> 0 | I57: =IF(AND(I32<=(4.5),I32>(3),(I34+I35)/2*I32*I21)=FALSE,0,IF(AND(I32<=(4.5),I32>(3)),(I34+I35)/2*I32*I21,0)) -> 0 | J57: =IF(AND(J32<=(4.5),J32>(3),(J34+J35)/2*J32*J21)=FALSE,0,IF(AND(J32<=(4.5),J32>(3)),(J34+J35)/2*J32*J21,0)) -> 0 | K57: =IF(AND(K32<=(4.5),K32>(3),(K34+K35)/2*K32*K21)=FALSE,0,IF(AND(K32<=(4.5),K32>(3)),(K34+K35)/2*K32*K21,0)) -> 0 | L57: =IF(AND(L32<=(4.5),L32>(3),(L34+L35)/2*L32*L21)=FALSE,0,IF(AND(L32<=(4.5),L32>(3)),(L34+L35)/2*L32*L21,0)) -> 0 | M57: =IF(AND(M32<=(4.5),M32>(3),(M34+M35)/2*M32*M21)=FALSE,0,IF(AND(M32<=(4.5),M32>(3)),(M34+M35)/2*M32*M21,0)) -> 0 | N57: =IF(AND(N32<=(4.5),N32>(3),(N34+N35)/2*N32*N21)=FALSE,0,IF(AND(N32<=(4.5),N32>(3)),(N34+N35)/2*N32*N21,0)) -> 0 | ... AH57: =IF(AND(AH32<=(4.5),AH32>(3),(AH34+AH35)/2*AH32*AH21)=FALSE,0,IF(AND(AH32<=(4.5),AH32>(3)),(AH34+AH35)/2*AH32*AH21,0)) -> 0 | AI57: =TRUNC(SUM(G57:AH57),2) -> 0
B58: ESCAVAÇÃO MECÂNICA ATÉ 6,00m (m³) | G58: =IF(AND(G32>(4.5),G32<=(6),G32>(3),(G34+G35)/2*G32*G21)=FALSE,0,IF(AND(G32>(4.5),G32<=(6),G32>(3)),(G34+G35)/2*G32*G21,0)) -> 0 | H58: =IF(AND(H32>(4.5),H32<=(6),H32>(3),(H34+H35)/2*H32*H21)=FALSE,0,IF(AND(H32>(4.5),H32<=(6),H32>(3)),(H34+H35)/2*H32*H21,0)) -> 0 | I58: =IF(AND(I32>(4.5),I32<=(6),I32>(3),(I34+I35)/2*I32*I21)=FALSE,0,IF(AND(I32>(4.5),I32<=(6),I32>(3)),(I34+I35)/2*I32*I21,0)) -> 0 | J58: =IF(AND(J32>(4.5),J32<=(6),J32>(3),(J34+J35)/2*J32*J21)=FALSE,0,IF(AND(J32>(4.5),J32<=(6),J32>(3)),(J34+J35)/2*J32*J21,0)) -> 0 | K58: =IF(AND(K32>(4.5),K32<=(6),K32>(3),(K34+K35)/2*K32*K21)=FALSE,0,IF(AND(K32>(4.5),K32<=(6),K32>(3)),(K34+K35)/2*K32*K21,0)) -> 0 | L58: =IF(AND(L32>(4.5),L32<=(6),L32>(3),(L34+L35)/2*L32*L21)=FALSE,0,IF(AND(L32>(4.5),L32<=(6),L32>(3)),(L34+L35)/2*L32*L21,0)) -> 0 | M58: =IF(AND(M32>(4.5),M32<=(6),M32>(3),(M34+M35)/2*M32*M21)=FALSE,0,IF(AND(M32>(4.5),M32<=(6),M32>(3)),(M34+M35)/2*M32*M21,0)) -> 0 | N58: =IF(AND(N32>(4.5),N32<=(6),N32>(3),(N34+N35)/2*N32*N21)=FALSE,0,IF(AND(N32>(4.5),N32<=(6),N32>(3)),(N34+N35)/2*N32*N21,0)) -> 0 | ... AH58: =IF(AND(AH32>(4.5),AH32<=(6),AH32>(3),(AH34+AH35)/2*AH32*AH21)=FALSE,0,IF(AND(AH32>(4.5),AH32<=(6),AH32>(3)),(AH34+AH35)/2*AH32*AH21,0)) -> 0 | AI58: =TRUNC(SUM(G58:AH58),2) -> 0
B59: ESCAVAÇÃO MANUAL ATÉ 1,50m (m³) | G59: =IF(IF(G32<=1.5,(G54)*0.05,0)=FALSE,0,IF(G32<=1.5,(G54)*0.05,0)) -> 0 | H59: =IF(IF(H32<=1.5,(H54)*0.05,0)=FALSE,0,IF(H32<=1.5,(H54)*0.05,0)) -> 0 | I59: =IF(IF(I32<=1.5,(I54)*0.05,0)=FALSE,0,IF(I32<=1.5,(I54)*0.05,0)) -> 0 | J59: =IF(IF(J32<=1.5,(J54)*0.05,0)=FALSE,0,IF(J32<=1.5,(J54)*0.05,0)) -> 0 | K59: =IF(IF(K32<=1.5,(K54)*0.05,0)=FALSE,0,IF(K32<=1.5,(K54)*0.05,0)) -> 0 | L59: =IF(IF(L32<=1.5,(L54)*0.05,0)=FALSE,0,IF(L32<=1.5,(L54)*0.05,0)) -> 0 | M59: =IF(IF(M32<=1.5,(M54)*0.05,0)=FALSE,0,IF(M32<=1.5,(M54)*0.05,0)) -> 0 | N59: =IF(IF(N32<=1.5,(N54)*0.05,0)=FALSE,0,IF(N32<=1.5,(N54)*0.05,0)) -> 0 | ... AH59: =IF(IF(AH32<=1.5,(AH54)*0.05,0)=FALSE,0,IF(AH32<=1.5,(AH54)*0.05,0)) -> 18.35815 | AI59: =TRUNC(SUM(G59:AH59),2) -> 18.35
B60: ESCAVAÇÃO MANUAL ATÉ 3,00m (m³) | G60: =IF(G32>(1.5),IF(G32<=(3),(G55+G56)*0.05,0),0) -> 24.808563 | H60: =IF(H32>(1.5),IF(H32<=(3),(H55+H56)*0.05,0),0) -> 26.861586 | I60: =IF(I32>(1.5),IF(I32<=(3),(I55+I56)*0.05,0),0) -> 20.40053 | J60: =IF(J32>(1.5),IF(J32<=(3),(J55+J56)*0.05,0),0) -> 18.263116 | K60: =IF(K32>(1.5),IF(K32<=(3),(K55+K56)*0.05,0),0) -> 29.894543 | L60: =IF(L32>(1.5),IF(L32<=(3),(L55+L56)*0.05,0),0) -> 16.103764 | M60: =IF(M32>(1.5),IF(M32<=(3),(M55+M56)*0.05,0),0) -> 13.074239 | N60: =IF(N32>(1.5),IF(N32<=(3),(N55+N56)*0.05,0),0) -> 14.747817 | ... AH60: =IF(AH32>(1.5),IF(AH32<=(3),(AH55+AH56)*0.05,0),0) -> 0 | AI60: =TRUNC(SUM(G60:AH60),2) -> 273.16
B61: ESCAVAÇÃO MANUAL ATÉ 4,50m (m³) | G61: =(G57)*0.05 -> 0 | H61: =(H57)*0.05 -> 0 | I61: =(I57)*0.05 -> 0 | J61: =(J57)*0.05 -> 0 | K61: =(K57)*0.05 -> 0 | L61: =(L57)*0.05 -> 0 | M61: =(M57)*0.05 -> 0 | N61: =(N57)*0.05 -> 0 | ... AH61: =(AH57)*0.05 -> 0 | AI61: =TRUNC(SUM(G61:AH61),2) -> 0
B62: ESCAVAÇÃO MANUAL ATÉ 6,00m (m³) | G62: =(G58)*0.05 -> 0 | H62: =(H58)*0.05 -> 0 | I62: =(I58)*0.05 -> 0 | J62: =(J58)*0.05 -> 0 | K62: =(K58)*0.05 -> 0 | L62: =(L58)*0.05 -> 0 | M62: =(M58)*0.05 -> 0 | N62: =(N58)*0.05 -> 0 | ... AH62: =(AH58)*0.05 -> 0 | AI62: =TRUNC(SUM(G62:AH62),2) -> 0
B63: TRANSPORTE (BOTA FORA) | F63: VOLUME (m³) | G63: =G53 -> 520.97982 | H63: =H53 -> 564.0933 | I63: =I53 -> 428.41112 | J63: =J53 -> 383.52544 | K63: =K53 -> 627.7854 | L63: =L53 -> 338.17905 | M63: =M53 -> 274.55901 | N63: =N53 -> 309.70415 | ... AH63: =AH53 -> 385.52115 | AI63: =TRUNC(SUM(G63:AH63),2) -> 6121.96
F64: EMPOLAMENTO (%) | G64: 0.3 | H64: 0.3 | I64: 0.3 | J64: 0.3 | K64: 0.3 | L64: 0.3 | M64: 0.3 | N64: 0.3 | O64: 0.3 | P64: 0.3 | Q64: 0.3 | R64: 0.3 | S64: 0.3 | T64: 0.3 | U64: 0.3 | V64: 0.3 | W64: 0.3 | X64: 0.3 | Y64: 0.3 | Z64: 0.3 | AA64: 0.3 | AB64: 0.3 | AC64: 0.3 | AD64: 0.3 | AE64: 0.3 | AF64: 0.3 | AG64: 0.3 | AH64: 0.3
F65: DMT (km) | G65: =$B$11 -> 5.8 | H65: =$B$11 -> 5.8 | I65: =$B$11 -> 5.8 | J65: =$B$11 -> 5.8 | K65: =$B$11 -> 5.8 | L65: =$B$11 -> 5.8 | M65: =$B$11 -> 5.8 | N65: =$B$11 -> 5.8 | ... AH65: =$B$11 -> 5.8
F66: TOTAL (m³ x km) | G66: =ROUND(G63*(1+G64)*G65,2) -> 3928.19 | H66: =ROUND(H63*(1+H64)*H65,2) -> 4253.26 | I66: =ROUND(I63*(1+I64)*I65,2) -> 3230.22 | J66: =ROUND(J63*(1+J64)*J65,2) -> 2891.78 | K66: =ROUND(K63*(1+K64)*K65,2) -> 4733.5 | L66: =ROUND(L63*(1+L64)*L65,2) -> 2549.87 | M66: =ROUND(M63*(1+M64)*M65,2) -> 2070.17 | N66: =ROUND(N63*(1+N64)*N65,2) -> 2335.17 | ... AH66: =ROUND(AH63*(1+AH64)*AH65,2) -> 2906.83 | AI66: =TRUNC(SUM(G66:AH66),2) -> 46159.61
B68: ESCORAMENTO PARA VALA H DE 0 ATÉ 1,5 m, LARGURA <1,5 m (m³) | G68: =IF(G32<=(1.5),G32*G21*2,0) -> 0 | H68: =IF(H32<=(1.5),H32*H21*2,0) -> 0 | I68: =IF(I32<=(1.5),I32*I21*2,0) -> 0 | J68: =IF(J32<=(1.5),J32*J21*2,0) -> 0 | K68: =IF(K32<=(1.5),K32*K21*2,0) -> 0 | L68: =IF(L32<=(1.5),L32*L21*2,0) -> 0 | M68: =IF(M32<=(1.5),M32*M21*2,0) -> 0 | N68: =IF(N32<=(1.5),N32*N21*2,0) -> 0 | ... AH68: =IF(AH32<=(1.5),AH32*AH21*2,0) -> 772.97473 | AI68: =TRUNC(SUM(G68:AH68),2) -> 772.97
B69: ESCORAMENTO PARA VALA H DE 1,5 A 3,0 m, LARGURA <1,5 m (m³) | G69: =IF(AND(G32>(1.5),G32<=(3),2*G25<=(1.5)),G32*2*G21,0) -> 0 | H69: =IF(AND(H32>(1.5),H32<=(3),2*H25<=(1.5)),H32*2*H21,0) -> 0 | I69: =IF(AND(I32>(1.5),I32<=(3),2*I25<=(1.5)),I32*2*I21,0) -> 0 | J69: =IF(AND(J32>(1.5),J32<=(3),2*J25<=(1.5)),J32*2*J21,0) -> 0 | K69: =IF(AND(K32>(1.5),K32<=(3),2*K25<=(1.5)),K32*2*K21,0) -> 0 | L69: =IF(AND(L32>(1.5),L32<=(3),2*L25<=(1.5)),L32*2*L21,0) -> 0 | M69: =IF(AND(M32>(1.5),M32<=(3),2*M25<=(1.5)),M32*2*M21,0) -> 0 | N69: =IF(AND(N32>(1.5),N32<=(3),2*N25<=(1.5)),N32*2*N21,0) -> 0 | ... AH69: =IF(AND(AH32>(1.5),AH32<=(3),2*AH25<=(1.5)),AH32*2*AH21,0) -> 0 | AI69: =TRUNC(SUM(G69:AH69),2) -> 2411.64
B70: ESCORAMENTO PARA VALA H DE 0 ATÉ 1,5 m, LARGURA maior ou igual a 1,5m e Menor que 2,5m (m³) | G70: =IF(AND(G32<(1.5),2*G25>=(1.5),2*G25<(3)),G32*2*G21,0) -> 0 | H70: =IF(AND(H32<(1.5),2*H25>=(1.5),2*H25<(3)),H32*2*H21,0) -> 0 | I70: =IF(AND(I32<(1.5),2*I25>=(1.5),2*I25<(3)),I32*2*I21,0) -> 0 | J70: =IF(AND(J32<(1.5),2*J25>=(1.5),2*J25<(3)),J32*2*J21,0) -> 0 | K70: =IF(AND(K32<(1.5),2*K25>=(1.5),2*K25<(3)),K32*2*K21,0) -> 0 | L70: =IF(AND(L32<(1.5),2*L25>=(1.5),2*L25<(3)),L32*2*L21,0) -> 0 | M70: =IF(AND(M32<(1.5),2*M25>=(1.5),2*M25<(3)),M32*2*M21,0) -> 0 | N70: =IF(AND(N32<(1.5),2*N25>=(1.5),2*N25<(3)),N32*2*N21,0) -> 0 | ... AH70: =IF(AND(AH32<(1.5),2*AH25>=(1.5),2*AH25<(3)),AH32*2*AH21,0) -> 0 | AI70: =TRUNC(SUM(G70:AH70),2) -> 0
B71: ESCORAMENTO PARA VALA H DE 1,5 A 3,0 m, LARGURA maior ou igual a 1,5m e Menor que 2,5m (m³) | G71: =IF(AND(G32>(1.5),G32<=(3),2*G25>=(1.5),2*G25<=(3)),(G32*2*G21),0) -> 534.95553 | H71: =IF(AND(H32>(1.5),H32<=(3),2*H25>=(1.5),2*H25<=(3)),(H32*2*H21),0) -> 570.00712 | I71: =IF(AND(I32>(1.5),I32<=(3),2*I25>=(1.5),2*I25<=(3)),(I32*2*I21),0) -> 432.90248 | J71: =IF(AND(J32>(1.5),J32<=(3),2*J25>=(1.5),2*J25<=(3)),(J32*2*J21),0) -> 391.70222 | K71: =IF(AND(K32>(1.5),K32<=(3),2*K25>=(1.5),2*K25<=(3)),(K32*2*K21),0) -> 629.35879 | L71: =IF(AND(L32>(1.5),L32<=(3),2*L25>=(1.5),2*L25<=(3)),(L32*2*L21),0) -> 347.25098 | M71: =IF(AND(M32>(1.5),M32<=(3),2*M25>=(1.5),2*M25<=(3)),(M32*2*M21),0) -> 292.16176 | N71: =IF(AND(N32>(1.5),N32<=(3),2*N25>=(1.5),2*N25<=(3)),(N32*2*N21),0) -> 331.41162 | ... AH71: =IF(AND(AH32>(1.5),AH32<=(3),2*AH25>=(1.5),2*AH25<=(3)),(AH32*2*AH21),0) -> 0 | AI71: =TRUNC(SUM(G71:AH71),2) -> 4057.34
B72: ESCORAMENTO PARA VALA H DE 3,0 A 4,5 m, LARGURA Menor que 1,5m (m³) | G72: =IF(AND(G32>(3),G32<=(4.5),2*G25<=(1.5)),G32*2*G21,0) -> 0 | H72: =IF(AND(H32>(3),H32<=(4.5),2*H25<=(1.5)),H32*2*H21,0) -> 0 | I72: =IF(AND(I32>(3),I32<=(4.5),2*I25<=(1.5)),I32*2*I21,0) -> 0 | J72: =IF(AND(J32>(3),J32<=(4.5),2*J25<=(1.5)),J32*2*J21,0) -> 0 | K72: =IF(AND(K32>(3),K32<=(4.5),2*K25<=(1.5)),K32*2*K21,0) -> 0 | L72: =IF(AND(L32>(3),L32<=(4.5),2*L25<=(1.5)),L32*2*L21,0) -> 0 | M72: =IF(AND(M32>(3),M32<=(4.5),2*M25<=(1.5)),M32*2*M21,0) -> 0 | N72: =IF(AND(N32>(3),N32<=(4.5),2*N25<=(1.5)),N32*2*N21,0) -> 0 | ... AH72: =IF(AND(AH32>(3),AH32<=(4.5),2*AH25<=(1.5)),AH32*2*AH21,0) -> 0 | AI72: =TRUNC(SUM(G72:AH72),2) -> 0
B73: ESCORAMENTO PARA VALA H DE 3,0 A 4,5 m, LARGURA maior ou igual a 1,5m e Menor que 2,5m (m³) | G73: =IF(AND(G32>(3),G32<=(6.5),2*G25>=(1.5),2*G25<(4)),(G32*2*G21),0) -> 0 | H73: =IF(AND(H32>(3),H32<=(6.5),2*H25>=(1.5),2*H25<(4)),(H32*2*H21),0) -> 0 | I73: =IF(AND(I32>(3),I32<=(6.5),2*I25>=(1.5),2*I25<(4)),(I32*2*I21),0) -> 0 | J73: =IF(AND(J32>(3),J32<=(6.5),2*J25>=(1.5),2*J25<(4)),(J32*2*J21),0) -> 0 | K73: =IF(AND(K32>(3),K32<=(6.5),2*K25>=(1.5),2*K25<(4)),(K32*2*K21),0) -> 0 | L73: =IF(AND(L32>(3),L32<=(6.5),2*L25>=(1.5),2*L25<(4)),(L32*2*L21),0) -> 0 | M73: =IF(AND(M32>(3),M32<=(6.5),2*M25>=(1.5),2*M25<(4)),(M32*2*M21),0) -> 0 | N73: =IF(AND(N32>(3),N32<=(6.5),2*N25>=(1.5),2*N25<(4)),(N32*2*N21),0) -> 0 | ... AH73: =IF(AND(AH32>(3),AH32<=(6.5),2*AH25>=(1.5),2*AH25<(4)),(AH32*2*AH21),0) -> 0 | AI73: =TRUNC(SUM(G73:AH73),2) -> 0
B75: PREPARO DE FUNDO DE VALA COM LARGURA MENOR QUE 1,5 M | G75: =IF(2*G25<(1.5),2*G25*G24*G21,0) -> 0 | H75: =IF(2*H25<(1.5),2*H25*H24*H21,0) -> 0 | I75: =IF(2*I25<(1.5),2*I25*I24*I21,0) -> 0 | J75: =IF(2*J25<(1.5),2*J25*J24*J21,0) -> 0 | K75: =IF(2*K25<(1.5),2*K25*K24*K21,0) -> 0 | L75: =IF(2*L25<(1.5),2*L25*L24*L21,0) -> 0 | M75: =IF(2*M25<(1.5),2*M25*M24*M21,0) -> 0 | N75: =IF(2*N25<(1.5),2*N25*N24*N21,0) -> 0 | ... AH75: =IF(2*AH25<(1.5),2*AH25*AH24*AH21,0) -> 206.1266 | AI75: =TRUNC(SUM(G75:AH75),2) -> 886.01
B76: PREPARO DE FUNDO DE VALA COM LARGURA MAIOR OU IGUAL A 1,5 M, ATE 2,5M | G76: =IF(2*G25>=(1.5),2*G25*G24*G21,0) -> 166.52312 | H76: =IF(2*H25>=(1.5),2*H25*H24*H21,0) -> 160.002 | I76: =IF(2*I25>=(1.5),2*I25*I24*I21,0) -> 121.0916 | J76: =IF(2*J25>=(1.5),2*J25*J24*J21,0) -> 118.69764 | K76: =IF(2*K25>=(1.5),2*K25*K24*K21,0) -> 168.95538 | L76: =IF(2*L25>=(1.5),2*L25*L24*L21,0) -> 108.51593 | M76: =IF(2*M25>=(1.5),2*M25*M24*M21,0) -> 123.66635 | N76: =IF(2*N25>=(1.5),2*N25*N24*N21,0) -> 148.11692 | ... AH76: =IF(2*AH25>=(1.5),2*AH25*AH24*AH21,0) -> 0 | AI76: =TRUNC(SUM(G76:AH76),2) -> 1340.54
B78: REATERRO TOTAL (m³) | G78: =(G54+G55+G56+G57+G58+G59+G60+G61)-(G37*G21) -> 446.04441 | H78: =(H54+H55+H56+H57+H58+H59+H60+H61)-(H37*H21) -> 492.0924 | I78: =(I54+I55+I56+I57+I58+I59+I60+I61)-(I37*I21) -> 373.9199 | J78: =(J54+J55+J56+J57+J58+J59+J60+J61)-(J37*J21) -> 330.1115 | K78: =(K54+K55+K56+K57+K58+K59+K60+K61)-(K37*K21) -> 551.75548 | L78: =(L54+L55+L56+L57+L58+L59+L60+L61)-(L37*L21) -> 289.34688 | M78: =(M54+M55+M56+M57+M58+M59+M60+M61)-(M37*M21) -> 218.90915 | N78: =(N54+N55+N56+N57+N58+N59+N60+N61)-(N37*N21) -> 243.05154 | ... AH78: =(AH54+AH55+AH56+AH57+AH58+AH59+AH60+AH61)-(AH37*AH21) -> 339.14266 | AI78: =TRUNC(SUM(G78:AH78),2) -> 5240.04
B79: REATERRO MECÂNICA ATÉ 1,50m (m³) largura até 0,80 | G79: =IF(AND(G32<=(1.5),G35<=(0.8),ROUND((G54+G59)-(G37*G21),2))=FALSE,0,IF(AND(G32<=(1.5),G35<=(0.8)),ROUND((G54+G59)-(G37*G21),2),0)) -> 0 | H79: =IF(AND(H32<=(1.5),H35<=(0.8),ROUND((H54+H59)-(H37*H21),2))=FALSE,0,IF(AND(H32<=(1.5),H35<=(0.8)),ROUND((H54+H59)-(H37*H21),2),0)) -> 0 | I79: =IF(AND(I32<=(1.5),I35<=(0.8),ROUND((I54+I59)-(I37*I21),2))=FALSE,0,IF(AND(I32<=(1.5),I35<=(0.8)),ROUND((I54+I59)-(I37*I21),2),0)) -> 0 | J79: =IF(AND(J32<=(1.5),J35<=(0.8),ROUND((J54+J59)-(J37*J21),2))=FALSE,0,IF(AND(J32<=(1.5),J35<=(0.8)),ROUND((J54+J59)-(J37*J21),2),0)) -> 0 | K79: =IF(AND(K32<=(1.5),K35<=(0.8),ROUND((K54+K59)-(K37*K21),2))=FALSE,0,IF(AND(K32<=(1.5),K35<=(0.8)),ROUND((K54+K59)-(K37*K21),2),0)) -> 0 | L79: =IF(AND(L32<=(1.5),L35<=(0.8),ROUND((L54+L59)-(L37*L21),2))=FALSE,0,IF(AND(L32<=(1.5),L35<=(0.8)),ROUND((L54+L59)-(L37*L21),2),0)) -> 0 | M79: =IF(AND(M32<=(1.5),M35<=(0.8),ROUND((M54+M59)-(M37*M21),2))=FALSE,0,IF(AND(M32<=(1.5),M35<=(0.8)),ROUND((M54+M59)-(M37*M21),2),0)) -> 0 | N79: =IF(AND(N32<=(1.5),N35<=(0.8),ROUND((N54+N59)-(N37*N21),2))=FALSE,0,IF(AND(N32<=(1.5),N35<=(0.8)),ROUND((N54+N59)-(N37*N21),2),0)) -> 0 | ... AH79: =IF(AND(AH32<=(1.5),AH35<=(0.8),ROUND((AH54+AH59)-(AH37*AH21),2))=FALSE,0,IF(AND(AH32<=(1.5),AH35<=(0.8)),ROUND((AH54+AH59)-(AH37*AH21),2),0)) -> 339.14 | AI79: =TRUNC(SUM(G79:AH79),2) -> 339.14
B80: REATERRO MECÂNICA ATÉ 3,00m (m³) largura > 0,8 até 1,5 m | G80: =IF(AND(G32<=(3),G32>(1.5),G35>=(0.8),G35<(1.5),ROUND((G55+G60)-(G37*G21),2))=FALSE,0,IF(AND(G32<=(3),G32>(1.5),G35>=(0.8),G35<(1.5)),ROUND((G55+G60)-(G37*G21),2),0)) -> 0 | H80: =IF(AND(H32<=(3),H32>(1.5),H35>=(0.8),H35<(1.5),ROUND((H55+H60)-(H37*H21),2))=FALSE,0,IF(AND(H32<=(3),H32>(1.5),H35>=(0.8),H35<(1.5)),ROUND((H55+H60)-(H37*H21),2),0)) -> 0 | I80: =IF(AND(I32<=(3),I32>(1.5),I35>=(0.8),I35<(1.5),ROUND((I55+I60)-(I37*I21),2))=FALSE,0,IF(AND(I32<=(3),I32>(1.5),I35>=(0.8),I35<(1.5)),ROUND((I55+I60)-(I37*I21),2),0)) -> 0 | J80: =IF(AND(J32<=(3),J32>(1.5),J35>=(0.8),J35<(1.5),ROUND((J55+J60)-(J37*J21),2))=FALSE,0,IF(AND(J32<=(3),J32>(1.5),J35>=(0.8),J35<(1.5)),ROUND((J55+J60)-(J37*J21),2),0)) -> 0 | K80: =IF(AND(K32<=(3),K32>(1.5),K35>=(0.8),K35<(1.5),ROUND((K55+K60)-(K37*K21),2))=FALSE,0,IF(AND(K32<=(3),K32>(1.5),K35>=(0.8),K35<(1.5)),ROUND((K55+K60)-(K37*K21),2),0)) -> 0 | L80: =IF(AND(L32<=(3),L32>(1.5),L35>=(0.8),L35<(1.5),ROUND((L55+L60)-(L37*L21),2))=FALSE,0,IF(AND(L32<=(3),L32>(1.5),L35>=(0.8),L35<(1.5)),ROUND((L55+L60)-(L37*L21),2),0)) -> 0 | M80: =IF(AND(M32<=(3),M32>(1.5),M35>=(0.8),M35<(1.5),ROUND((M55+M60)-(M37*M21),2))=FALSE,0,IF(AND(M32<=(3),M32>(1.5),M35>=(0.8),M35<(1.5)),ROUND((M55+M60)-(M37*M21),2),0)) -> 0 | N80: =IF(AND(N32<=(3),N32>(1.5),N35>=(0.8),N35<(1.5),ROUND((N55+N60)-(N37*N21),2))=FALSE,0,IF(AND(N32<=(3),N32>(1.5),N35>=(0.8),N35<(1.5)),ROUND((N55+N60)-(N37*N21),2),0)) -> 0 | ... AG80: =IF(AND(AG32<=(3),AG32>(1.5),AG35>=(0.8),AG35<(1.5),ROUND((AG55+AG60)-(AG37*AG21),2))=FALSE,0,IF(AND(AG32<=(3),AG32>(1.5),AG35>=(0.8),AG35<(1.5)),ROUND((AG55+AG60)-(AG37*AG21),2),0)) -> 0 | AH80: =IF(AND(AH32<=(3),AH32>(1.5),AH35>=(0.8),AH35<(1.5),ROUND((AH55+AH60)-(AH37*AH21),2))=FALSE,0,IF(AND(AH32<=(3),AH32>=(1.5),AH35>=(0.8),AH35<(1.5)),ROUND((AH55+AH60)-(AH37*AH21),2),0)) -> 0 | AI80: =TRUNC(SUM(G80:AH80),2) -> 1560.55
B81: REATERRO MECÂNICA ATÉ 3,00m (m³) largura > 1,5 até 2,5 m | G81: =IF(AND(G32<=(3),G32>(1.5),G35>=(1.5),G35<(3.5),ROUND((G56+G61)-(G37*G21),2))=FALSE,0,IF(AND(G32<=(3),G32>(1.5),G35>=(1.5),G35<(3.5)),ROUND((G56+G61)-(G37*G21),2),0)) -> 421.24 | H81: =IF(AND(H32<=(3),H32>(1.5),H35>=(1.5),H35<(3.5),ROUND((H56+H61)-(H37*H21),2))=FALSE,0,IF(AND(H32<=(3),H32>(1.5),H35>=(1.5),H35<(3.5)),ROUND((H56+H61)-(H37*H21),2),0)) -> 465.23 | I81: =IF(AND(I32<=(3),I32>(1.5),I35>=(1.5),I35<(3.5),ROUND((I56+I61)-(I37*I21),2))=FALSE,0,IF(AND(I32<=(3),I32>(1.5),I35>=(1.5),I35<(3.5)),ROUND((I56+I61)-(I37*I21),2),0)) -> 353.52 | J81: =IF(AND(J32<=(3),J32>(1.5),J35>=(1.5),J35<(3.5),ROUND((J56+J61)-(J37*J21),2))=FALSE,0,IF(AND(J32<=(3),J32>(1.5),J35>=(1.5),J35<(3.5)),ROUND((J56+J61)-(J37*J21),2),0)) -> 311.85 | K81: =IF(AND(K32<=(3),K32>(1.5),K35>=(1.5),K35<(3.5),ROUND((K56+K61)-(K37*K21),2))=FALSE,0,IF(AND(K32<=(3),K32>(1.5),K35>=(1.5),K35<(3.5)),ROUND((K56+K61)-(K37*K21),2),0)) -> 521.86 | L81: =IF(AND(L32<=(3),L32>(1.5),L35>=(1.5),L35<(3.5),ROUND((L56+L61)-(L37*L21),2))=FALSE,0,IF(AND(L32<=(3),L32>(1.5),L35>=(1.5),L35<(3.5)),ROUND((L56+L61)-(L37*L21),2),0)) -> 273.24 | M81: =IF(AND(M32<=(3),M32>(1.5),M35>=(1.5),M35<(3.5),ROUND((M56+M61)-(M37*M21),2))=FALSE,0,IF(AND(M32<=(3),M32>(1.5),M35>=(1.5),M35<(3.5)),ROUND((M56+M61)-(M37*M21),2),0)) -> 205.83 | N81: =IF(AND(N32<=(3),N32>(1.5),N35>=(1.5),N35<(3.5),ROUND((N56+N61)-(N37*N21),2))=FALSE,0,IF(AND(N32<=(3),N32>(1.5),N35>=(1.5),N35<(3.5)),ROUND((N56+N61)-(N37*N21),2),0)) -> 228.3 | ... AG81: =IF(AND(AG32<=(3),AG32>(1.5),AG35>=(1.5),AG35<(3.5),ROUND((AG56+AG61)-(AG37*AG21),2))=FALSE,0,IF(AND(AG32<=(3),AG32>(1.5),AG35>=(1.5),AG35<(3.5)),ROUND((AG56+AG61)-(AG37*AG21),2),0)) -> 76.9 | AH81: =IF(AND(AH32<=(3),AH32>=(1.5),AH35>=(1.5),AH35<(3.5),ROUND((AH56+AH61)-(AH37*AH21),2))=FALSE,0,IF(AND(AH32<=(3),AH32>(1.5),AH35>=(1.5),AH35<(3.5)),ROUND((AH56+AH61)-(AH37*AH21),2),0)) -> 0 | AI81: =TRUNC(SUM(G81:AH81),2) -> 3152.55
B82: REATERRO MECÂNICA ATÉ 4,50m (m³) | G82: =IF(AND(G32<=(4.5),G32>(3),ROUND((G57+G61)-(G37*G21),2))=FALSE,0,IF(AND(G32<=(4.5),G32>(3)),ROUND((G57+G61)-(G37*G21),2),0)) -> 0 | H82: =IF(AND(H32<=(4.5),H32>(3),ROUND((H57+H61)-(H37*H21),2))=FALSE,0,IF(AND(H32<=(4.5),H32>(3)),ROUND((H57+H61)-(H37*H21),2),0)) -> 0 | I82: =IF(AND(I32<=(4.5),I32>(3),ROUND((I57+I61)-(I37*I21),2))=FALSE,0,IF(AND(I32<=(4.5),I32>(3)),ROUND((I57+I61)-(I37*I21),2),0)) -> 0 | J82: =IF(AND(J32<=(4.5),J32>(3),ROUND((J57+J61)-(J37*J21),2))=FALSE,0,IF(AND(J32<=(4.5),J32>(3)),ROUND((J57+J61)-(J37*J21),2),0)) -> 0 | K82: =IF(AND(K32<=(4.5),K32>(3),ROUND((K57+K61)-(K37*K21),2))=FALSE,0,IF(AND(K32<=(4.5),K32>(3)),ROUND((K57+K61)-(K37*K21),2),0)) -> 0 | L82: =IF(AND(L32<=(4.5),L32>(3),ROUND((L57+L61)-(L37*L21),2))=FALSE,0,IF(AND(L32<=(4.5),L32>(3)),ROUND((L57+L61)-(L37*L21),2),0)) -> 0 | M82: =IF(AND(M32<=(4.5),M32>(3),ROUND((M57+M61)-(M37*M21),2))=FALSE,0,IF(AND(M32<=(4.5),M32>(3)),ROUND((M57+M61)-(M37*M21),2),0)) -> 0 | N82: =IF(AND(N32<=(4.5),N32>(3),ROUND((N57+N61)-(N37*N21),2))=FALSE,0,IF(AND(N32<=(4.5),N32>(3)),ROUND((N57+N61)-(N37*N21),2),0)) -> 0 | ... AH82: =IF(AND(AH32<=(4.5),AH32>(3),ROUND((AH57+AH61)-(AH37*AH21),2))=FALSE,0,IF(AND(AH32<=(4.5),AH32>(3)),ROUND((AH57+AH61)-(AH37*AH21),2),0)) -> 0 | AI82: =TRUNC(SUM(G82:AH82),2) -> 0
